Workbook

Sheet VARIABLES
B2: IPC ANUAL | E2: AUMENTO SMMLV
B3: AÑO | C3: IPC | E3: AÑO | F3: Incremento
B4: 2024 | C4: 0.052 | E4: 2025 | F4: 0.0953
B5: 2023 | C5: 0.0928 | E5: 2024 | F5: 0.12
B6: 2022 | C6: 0.131 | E6: 2023 | F6: 0.16
E7: 2022 | F7: 0.107

Sheet Hoja2
B3: RUBRO O FASE | D3: COSTO | E3: % TOTAL
B4: TOTAL EQUIPO TÉCNICO ASESOR | D4: 239500000 | E4: =D4/$D$11 -> 0.32121891
B5: TOTAL COSTOS ADMINISTRATIVOS | D5: 7027440.3 | E5: =D5/$D$11 -> 0.0094252474
B6: TOTAL ETAPA DE ALISTAMIENTO | D6: 4410000 | E6: =D6/$D$11 -> 0.0059147199
B7: TOTAL DESPLIEGUES TERRITORIALES | D7: 421380000 | E7: =D7/$D$11 -> 0.56515752
B8: TOTAL FASE DE ARMONIZACIÓN | D8: 28000000 | E8: =D8/$D$11 -> 0.037553777
B9: TOTAL FASE DE CONCERTACIÓN | D9: 24000000 | E9: =D9/$D$11 -> 0.032188952
B10: TOTAL FASE DE PROTOCOLIZACIÓN | D10: 21280000 | E10: =D10/$D$11 -> 0.028540871
B11: TOTAL PRESUPUESTO DETALLADO | D11: 7.4559744e+08

Sheet Presupuesto General 
B2: CONVENIO INTERADMINISTRATIVO MINISTERIO DE JUSTICIA Y DEL DERECHO Y PROYECTO CULTURAL AFRODESCENDIENTE "PCA" OBJETO: Implementar el proceso de Consulta Previa con la Asociación Proyecto Cultural Afrodescendiente PCA, en el marco de la ruta metodológica de Consulta Previa e informada de la Política Nacional de Drogas: Sembrando vida desterramos el narcotráfico 2023-20233. Anexo No. 2 - PRESUPUESTO GENERAL
B7: FASE | C7: MINISTERIO DE JUSTICIA Y DEL DERECHO EFECTIVO | D7: ORGANIZACIÓN | E7: TOTAL
B8: FASE PRECONSULTA | C8: 5.5216221e+08 | D8: 5063829.8 | E8: 5.5722604e+08
B9: FASE CONSULTA PREVIA | C9: 6.3644183e+09 | D9: 27489362 | E9: 6.3919077e+09
B10: FASE DE PROTOCOLIZACIÓN | C10: 2.0834195e+09 | D10: 1446808.5 | E10: 2.0848663e+09
B11: TOTAL APORTES | C11: 9e+09 | D11: 34000000 | E11: 9034000000
B15: RUBRO O FASE | C15: APORTES MIINSTERIO DE JUSTICIA Y DEL DERECHO | D15: APORTES PCA | E15: TOTAL
B16: TOTAL EQUIPO ASESOR | C16: ='PPTO Detallado PCA AJUSTADO'!J34 -> 417200000 | D16: ='PPTO Detallado PCA AJUSTADO'!I34 -> 0 | E16: =C16+D16 -> 417200000 | G16: =C16/C30 -> 8876595.7 | H16: =D16/C30 -> 0
B17: TOTAL COSTOS ADMINISTRATIVOS | C17: ='PPTO Detallado PCA AJUSTADO'!J52 -> 112666000 | D17: ='PPTO Detallado PCA AJUSTADO'!I52 -> 34000000 | E17: =C17+D17 -> 146666000 | G17: =C17/C30 -> 2397148.9 | H17: =D17/C30 -> 723404.26
B18: TOTAL FASE DE PRECONSULTA | C18: ='PPTO Detallado PCA AJUSTADO'!J88 -> 473246000 | D18: ='PPTO Detallado PCA AJUSTADO'!I88 -> 0 | E18: =C18+D18 -> 473246000
B19: TOTAL FASE DE CONSULTA PREVIA | C19: ='PPTO Detallado PCA AJUSTADO'!J707 -> 5936016000 | D19: ='PPTO Detallado PCA AJUSTADO'!I707 -> 0 | E19: =C19+D19 -> 5936016000
B20: TOTAL FASE DE PROTOCOLIZACIÓN | C20: ='PPTO Detallado PCA AJUSTADO'!J741 -> 2060872000 | D20: ='PPTO Detallado PCA AJUSTADO'!I741 -> 0 | E20: =C20+D20 -> 2060872000
B21: TOTAL PRESUPUESTO DETALLADO | C21: =SUM(C16:D20) -> 9034000000
B23: CONVENIO
B24: MINISTERIO DE JUSTICIA Y DEL DERECHO Y PCA
B25: ETAPA/FASE | C25: # DE ACTIVIDADES | D25: MINISTERIO DE JUSTICIA Y DEL DERECHO | E25: PCA | F25: TOTAL
B27: TOTAL FASE DE PRECONSULTA | C27: 7 | D27: =C18+G16*C27+G17*C27 -> 5.5216221e+08 | E27: =D18+H16*C27+H17*C27 -> 5063829.8 | F27: =E27+D27 -> 5.5722604e+08
B28: TOTAL FASE DE CONSULTA PREVIA | C28: 38 | D28: =C19+G16*C28+G17*C28 -> 6.3644183e+09 | E28: =D19+H16*C28+H17*C28 -> 27489362 | F28: =E28+D28 -> 6.3919077e+09
B29: TOTAL FASE DE PROTOCOLIZACIÓN | C29: 2 | D29: =C20+G16*C29+G17*C29 -> 2.0834195e+09 | E29: =D20+H16*C29+H17*C29 -> 1446808.5 | F29: =E29+D29 -> 2.0848663e+09
B30: TOTAL APORTES | C30: =C27+C28+C29 -> 47 | D30: =D27+D28+D29 -> 9000000000 | E30: =E27+E28+E29 -> 34000000 | F30: =F27+F28+F29 -> 9034000000

Sheet PPTO Detallado PCA AJUSTADO
B3: CONVENIO INTERADMINISTRATIVO MINISTERIO DE JUSTICIA Y DEL DERECHO Y ASOCIACIÓN PROYECTO CULTURAL AFRODESCENDIENTE "PCA" OBJETO: Implementar el proceso de Consulta Previa con la Asociación Proyecto Cultural Afrodescendiente PCA, en el marco de la ruta metodológica de consulta previa libre e informada de la Política Nacional de Drogas: Sembrando vida desterramos el narcotráfico 2023-2033. Anexo No. 2.2 - PRESUPUESTO DETALLADO
N6: PROYECCION PPTO CON PRECIOS DE REFERENCIA
B8: # | C8: DESCRIPCIÓN | D8: UNIDAD | E8: CANTIDAD | F8: COSTO UNITARIO | G8: # DE MESES , FASE O DIAS DESEMBOLSO POR PRODUCTO | H8: TOTAL | I8: APORTE PCA | J8: APORTE MJD | K8: TOTAL | N8: PRECIO REFERENCIA | O8: TOTAL | P8: VARIACIÓN
B10: EQUIPO ASESOR ENCP Y PCA
B11: Equipo Asesor de Expertos ENCP
B12: 1 | C12: Asesor uno (1) experto en temas étnicos y consulta Previa. | D12: PERSONA | E12: 1 | F12: 6500000 | G12: 4 | H12: =F12*E12*G12 -> 26000000 | I12: 0 | J12: =H12 -> 26000000 | K12: =I12+J12 -> 26000000 | N12: ='1.1 Comparativo_Personal'!$R$7 -> 7166478 | O12: =N12*G12 -> 28665912 | P12: =K12/O12-1 -> -0.092999378 | Q12: =+E12*F12*G12-H12 -> 0
B13: 2 | C13: Asesor dos (2) experto en temas étnicos y consulta Previa. | D13: PERSONA | E13: 1 | F13: 6500000 | G13: 4 | H13: =F13*E13*G13 -> 26000000 | I13: 0 | J13: =H13 -> 26000000 | K13: =I13+J13 -> 26000000 | N13: ='1.1 Comparativo_Personal'!$R$7 -> 7166478 | O13: =N13*G13 -> 28665912 | P13: =K13/O13-1 -> -0.092999378 | Q13: =+E13*F13*G13-H13 -> 0
B14: 3 | C14: Asesor tres (3) experto en temas étnicos y consulta Previa. | D14: PERSONA | E14: 1 | F14: 6500000 | G14: 4 | H14: =F14*E14*G14 -> 26000000 | I14: 0 | J14: =H14 -> 26000000 | K14: =I14+J14 -> 26000000 | N14: ='1.1 Comparativo_Personal'!$R$7 -> 7166478 | O14: =N14*G14 -> 28665912 | P14: =K14/O14-1 -> -0.092999378 | Q14: =+E14*F14*G14-H14 -> 0
B15: 4 | C15: Asesor cuatro (4) experto en temas étnicos y consulta Previa. | D15: PERSONA | E15: 1 | F15: 6500000 | G15: 4 | H15: =F15*E15*G15 -> 26000000 | I15: 0 | J15: =H15 -> 26000000 | K15: =I15+J15 -> 26000000 | N15: ='1.1 Comparativo_Personal'!$R$7 -> 7166478 | O15: =N15*G15 -> 28665912 | P15: =K15/O15-1 -> -0.092999378 | Q15: =+E15*F15*G15-H15 -> 0
B16: 5 | C16: Asesor cinco (5) experto en temas étnicos y consulta Previa. | D16: PERSONA | E16: 1 | F16: 6500000 | G16: 4 | H16: =F16*E16*G16 -> 26000000 | I16: 0 | J16: =H16 -> 26000000 | K16: =I16+J16 -> 26000000 | N16: ='1.1 Comparativo_Personal'!$R$7 -> 7166478 | O16: =N16*G16 -> 28665912 | P16: =K16/O16-1 -> -0.092999378 | Q16: =+E16*F16*G16-H16 -> 0
B17: TOTAL, Equipo de Expertos ENCP | E17: =SUM(E12:E16) -> 5 | F17: =SUM(F12:F16) -> 32500000 | H17: =SUM(H12:H16) -> 130000000 | I17: =SUM(I12:I16) -> 0 | J17: =SUM(J12:J16) -> 130000000 | K17: =SUM(K12:K16) -> 130000000 | O17: =SUM(O12:O16) -> 143329560 | P17: =K17/O17-1 -> -0.092999378
B18: Equipo Asesor Técnico ENCP | Q18: =+E18*F18*G18-H18 -> 0
B19: 1 | C19: Asesor uno (1) Técnico en temas étnicos y consulta Previa. | D19: PERSONA | E19: 1 | F19: 3500000 | G19: 4 | H19: =F19*E19*G19 -> 14000000 | I19: 0 | J19: =H19 -> 14000000 | K19: =I19+J19 -> 14000000 | N19: ='1.1 Comparativo_Personal'!$R$10 -> 3829772 | O19: =N19*G19*E19 -> 15319088 | P19: =K19/O19-1 -> -0.086107476 | Q19: =+E19*F19*G19-H19 -> 0
A20: l | B20: 2 | C20: Asesor dos (2) Técnico en temas étnicos y consulta Previa. | D20: PERSONA | E20: 1 | F20: 3500000 | G20: 4 | H20: =F20*E20*G20 -> 14000000 | I20: 0 | J20: =H20 -> 14000000 | K20: =I20+J20 -> 14000000 | N20: ='1.1 Comparativo_Personal'!$R$10 -> 3829772 | O20: =N20*G20*E20 -> 15319088 | P20: =K20/O20-1 -> -0.086107476 | Q20: =+E20*F20*G20-H20 -> 0
B21: 3 | C21: Asesor tres (3) Técnico en temas étnicos y consulta Previa. | D21: PERSONA | E21: 1 | F21: 3500000 | G21: 4 | H21: =F21*E21*G21 -> 14000000 | I21: 0 | J21: =H21 -> 14000000 | K21: =I21+J21 -> 14000000 | N21: ='1.1 Comparativo_Personal'!$R$10 -> 3829772 | O21: =N21*G21*E21 -> 15319088 | P21: =K21/O21-1 -> -0.086107476 | Q21: =+E21*F21*G21-H21 -> 0
B22: 4 | C22: Asesor cuatro (4) Técnico en temas étnicos y consulta Previa. | D22: PERSONA | E22: 1 | F22: 3500000 | G22: 4 | H22: =F22*E22*G22 -> 14000000 | I22: 0 | J22: =H22 -> 14000000 | K22: =I22+J22 -> 14000000 | N22: ='1.1 Comparativo_Personal'!$R$10 -> 3829772 | O22: =N22*G22*E22 -> 15319088 | P22: =K22/O22-1 -> -0.086107476 | Q22: =+E22*F22*G22-H22 -> 0
B23: 5 | C23: Asesor cinco (5) Técnico en temas étnicos y consulta Previa. | D23: PERSONA | E23: 1 | F23: 3500000 | G23: 4 | H23: =F23*E23*G23 -> 14000000 | I23: 0 | J23: =H23 -> 14000000 | K23: =I23+J23 -> 14000000 | N23: ='1.1 Comparativo_Personal'!$R$10 -> 3829772 | O23: =N23*G23*E23 -> 15319088 | P23: =K23/O23-1 -> -0.086107476 | Q23: =+E23*F23*G23-H23 -> 0
B24: TOTAL, Equipo Técnico ENCP | E24: =SUM(E19:E23) -> 5 | F24: =SUM(F19:F23) -> 17500000 | H24: =SUM(H19:H23) -> 70000000 | I24: =SUM(I19:I23) -> 0 | J24: =SUM(J19:J23) -> 70000000 | K24: =SUM(K19:K23) -> 70000000 | O24: =SUM(O19:O23) -> 76595440 | P24: =K24/O24-1 -> -0.086107476
B25: TOTAL, EQUIPO EXPERTO Y TÉCNICO ASESOR ENCP | E25: =E17+E24 -> 10 | F25: =F17+F24 -> 50000000 | G25: 4 | H25: =H17+H24 -> 200000000 | I25: =I17+I24 -> 0 | J25: =J17+J24 -> 200000000 | K25: =K17+K24 -> 200000000 | O25: =O17+O24 -> 219925000 | P25: =K25/O25-1 -> -0.090599068
B26: EQUIPO TÉCNICO ADMINISTRATIVO PCA | Q26: =+E26*F26*G26-H26 -> 0
B27: 1 | C27: Coordinador General | D27: PERSONA | E27: 1 | F27: 10000000 | G27: 4 | H27: =F27*E27*G27 -> 40000000 | I27: 0 | J27: =H27 -> 40000000 | K27: =I27+J27 -> 40000000 | N27: ='1.1 Comparativo_Personal'!R13 -> 10678343 | O27: =N27*G27*E27 -> 42713372 | P27: =K27/O27-1 -> -0.063525118 | Q27: =+E27*F27*G27-H27 -> 0
B28: 2 | C28: Coordinador Financiero | D28: PERSONA | E28: 1 | F28: 8000000 | G28: 4 | H28: =F28*E28*G28 -> 32000000 | I28: 0 | J28: =H28 -> 32000000 | K28: =I28+J28 -> 32000000 | N28: ='1.1 Comparativo_Personal'!R14 -> 8765666 | O28: =N28*G28*E28 -> 35062664 | P28: =K28/O28-1 -> -0.087348297 | Q28: =+E28*F28*G28-H28 -> 0
B29: 3 | C29: Secretaria | D29: PERSONA | E29: 1 | F29: 3000000 | G29: 4 | H29: =F29*E29*G29 -> 12000000 | I29: 0 | J29: =H29 -> 12000000 | K29: =I29+J29 -> 12000000 | N29: ='1.1 Comparativo_Personal'!R15 -> 3829772 | O29: =N29*G29*E29 -> 15319088 | P29: =K29/O29-1 -> -0.21666355 | Q29: =+E29*F29*G29-H29 -> 0
B30: 4 | C30: Apoyo financiero | D30: PERSONA | E30: 2 | F30: 4500000 | G30: 4 | H30: =F30*E30*G30 -> 36000000 | I30: 0 | J30: =H30 -> 36000000 | K30: =I30+J30 -> 36000000 | N30: ='1.1 Comparativo_Personal'!R16 -> 5463502 | O30: =N30*G30*E30 -> 43708016 | P30: =K30/O30-1 -> -0.17635246 | Q30: =+E30*F30*G30-H30 -> 0
B31: 5 | C31: Apoyo Técnico-administrativo | D31: PERSONA | E31: 3 | F31: 4500000 | G31: 4 | H31: =F31*E31*G31 -> 54000000 | I31: 0 | J31: =H31 -> 54000000 | K31: =I31+J31 -> 54000000 | N31: ='1.1 Comparativo_Personal'!R17 -> 4569556 | O31: =N31*G31*E31 -> 54834672 | P31: =K31/O31-1 -> -0.01522161 | Q31: =+E31*F31*G31-H31 -> 0
B32: 6 | C32: Sistematizador | D32: PERSONA | E32: 3 | F32: 3600000 | G32: 4 | H32: =F32*E32*G32 -> 43200000 | I32: 0 | J32: =H32 -> 43200000 | K32: =I32+J32 -> 43200000 | N32: ='1.1 Comparativo_Personal'!R18 -> 3829772 | O32: =N32*G32*E32 -> 45957264 | P32: =K32/O32-1 -> -0.059996261 | Q32: =+E32*F32*G32-H32 -> 0
B33: TOTAL EQUIPO TÉCNICO ADMINISTRATIVO | E33: =SUM(E27:E32) -> 11 | F33: =SUM(F27:F32) -> 33600000 | H33: =SUM(H27:H32) -> 217200000 | I33: =SUM(I27:I32) -> 0 | J33: =SUM(J27:J32) -> 217200000 | K33: =SUM(K27:K32) -> 217200000 | O33: =SUM(O27:O32) -> 237595076 | P33: =K33/O33-1 -> -0.085839641
B34: TOTAL, EQUIPO ASESOR ENCP Y PCA | E34: =E25+E33 -> 21 | F34: =F25+F33 -> 83600000 | H34: =H25+H33 -> 417200000 | I34: =I25+I33 -> 0 | J34: =J25+J33 -> 417200000 | K34: =K25+K33 -> 417200000 | O34: =O25+O33 -> 457520076 | P34: =K34/O34-1 -> -0.088127446
B35: COSTOS ADMINISTRATIVOS | Q35: =+E35*F35*G35-H35 -> 0
B36: GASTOS ADMINISTRATIVOS OPERATIVOS | Q36: =+E36*F36*G36-H36 -> 0
B37: 1 | C37: Arrendamiento de oficina sede nacional PCA. | D37: MES | E37: 1 | F37: 4500000 | G37: 4 | H37: =F37*E37*G37 -> 18000000 | I37: =H37 -> 18000000 | J37: 0 | K37: =I37+J37 -> 18000000 | Q37: =+E37*F37*G37-H37 -> 0
B38: 2 | C38: Persona de limpieza oficina para sede nacional PCA. | D38: MES | E38: 1 | F38: 1600000 | G38: 4 | H38: =F38*E38*G38 -> 6400000 | I38: =H38 -> 6400000 | J38: 0 | K38: =I38+J38 -> 6400000 | Q38: =+E38*F38*G38-H38 -> 0
B39: 3 | C39: Servicio de mensajería y vigilancia para sede nacional PCA. | D39: MES | E39: 1 | F39: 1600000 | G39: 4 | H39: =F39*E39*G39 -> 6400000 | I39: =H39 -> 6400000 | J39: 0 | K39: =I39+J39 -> 6400000 | Q39: =+E39*F39*G39-H39 -> 0
B40: 4 | C40: Servicios públicos (agua, luz, e internet) para sede nacional PCA. | D40: MES | E40: 1 | F40: 800000 | G40: 4 | H40: =F40*E40*G40 -> 3200000 | I40: =H40 -> 3200000 | J40: 0 | K40: =I40+J40 -> 3200000 | Q40: =+E40*F40*G40-H40 -> 0
B41: 5 | C41: Papelería Oficina Nacional (Fotocopias, Bolígrafos, grapadoras, ganchos de grapadoras, lápiz, borradores, clip mariposas, resaltador, sacapuntas, sacagrapas, resmas de papel carta y oficio, carpetas alas, AZ y demás relacionados). Sede nacional. | D41: MES | E41: 1 | F41: 2966500 | G41: 4 | H41: =F41*E41*G41 -> 11866000 | I41: 0 | J41: =H41 -> 11866000 | K41: =I41+J41 -> 11866000 | Q41: =+E41*F41*G41-H41 -> 0
B42: 6 | C42: Arrendamiento de oficina en Cali. Nota: La sede operativa del Proceso de Consulta Previa estará ubicada en la ciudad de Cali, ya que es uno de los lugares con mayor participación de comunidades Negras, Afrocolombianas, Raizales y Palenqueras. | D42: MES | E42: 1 | F42: 5000000 | G42: 4 | H42: =F42*E42*G42 -> 20000000 | I42: 0 | J42: =H42 -> 20000000 | K42: =I42+J42 -> 20000000 | Q42: =+E42*F42*G42-H42 -> 0
B43: 7 | C43: Arrendamiento impresora y equipo de computo para punto en Cali. (dos computadores de escritorio y un computador portátil, una impresora para la oficina y una para trabajo de campo). | D43: MES | E43: 1 | F43: 2000000 | G43: 4 | H43: =F43*E43*G43 -> 8000000 | I43: 0 | J43: =H43 -> 8000000 | K43: =I43+J43 -> 8000000 | Q43: =+E43*F43*G43-H43 -> 0
B44: 8 | C44: Personal de aseo para Oficina en Cali. | D44: MES | E44: 1 | F44: 1600000 | G44: 4 | H44: =F44*E44*G44 -> 6400000 | I44: 0 | J44: =H44 -> 6400000 | K44: =I44+J44 -> 6400000 | Q44: =+E44*F44*G44-H44 -> 0
B45: 9 | C45: Servicios públicos (agua, luz, e internet) para oficina en Cali | D45: MES | E45: 1 | F45: 1000000 | G45: 4 | H45: =F45*E45*G45 -> 4000000 | I45: 0 | J45: =H45 -> 4000000 | K45: =I45+J45 -> 4000000 | Q45: =+E45*F45*G45-H45 -> 0
B46: 10 | C46: Servicio de mensajería y Vigilancia para oficina en Cali | D46: MES | E46: 1 | F46: 1600000 | G46: 4 | H46: =F46*E46*G46 -> 6400000 | I46: 0 | J46: =H46 -> 6400000 | K46: =I46+J46 -> 6400000 | Q46: =+E46*F46*G46-H46 -> 0
B47: 11 | C47: Papelería Oficina punto Cali (Fotocopias, Bolígrafos, grapadoras, ganchos de grapadoras, lápiz, borradores, clip mariposas, resaltador, sacapuntas, sacagrapas, resmas de papel carta y oficio, carpetas alas, AZ y demás relacionados).oficina en Cali. | D47: MES | E47: 1 | F47: 3000000 | G47: 4 | H47: =F47*E47*G47 -> 12000000 | I47: 0 | J47: =H47 -> 12000000 | K47: =I47+J47 -> 12000000 | Q47: =+E47*F47*G47-H47 -> 0
B48: TOTAL, GASTOS ADMINISTRATIVOS OPERATIVOS | F48: =SUM(F37:F47) -> 25666500 | H48: =SUM(H37:H47) -> 102666000 | I48: =SUM(I37:I47) -> 34000000 | J48: =SUM(J37:J47) -> 68666000 | K48: =SUM(K37:K47) -> 102666000 | O48: =SUM(O37:O47) -> 0
B49: GASTOS ADMINISTRATIVOS FINANCIEROS | Q49: =+E49*F49*G49-H49 -> 0
B50: 1 | C50: Gravamen a los Movimientos financieros (4 X mil). | D50: MES | E50: 1 | F50: 11000000 | G50: 4 | H50: =F50*E50*G50 -> 44000000 | I50: 0 | J50: =H50 -> 44000000 | K50: =I50+J50 -> 44000000 | Q50: =+E50*F50*G50-H50 -> 0
B51: TOTAL, GASTOS ADMINISTRATIVOS FINANCIEROS | F51: =SUM(F50) -> 11000000 | H51: =SUM(H50) -> 44000000 | I51: =SUM(I50) -> 0 | J51: =SUM(J50) -> 44000000 | K51: =SUM(K50) -> 44000000 | O51: =SUM(O50) -> 0
B52: TOTAL COSTOS ADMINISTRATIVOS | F52: =F48+F51 -> 36666500 | H52: =H48+H51 -> 146666000 | I52: =I48+I51 -> 34000000 | J52: =J48+J51 -> 112666000 | K52: =K48+K51 -> 146666000 | L52: =K52/K742 -> 0.01623489 | N52: ='10.1 Comparativo_Gastos Admon'!O25 -> 0.039657696 | O52: =N52*K742 -> 3.5826762e+08 | P52: =K52/O52-1 -> -0.59062447
B53: FASE DE PRECONSULTA | Q53: =+E53*F53*G53-H53 -> 0
B54: 1. ACTIVIDAD: Presentar un documento con la relación del PERSONAL A CONTRATAR acompañado de las hojas de vida y respectivos soportes por contratista. | Q54: =+E54*F54*G54-H54 -> 0
B55: 1 | C55: Esta actividad no tiene asignación presupuestal | F55: 0 | H55: =F55*E55*G55 -> 0 | I55: 0 | J55: 0 | K55: 0 | Q55: =+E55*F55*G55-H55 -> 0
B56: TOTAL ACTIVIDAD 1 | F56: =SUM(F55) -> 0 | H56: =SUM(H55) -> 0 | I56: =SUM(I55) -> 0 | J56: =SUM(J55) -> 0 | K56: =SUM(K55) -> 0 | Q56: =+E56*F56*G56-H56 -> 0
B57: 2. ACTIVIDAD: Planificar a través de un cronograma operativo de actividades la ejecución de las acciones del convenio. | Q57: =+E57*F57*G57-H57 -> 0
B58: 1 | C58: Esta actividad no tiene asignación presupuestal | F58: 0 | H58: =F58*E58*G58 -> 0 | I58: 0 | J58: 0 | K58: 0 | Q58: =+E58*F58*G58-H58 -> 0
B59: TOTAL ACTIVIDAD 2 | F59: =SUM(F58) -> 0 | H59: =SUM(H58) -> 0 | I59: =SUM(I58) -> 0 | J59: =SUM(J58) -> 0 | K59: =SUM(K58) -> 0 | Q59: =+E59*F59*G59-H59 -> 0
B60: 3. ACTIVIDAD: Socializar al equipo técnico asesor de la Organización Proyecto Cultural Afrodescendiente (PCA), sobre la Política Nacional de Drogas "Sembrando Vida, Desterramos el Narcotráfico 2023 - 2033". | Q60: =+E60*F60*G60-H60 -> 0
B61: 1 | C61: Esta actividad no tiene asignación presupuestal | F61: 0 | H61: =F61*E61*G61 -> 0 | I61: 0 | J61: 0 | K61: 0 | Q61: =+E61*F61*G61-H61 -> 0
B62: TOTAL ACTIVIDAD 3 | F62: =SUM(F61) -> 0 | H62: =SUM(H61) -> 0 | I62: =SUM(I61) -> 0 | J62: =SUM(J61) -> 0 | K62: =SUM(K61) -> 0 | Q62: =+E62*F62*G62-H62 -> 0
B63: 4. ACTIVIDAD: Socializar al equipo asesor de expertos y técnicos de la Comisión Sexta del Espacio Nacional de Consulta Previa -ENCP-; la Política Nacional de Drogas "Sembrando Vida, Desterramos el Narcotráfico 2023 - 2033". | Q63: =+E63*F63*G63-H63 -> 0
B64: 1 | C64: Esta actividad no tiene asignación presupuestal | F64: 0 | H64: =F64*E64*G64 -> 0 | I64: 0 | J64: 0 | K64: 0 | Q64: =+E64*F64*G64-H64 -> 0
B65: TOTAL ACTIVIDAD 4 | F65: =SUM(F64) -> 0 | H65: =SUM(H64) -> 0 | I65: =SUM(I64) -> 0 | J65: =SUM(J64) -> 0 | K65: =SUM(K64) -> 0 | Q65: =+E65*F65*G65-H65 -> 0
B66: 5. ACTIVIDAD: Construir, de manera conjunta entre el Ministerio de Justicia y del Derecho (MJD), la Comisión Sexta del Espacio Nacional de Consulta Previa (ENCP) de Comunidades Afrocolombianas, Raizales y Palenqueras (NARP), el equipo asesor del ENCP y el equipo del Proyecto Cultural Afrodescendiente (PCA), los instrumentos de recolección de información para la Fase de Consulta Previa, con base en la Ruta Metodológica previamente concertada. | Q66: =+E66*F66*G66-H66 -> 0
B67: 1 | C67: Alquiler de Un (1), salón de eventos por ocho (8) horas, que cuente con ayudas audiovisuales (video beam o proyector, sistema de sonido, micrófonos, silletería , mesas y salon auxiliar para funcionarios o equipo), en acomodación tipo aula, para una jornada de trabajo de Tres (3) días, en la ciudad de Cali. El espacio debe tener capacidad para atender a diez (10) personas del equipo de asesores expertos y técnicos del ENCP, diez (10) integrantes del equipo administrativo del PCA, cuarenta y ocho (48) delegados del ENCP, dos (2) delegados del Ministerio de Justicia y del Derecho (MJD), dos (2) delegados de la Dirección de Asuntos para Comunidades Negras (DANCP) y dos (2) delegados de la Dirección de Consulta Previa (DCN), para un total de setenta y cuatro (74) personas. | D67: SALON | E67: 1 | F67: 5000000 | G67: 3 | H67: =E67*F67*G67 -> 15000000 | I67: 0 | J67: =H67 -> 15000000 | K67: =I67+J67 -> 15000000 | N67: ='3.1 Comparativo_Logística'!M9 -> 4960599 | O67: =N67*G67*E67 -> 14881797 | P67: =K67/O67-1 -> 0.0079427908 | Q67: =+E67*F67*G67-H67 -> 0
B68: 2 | C68: Alquiler de Una (1), Estación de Coffee Break, por ocho (8) horas, para los Tres (3) días de trabajo que incluya Café ilimitado (tinto y/o americano), aromática y agua, galletas o pasabocas dulces/salados, vasos, servilletas, menaje desechable, para setenta y cuatro (74) personas. | D68: UND | E68: 1 | F68: 900000 | G68: 3 | H68: =E68*F68*G68 -> 2700000 | I68: 0 | J68: =H68 -> 2700000 | K68: =I68+J68 -> 2700000 | N68: ='3.1 Comparativo_Logística'!$M$20 -> 1176347 | O68: =N68*G68*E68 -> 3529041 | P68: =K68/O68-1 -> -0.23491963 | Q68: =+E68*F68*G68-H68 -> 0
B69: 3 | C69: Contratación para la prestación del servicio de Cuatro (4) meseros, uniformados, capacitados y con experiencia en atención de eventos étnicos, para una jornada de ocho (8) horas continuas, para los Tres (3) días de trabajo, con funciones orientadas a garantizar la atención directa a los participantes, apoyo en el montaje y prestación del servicio y reposición de la estación de Coffee Brack y recolección de residuos. | D69: PERSONA | E69: 4 | F69: 200000 | G69: 3 | H69: =E69*F69*G69 -> 2400000 | I69: 0 | J69: =H69 -> 2400000 | K69: =I69+J69 -> 2400000 | N69: ='3.1 Comparativo_Logística'!$M$29 -> 249230 | O69: =N69*G69*E69 -> 2990760 | P69: =K69/O69-1 -> -0.19752839 | Q69: =+E69*F69*G69-H69 -> 0
B70: 4 | C70: Contratación de Una (1), persona encargada de realizar el registro fotográfico y/o audiovisual del evento por Tres (3) días. La persona seleccionada deberá ser originaria del territorio, contar con una experiencia mínima de un (1) año en fotografía y video, conocer las dinámicas territoriales, y mantener una buena relación con las comunidades Negras, Afrocolombianas, Raizales y Palenqueras. Nota: debera cubrir dentro del costo del servicio los gastos necesario para el desarrollo de la actividad (Alimentacion, Transporte y hospedaje) | D70: PERSONA | E70: 1 | F70: 1600000 | G70: 3 | H70: =E70*F70*G70 -> 4800000 | I70: 0 | J70: =H70 -> 4800000 | K70: =I70+J70 -> 4800000 | N70: ='3.1 Comparativo_Logística'!$M$37 -> 2714721 | O70: =N70*G70*E70 -> 8144163 | P70: =K70/O70-1 -> -0.41062083 | Q70: =+E70*F70*G70-H70 -> 0
B71: 5 | C71: Suministro de refrigerio ancestral matutino (a.m.), durante Tres (3) días, dirigido a diez (10) personas del equipo de asesores expertos y técnicos del ENCP, diez (10) integrantes del equipo administrativo del PCA y cuarenta y ocho (48) delegados del ENCP, para un total de sesenta y ocho (68) personas. El refrigerio deberá ser diseñado con un enfoque cultural y nutricional propio de las comunidades étnicas, preparado con ingredientes locales, frescos y de calidad, respetando las prácticas culinarias tradicionales. Esta actividad tiene como propósito fortalecer la identidad cultural y promover la soberanía alimentaria en el marco de eventos institucionales con participación de pueblos étnicos. | D71: UND | E71: 68 | F71: 32000 | G71: 3 | H71: =E71*F71*G71 -> 6528000 | I71: 0 | J71: =H71 -> 6528000 | K71: =I71+J71 -> 6528000 | N71: ='2.1 Comparativo_Alimentación'!$M$7 -> 33548 | O71: =N71*G71*E71 -> 6843792 | P71: =K71/O71-1 -> -0.04614284 | Q71: =+E71*F71*G71-H71 -> 0
B72: 6 | C72: Suministro de almuerzo ancestral completo durante Tres (3) días, dirigido a diez (10) personas del equipo de asesores expertos y técnicos del ENCP, diez (10) integrantes del equipo administrativo del PCA y cuarenta y ocho (48) delegados del ENCP, para un total de sesenta y ocho (68) personas. El almuerzo deberá ser diseñado con un enfoque cultural y nutricional propio de las comunidades étnicas, preparado con ingredientes locales, frescos y de calidad, respetando las prácticas culinarias tradicionales. Esta actividad tiene como propósito fortalecer la identidad cultural y promover la soberanía alimentaria en el marco de eventos institucionales con participación de pueblos étnicos. | D72: UND | E72: 68 | F72: 70000 | G72: 3 | H72: =E72*F72*G72 -> 14280000 | I72: 0 | J72: =H72 -> 14280000 | K72: =I72+J72 -> 14280000 | N72: ='2.1 Comparativo_Alimentación'!$M$8 -> 70822 | O72: =N72*G72*E72 -> 14447688 | P72: =K72/O72-1 -> -0.011606563 | Q72: =+E72*F72*G72-H72 -> 0
B73: 7 | C73: Suministro de refrigerio ancestral vespertino (p.m.), durante Tres (3) días, dirigido a diez (10) personas del equipo de asesores expertos y técnicos del ENCP, diez (10) integrantes del equipo administrativo del PCA y cuarenta y ocho (48) delegados del ENCP, para un total de sesenta y ocho (68) personas. El refrigerio deberá ser diseñado con un enfoque cultural y nutricional propio de las comunidades étnicas, preparado con ingredientes locales, frescos y de calidad, respetando las prácticas culinarias tradicionales. Esta actividad tiene como propósito fortalecer la identidad cultural y promover la soberanía alimentaria en el marco de eventos institucionales con participación de pueblos étnicos. | D73: UND | E73: 68 | F73: 32000 | G73: 3 | H73: =E73*F73*G73 -> 6528000 | I73: 0 | J73: =H73 -> 6528000 | K73: =I73+J73 -> 6528000 | N73: ='2.1 Comparativo_Alimentación'!$M$9 -> 33548 | O73: =N73*G73*E73 -> 6843792 | P73: =K73/O73-1 -> -0.04614284 | Q73: =+E73*F73*G73-H73 -> 0
B74: 8 | C74: Un (1),Transporte multimodal de ida y regreso para un total de cuarenta y ocho (48) personas, integrantes delegados del ENCP, desde el punto de origen desde el área rural o urbana hasta la cabecera municipal del aereopuerto mas cercano ida y regreso. (De acuerdo a la tabla remitida por el ministerio del interior) | D74: GLOBAL | E74: 1 | F74: 80010000 | G74: 1 | H74: =E74*F74*G74 -> 80010000 | I74: 0 | J74: =H74 -> 80010000 | K74: =I74+J74 -> 80010000 | N74: ='4.1 Comparativo_Transporte'!N8 -> 89079938 | O74: =N74*G74*E74 -> 89079938 | P74: =K74/O74-1 -> -0.10181796 | Q74: =+E74*F74*G74-H74 -> 0
B75: 9 | C75: Cinco (5), días de Hospedaje con acomodación individual, Transporte terrestre municipal interno y Alimentacion (Desayunos, Almuerzos y Cenas) para un (1) dia de llegada, un (1) dia de salida y (Desayunos y Cenas) para los tres (3) dias de sesion, para los y las delegado(a) del ENCP para un total de cuarenta y ocho (48) , deberá respetarse la decisión individual de cada delegado(a) respecto al lugar donde desee hospedarse, Alimentarse y Transportarse garantizando un entorno adecuado para su comodidad y seguridad | D75: PERSONA | E75: 48 | F75: 500000 | G75: 5 | H75: =E75*F75*G75 -> 120000000 | I75: 0 | J75: =H75 -> 120000000 | K75: =I75+J75 -> 120000000 | N75: ='5.1 Comparativo_Viáticos'!Q7 -> 120484488 | O75: =N75 -> 120484488 | P75: =K75/O75-1 -> -0.0040211649 | Q75: =+E75*F75*G75-H75 -> 0
B76: 10 | C76: Cinco (5), días de Hospedaje con acomodación individual, Transporte terrestre municipal interno y Alimentacion (Desayunos, Almuerzos y Cenas) para un (1) dia de llegada, un (1) dia de salida y (Desayunos y Cenas) para los tres (3) dias de sesion para cinco (5) integrantes del equipo asesor de expertos, cinco (5) integrantes del equipo asesor técnico del ENCP y diez (10) integrantes del equipo administrativo del PCA, para un total de veinte (20) personas. deberá respetarse la decisión individual respecto al lugar donde desee hospedarse, Alimentarse y Transportarse garantizando un entorno adecuado para su comodidad y seguridad | D76: PERSONA | E76: 20 | F76: 400000 | G76: 5 | H76: =E76*F76*G76 -> 40000000 | I76: 0 | J76: =H76 -> 40000000 | K76: =I76+J76 -> 40000000 | N76: ='5.1 Comparativo_Viáticos'!Q8 -> 50201870 | O76: =N76 -> 50201870 | P76: =K76/O76-1 -> -0.20321693 | Q76: =+E76*F76*G76-H76 -> 0
B77: 11 | C77: Un (1), Transporte Aereo de ida y regreso para un total de cuarenta y ocho (48) personas, integrantes delegados del ENCP, desde la ciudad Capital mas cercana al lugar de origen, respetando la decision individual de cada delegado(a) con respecto a las aerolineas, horarios y condiciones de viajes garantizando su comodidad y seguridad Nota: Valor por trayecto. (incluye minimamente tarifa que contenga; un (1) aticulo personal (bolso), un (1) equipaje de mano de (10 kg) y un (1) equipaje de bodega de (23 kg). | D77: PERSONA | E77: 48 | F77: 1200000 | G77: 2 | H77: =E77*F77*G77 -> 115200000 | I77: 0 | J77: =H77 -> 115200000 | K77: =I77+J77 -> 115200000 | N77: ='4.1 Comparativo_Transporte'!$N$29 -> 1188475 | O77: =N77*G77*E77 -> 114093600 | P77: =K77/O77-1 -> 0.0096973012 | Q77: =+E77*F77*G77-H77 -> 0
B78: 12 | C78: Un (1), Transporte Aereo de ida y regreso para un total de veinte (20) personas, cinco (05) integrantes equipo asesor de expertos, cinco (05) integrantes del equipo asesor técnico del ENCP y diez (10) integrantes del equipo administrativo de PCA, desde la ciudad Capital mas cercana al lugar de origen, respetando la decision individual con respecto a las aerolineas, horarios y condiciones de viajes garantizando su comodidady seguridad. Nota: Valor por trayecto. (incluye minimamente tarifa que contenga; un (1) aticulo personal (bolso), un (1) equipaje de mano de (10 kg) y un (1) equipaje de bodega de (23 kg). | D78: PERSONA | E78: 20 | F78: 1200000 | G78: 2 | H78: =E78*F78*G78 -> 48000000 | I78: 0 | J78: =H78 -> 48000000 | K78: =I78+J78 -> 48000000 | N78: ='4.1 Comparativo_Transporte'!$N$28 -> 1188475 | O78: =N78*G78*E78 -> 47539000 | P78: =K78/O78-1 -> 0.0096973012 | Q78: =+E78*F78*G78-H78 -> 0
B79: 13 | C79: Contratación de Un (1), grupo folclórico local o de expresión cultural por Tres (3), día, por con el objetivo de brindar armonización y ambientación cultural durante el desarrollo del evento o actividad. Este servicio busca enriquecer la experiencia de los asistentes mediante la presentación de manifestaciones artísticas y culturales propias de la región o comunidad. Nota: debera cubrir dentro del costo del servicio los gastos necesario para el desarrollo de la actividad (Alimentacion, Transporte y hospedaje) | D79: GRUPO | E79: 1 | F79: 4000000 | G79: 3 | H79: =E79*F79*G79 -> 12000000 | I79: 0 | J79: =H79 -> 12000000 | K79: =I79+J79 -> 12000000 | N79: ='6.1 Comparativo_Grupo_Armoniz'!$N$7 -> 6875473 | O79: =N79*G79*E79 -> 20626419 | P79: =K79/O79-1 -> -0.41822184 | Q79: =+E79*F79*G79-H79 -> 0
B80: 14 | C80: Un (1), suministro de un kit de herramientas de trabajo completo para cada integrante delegado del ENCP para cuarenta y ocho (48) personas, cinco (5), personas del equipo asesor de expertos, cinco (5)personas del equipo técnico del ENCP para un total de Cincuenta y ocho (58) personas, con el fin de facilitar la organización, toma de notas y apoyo durante las actividades y reuniones del proyecto. El kit incluye una Agenda para toma de apuntes, tamaño estándar (A5) con hojas cuadriculadas; un esfero de color negro, tinta permanente, de calidad media para escritura cómoda y legible; un esfero de color rojo, para anotaciones o correcciones destacadas "Cada elemento que conforma el Kit estara Rotulado con logotipos de PCA e informacion del convenio"; una infografía impresa sobre la Política Nacional de Drogas diseñada para consulta rápida y referencia durante el evento o proceso; una escarapela de identificación personalizada con nombre y rol del participante para facilitar el reconocimiento y la seguridad durante el evento; y una bolsa reutilizable en tela, resistente y práctica, para contener y transportar todos los elementos del kit. La entrega se realizará en kits individuales para todos los participantes, asegurando la disponibilidad previa o durante el inicio de las actividades. | D80: UND | E80: 58 | F80: 100000 | G80: 1 | H80: =E80*F80*G80 -> 5800000 | I80: 0 | J80: =H80 -> 5800000 | K80: =I80+J80 -> 5800000 | N80: ='7.1 Comparativo_Kit_Herrami'!$N$7 -> 102170 | O80: =N80*G80*E80 -> 5925860 | P80: =K80/O80-1 -> -0.021239111 | Q80: =+E80*F80*G80-H80 -> 0
B81: TOTAL ACTIVIDAD 5 | F81: =SUM(F67:F80) -> 95244000 | H81: =SUM(H67:H80) -> 473246000 | I81: =SUM(I67:I80) -> 0 | J81: =SUM(J67:J80) -> 473246000 | K81: =SUM(K67:K80) -> 473246000 | N81: =SUM(N67:N80) -> 278359704 | O81: =SUM(O67:O80) -> 505632208 | P81: =K81/O81-1 -> -0.06405092
B82: 6. ACTIVIDAD: Construir los instrumentos pedagógicos para los cuatro (4) foros departamentales y las Asambleas departamentales, entre la Comisión Sexta del Espacio Nacional de Consulta Previa y el Ministerio de Justicia y del Derecho, para enseñar y explicar la ruta metodológica acordada y la Política Nacional de Drogas "Sembrando Vida, Desterramos el Narcotráfico 2023-2033". | Q82: =+E82*F82*G82-H82 -> 0
B83: 1 | C83: Esta actividad no tiene asignación presupuestal | F83: 0 | H83: =F83*E83*G83 -> 0 | I83: 0 | J83: 0 | K83: 0 | Q83: =+E83*F83*G83-H83 -> 0
B84: TOTAL ACTIVIDAD 6 | F84: =SUM(F83) -> 0 | H84: =SUM(H83) -> 0 | I84: =SUM(I83) -> 0 | J84: =SUM(J83) -> 0 | K84: =SUM(K83) -> 0 | Q84: =+E84*F84*G84-H84 -> 0
B85: 7. ACTIVIDAD: Construir la metodología que contenga la preparación logística, agenda, convocatoria y procedimiento para los foros departamentales y las Asambleas Departamentales. | Q85: =+E85*F85*G85-H85 -> 0
B86: 1 | C86: Esta actividad no tiene asignación presupuestal | F86: 0 | H86: =F86*E86*G86 -> 0 | I86: 0 | J86: 0 | K86: 0 | Q86: =+E86*F86*G86-H86 -> 0
B87: TOTAL ACTIVIDAD 7 | F87: =SUM(F86) -> 0 | H87: =SUM(H86) -> 0 | I87: =SUM(I86) -> 0 | J87: =SUM(J86) -> 0 | K87: =SUM(K86) -> 0 | Q87: =+E87*F87*G87-H87 -> 0
B88: TOTAL, FASE DE PRECONSULTA | F88: =F81+F84+F87+F65+F62+F59+F56 -> 95244000 | H88: =H81+H84+H87+H65+H62+H59+H56 -> 473246000 | I88: =I56+I59+I62+I65+I81+I84+I87 -> 0 | J88: =J56+J59+J62+J65+J81+J84+J87 -> 473246000 | K88: =K56+K59+K62+K65+K81+K84+K87 -> 473246000 | N88: =N56+N59+N62+N65+N81+N84+N87 -> 278359704 | O88: =O56+O59+O62+O65+O81+O84+O87 -> 505632208 | P88: =K88/O88-1 -> -0.06405092
B89: Nota 1: Las actividades tres (3), cuatro (4), cinco (5), seis (6) y siete (7) corresponden a espacios de trabajo distintos, cada uno con objetivos y productos específicos. Sin embargo, con el fin de garantizar un uso eficiente, efectivo y eficaz del presupuesto, todas se desarrollarán de manera articulada en una única jornada de trabajo de tres (3) días. Desde el punto de vista presupuestal, estas actividades estarán consolidadas en la actividad número cinco (5). | Q89: =+E89*F89*G89-H89 -> 0
B90: FASE DE CONSULTA PREVIA | Q90: =+E90*F90*G90-H90 -> 0
B91: ETAPA FOROS DEPARTAMENTALES | Q91: =+E91*F91*G91-H91 -> 0
B92: 8. ACTIVIDAD FORO NORTE DE SANTANDER: Realizar el foro departamental en Norte de Santander para socializar la Política Nacional de Drogas integralmente y un análisis territorial sobre el fenómeno de las drogas en los territorios de comunidades negras. | Q92: =+E92*F92*G92-H92 -> 0
B93: 1 | C93: Alquiler de Un (1), salón de eventos, por Un (1) día de ocho (8) horas, que cuente con ayudas audiovisuales (video beam o proyector, sistema de sonido, micrófonos, silletería , mesas y salon auxiliar para funcionarios o equipo), en acomodación tipo media luna, Para ochenta (80), personas de comunidades Negras, Afrocolombianas, Raizales y Palenqueras del territorio, con la participación de dos (2) delegados del MJD, dos (2) delegados de DANCP, (2) delegados de DCN y Tres (3) integrantes del equipo administrativo del PCA, para un total de ochenta y nueve (89) personas. En acomodación tipo aula para 1 día de trabajo. en la ciudad de Cúcuta. | D93: SALON | E93: 1 | F93: 5000000 | G93: 1 | H93: =F93*E93*G93 -> 5000000 | I93: 0 | J93: =H93 -> 5000000 | K93: =I93+J93 -> 5000000 | N93: ='3.1 Comparativo_Logística'!$M$9 -> 4960599 | O93: =N93*G93*E93 -> 4960599 | P93: =K93/O93-1 -> 0.0079427908 | Q93: =+E93*F93*G93-H93 -> 0
B94: 2 | C94: Alquiler de Una (1), Estación de Coffee Break, por ocho (8) horas, para Un (1), día de trabajo que incluya Café ilimitado (tinto y/o americano), aromática y agua, galletas o pasabocas dulces/salados, vasos, servilletas, menaje desechable, para ochenta y nueve (89) personas. | D94: UND | E94: 1 | F94: 900000 | G94: 1 | H94: =F94*E94*G94 -> 900000 | I94: 0 | J94: =H94 -> 900000 | K94: =I94+J94 -> 900000 | N94: ='3.1 Comparativo_Logística'!$M$20 -> 1176347 | O94: =N94*G94*E94 -> 1176347 | P94: =K94/O94-1 -> -0.23491963 | Q94: =+E94*F94*G94-H94 -> 0
B95: 3 | C95: Tres (4) Meseros, uniformados, capacitados y con experiencia en atención de eventos étnicos, para una jornada de ocho (8) horas continuas, para Un (1), día de trabajo, con funciones orientadas a garantizar la atención directa a los participantes, apoyo en el montaje y prestación del servicio y reposición de la estación de Coffee Brack y recolección de residuos. | D95: PERSONA | E95: 4 | F95: 200000 | G95: 1 | H95: =F95*E95*G95 -> 800000 | I95: 0 | J95: =H95 -> 800000 | K95: =I95+J95 -> 800000 | N95: ='3.1 Comparativo_Logística'!$M$29 -> 249230 | O95: =N95*G95*E95 -> 996920 | P95: =K95/O95-1 -> -0.19752839 | Q95: =+E95*F95*G95-H95 -> 0
B96: 4 | C96: Una (1), Persona encargada de realizar el registro fotográfico y/o audiovisual del evento por Un (1) día. La persona seleccionada deberá ser originaria del territorio, contar con una experiencia mínima de un (1) año en fotografía y video, conocer las dinámicas territoriales, y mantener una buena relación con las comunidades Negras, Afrocolombianas, Raizales y Palenqueras. Nota: debera cubrir dentro del costo del servicio los gastos necesario para el desarrollo de la actividad (Alimentacion, Transporte y hospedaje) | D96: PERSONA | E96: 1 | F96: 1600000 | G96: 1 | H96: =E96*F96*G96 -> 1600000 | I96: 0 | J96: =H96 -> 1600000 | K96: =I96+J96 -> 1600000 | N96: ='3.1 Comparativo_Logística'!$M$37 -> 2714721 | O96: =N96*G96*E96 -> 2714721 | P96: =K96/O96-1 -> -0.41062083 | Q96: =+E96*F96*G96-H96 -> 0
B97: 5 | C97: Tres (3), día de Hospedaje con acomodación individual, Transporte terrestre municipal interno y Alimentacion (Desayunos, Almuerzos y Cenas) para un (1) dia de llegada, un (1) dia de salida y (Desayunos y Cenas) para un (1) dia de sesion, para ochenta (80) personas de las comunidades Negras, Afrocolombianas, Raizales y Palenqueras del territorio , deberá respetarse la decisión individual de cada persona respecto al lugar donde desee hospedarse, Alimentarse y Transportarse garantizando un entorno adecuado para su comodidad y seguridad. | D97: PERSONA | E97: 80 | F97: 500000 | G97: 3 | H97: =E97*F97*G97 -> 120000000 | I97: 0 | J97: =H97 -> 120000000 | K97: =I97+J97 -> 120000000 | N97: ='5.1 Comparativo_Viáticos'!$Q$21 -> 122579880 | O97: =N97 -> 122579880 | P97: =K97/O97-1 -> -0.021046521 | Q97: =+E97*F97*G97-H97 -> 0
B98: 6 | C98: Un (1), Refrigerio ancestral matutino (a.m.) para ochenta y tres (83) ochenta (80) personas asistentes de la comunidad y tres (03) personas del equipo PCA. orientado a fortalecer el reconocimiento y la valoración de las prácticas alimenticias tradicionales de los pueblos étnicos. El refrigerio incluye productos propios de la cultura ancestral, elaborados con ingredientes autóctonos y bajo técnicas culinarias tradicionales, promoviendo la soberanía alimentaria y el enfoque diferencial e intercultural. | D98: UND | E98: 83 | F98: 32000 | G98: 1 | H98: =E98*F98*G98 -> 2656000 | I98: 0 | J98: =H98 -> 2656000 | K98: =I98+J98 -> 2656000 | N98: ='2.1 Comparativo_Alimentación'!$M$7 -> 33548 | O98: =N98*G98*E98 -> 2784484 | P98: =K98/O98-1 -> -0.04614284 | Q98: =+E98*F98*G98-H98 -> 0
B99: 7 | C99: Un (1), Almuerzo ancestral completo para ochenta y tres (83) personas, ochenta (80) personas asistentes comunidad y tres (03) personas del equipo PCA. preparado con base en recetas, ingredientes y técnicas culinarias propias de los pueblos étnicos, promoviendo el respeto por la diversidad cultural, la soberanía alimentaria y la valoración de los saberes tradicionales en contextos institucionales y pedagógicos. | D99: UND | E99: 83 | F99: 70000 | G99: 1 | H99: =E99*F99*G99 -> 5810000 | I99: 0 | J99: =H99 -> 5810000 | K99: =I99+J99 -> 5810000 | N99: ='2.1 Comparativo_Alimentación'!$M$8 -> 70822 | O99: =N99*G99*E99 -> 5878226 | P99: =K99/O99-1 -> -0.011606563 | Q99: =+E99*F99*G99-H99 -> 0
B100: 8 | C100: Un (1), Refrigerio ancestral vespertino (p.m.) para ochenta y tres(83) personas, ochenta (80) personaas asistentes comunidad y tres (03) personas del equipo PCA. compuesto por preparaciones tradicionales de los pueblos étnicos, elaboradas con ingredientes nativos y técnicas culinarias ancestrales. Este servicio busca fortalecer la identidad cultural a través de la alimentación, visibilizando prácticas y saberes gastronómicos propios en el marco de actividades institucionales. | D100: UND | E100: 83 | F100: 32000 | G100: 1 | H100: =E100*F100*G100 -> 2656000 | I100: 0 | J100: =H100 -> 2656000 | K100: =I100+J100 -> 2656000 | N100: ='2.1 Comparativo_Alimentación'!$M$9 -> 33548 | O100: =N100*G100*E100 -> 2784484 | P100: =K100/O100-1 -> -0.04614284 | Q100: =+E100*F100*G100-H100 -> 0
B101: 9 | C101: Un (1), Transporte multimodal de ida y regreso (Terrestre, Aereo y Fluvial para el caso que aplique) para un total de ochenta (80) personas del territorio participantes de comunidades NARP, desde el punto de origen hasta el lugar de desarrollo de las actividades programadas. Nota: se debe tomar en cuenta que estos desplazamientos territoriales se causan desde las diferente condiciones geograficas y de accesibilidad para llegar al lugar convocado, en la mayoria de los casos son de dificil acceso o distancias prolongadas (Zonas Rurales) de los diferentes municipios que requieren de uno o varios medios de transporte (Fluviales, terretres y/o Aereos ) por participantes y en otros casos son de facil acceso y distancias cortas (Zonas Urbanas), lo que constituye una variacion significativa en los valores de dichos transporte por participantes. | D101: GLOBAL | E101: 1 | F101: 150000000 | G101: 1 | H101: =E101*F101*G101 -> 150000000 | I101: 0 | J101: =H101 -> 150000000 | K101: =I101+J101 -> 150000000 | N101: ='4.1 Comparativo_Transporte'!N10 -> 148466563 | O101: =N101*G101*E101 -> 148466563 | P101: =K101/O101-1 -> 0.010328501 | Q101: =+E101*F101*G101-H101 -> 0
B102: 10 | C102: Un (1), Tallerista por Un (1),encargado de socializar la Política Nacional de Drogas, "Sembrando Vida, Desterramos el Narcotráfico 2023-2033", quien desarrollará sesiones pedagógicas dirigidas a actores comunitarios y sociales del territorio, utilizando herramientas didácticas y metodologías participativas que permitan una apropiación significativa de los contenidos. El tallerista también será responsable de aplicar instrumentos de recolección de información previamente diseñados, con el objetivo de identificar percepciones, conocimientos y necesidades en torno a la Política Nacional de Drogas en el contexto local. Nota: El tallerista debera cubrir dentro del costo del servicio los gastos necesario para el desarrollo de la actividad (Alimentacion, Transporte y hospedaje) | D102: PERSONA | E102: 1 | F102: 2000000 | G102: 1 | H102: =F102*E102*G102 -> 2000000 | I102: 0 | J102: =H102 -> 2000000 | K102: =I102+J102 -> 2000000 | N102: ='8.1 Comparativo_Tallerista'!$N$7 -> 2455526 | O102: =N102*G102*E102 -> 2455526 | P102: =K102/O102-1 -> -0.18551056 | Q102: =+E102*F102*G102-H102 -> 0
B103: 11 | C103: Tres (3), Hospedaje con acomodación individual, Transporte terrestre municipal interno y Alimentacion (Desayunos, Almuerzos y Cenas) para un (1) dia de llegada, un (1) dia de salida y (Desayunos y Cenas) para un (1) dia de sesion para Tres (3) Equipo Administrativo PCA, el hospedaje deberá garantizar condiciones de descanso digno, comodidad y seguridad durante su participación en las actividades programadas. | D103: PERSONA | E103: 3 | F103: 400000 | G103: 3 | H103: =F103*E103*G103 -> 3600000 | J103: =H103 -> 3600000 | K103: =I103+J103 -> 3600000 | N103: ='5.1 Comparativo_Viáticos'!$Q$13 -> 4596746 | O103: =N103 -> 4596746 | P103: =K103/O103-1 -> -0.2168373 | Q103: =+E103*F103*G103-H103 -> 0
B104: 12 | C104: Un (1), Sabedor o sabedora ancestral por Un (1), día encargado(a) de realizar el proceso de armonización espiritual y cultural al inicio y cierre de las jornadas de trabajo, con el propósito de propiciar un ambiente de respeto, equilibrio y conexión con los saberes propios del territorio. Nota: El Sabedor(a) debera cubrir dentro del costo del servicio los gastos necesario para el desarrollo de la actividad (Alimentacion, Transporte y hospedaje) | D104: PERSONA | E104: 1 | F104: 2500000 | G104: 1 | H104: =F104*E104*G104 -> 2500000 | I104: 0 | J104: =H104 -> 2500000 | K104: =I104+J104 -> 2500000 | N104: ='9.1 Comparativo_Sabedor'!$N$7 -> 2829639 | O104: =N104*G104*E104 -> 2829639 | P104: =K104/O104-1 -> -0.11649507 | Q104: =+E104*F104*G104-H104 -> 0
B105: 13 | C105: Un (1), Grupo folclórico local o de expresión cultural por Un (1), día, con el objetivo de brindar armonización y ambientación cultural durante el desarrollo del evento o actividad. Este servicio busca enriquecer la experiencia de los asistentes mediante la presentación de manifestaciones artísticas y culturales propias de la región o comunidad. Nota: debera cubrir dentro del costo del servicio los gastos necesario para el desarrollo de la actividad (Alimentacion, Transporte y hospedaje) | D105: GRUPO | E105: 1 | F105: 4000000 | G105: 1 | H105: =F105*E105*G105 -> 4000000 | I105: 0 | J105: =H105 -> 4000000 | K105: =I105+J105 -> 4000000 | N105: ='6.1 Comparativo_Grupo_Armoniz'!$N$7 -> 6875473 | O105: =N105*G105*E105 -> 6875473 | P105: =K105/O105-1 -> -0.41822184 | Q105: =+E105*F105*G105-H105 -> 0
B106: 14 | C106: Un (1), Transporte Aereo de ida y regreso para un total de tres (03) personas, integrantes del equipo administrativo de PCA, desde la ciudad Capital mas cercana al lugar de origen, respetando la decision individual con respecto a las aerolineas, horarios y condiciones de viajes garantizando su comodidady seguridad. Nota: Valor por trayecto. (incluye minimamente tarifa que contenga; un (1) aticulo personal (bolso), un (1) equipaje de mano de (10 kg) . | D106: PERSONA | E106: 3 | F106: 1000000 | G106: 2 | H106: =E106*F106*G106 -> 6000000 | I106: 0 | J106: =H106 -> 6000000 | K106: =I106+J106 -> 6000000 | N106: ='4.1 Comparativo_Transporte'!$N$27 -> 1188475 | O106: =N106*G106*E106 -> 7130850 | P106: =K106/O106-1 -> -0.15858558 | Q106: =+E106*F106*G106-H106 -> 0
...

Sheet 1. PERSONAL -->

Sheet 1.1 Comparativo_Personal
B2: COMPARATIVO PERSONAL
B4: EQUIPO ASESOR ENCP Y PCA | J4: VALORES DE REFERENCIA
B5: # | C5: DESCRIPCIÓN | D5: CANTIDAD | E5: VALOR MES | F5: MESES | G5: VALOR TOTAL | H5: PERFIL ASESOR | J5: FUENTE 1 | N5: FUENTE 2 | R5: Promedio valor mensual de Referencia | S5: Variación
B6: Equipo Asesor de Expertos ENCP | J6: Proceso o Resolución | K6: Perfil Equivalente | L6: Valor mensual | M6: Variación | N6: Proceso o Resolución | O6: Perfil Equivalente | P6: Valor mensual | Q6: Variación
B7: 1 | C7: Equipo de Expertos | D7: 5 | E7: 6500000 | F7: 4 | G7: =D7*E7*F7 -> 130000000 | H7: Profesional con formación en derecho, ciencias sociales, políticas o áreas afines, con estudios de posgrado. Debe contar con una trayectoria mínima de dieciocho (18) meses en diseño, análisis o implementación de políticas públicas, especialmente en contextos relacionados con comunidades Negras, Afrocolombianas, Raizales y Palenqueras. | J7: ='1.2 Resolucion 2157 DE 2024'!$B$2 -> Resolución 2157 del 31 de octubre de 2024 con honorarios de 2025 - Ministerio de Justicia | K7: ='1.2 Resolucion 2157 DE 2024'!K13 -> Profesionales 3 | L7: ='1.2 Resolucion 2157 DE 2024'!O13 -> 6950518 | M7: =E7/L7-1 -> -0.064817903 | N7: ='1.3 Fuentes_Personal'!$D$5 -> Circular No. 45 del 09 Dic 2024 - Tabla de honorarios de la Agencia Nacional de Tierras Vigencia 2025 | O7: Profesional Especializado Nivel II | P7: ='1.3 Fuentes_Personal'!K19 -> 7382437 | Q7: =E7/P7-1 -> -0.11953194 | R7: =ROUND(AVERAGE(L7,P7),0) -> 7166478 | S7: =E7/R7-1 -> -0.092999378
B8: Equipo Asesor Técnico ENCP | J8: FUENTE 1 | N8: FUENTE 2 | R8: Promedio valor mensual de Referencia | S8: Variación
J9: Proceso o Resolución | K9: Perfil Equivalente | L9: Valor mensual | M9: Variación | N9: Proceso o Resolución | O9: Perfil Equivalente | P9: Valor mensual | Q9: Variación
B10: 2 | C10: Equipo Técnico | D10: 5 | E10: 3500000 | F10: 4 | G10: =D10*E10*F10 -> 70000000 | H10: Técnico/Tecnólogo en las áreas del conocimiento de Ingenierías y Afines, Ciencias de la Educación, Ciencias Sociales y Humanas, Telemática y afines, al menos seis (6) meses de experiencia en consulta previa con comunidades Negras, Afrocolombianas, Raizales y Palenqueras. | J10: ='1.2 Resolucion 2157 DE 2024'!$B$2 -> Resolución 2157 del 31 de octubre de 2024 con honorarios de 2025 - Ministerio de Justicia | K10: ='1.2 Resolucion 2157 DE 2024'!K16 -> Técnicos 2 | L10: ='1.2 Resolucion 2157 DE 2024'!O16 -> 3870535 | M10: =E10/L10-1 -> -0.095732244 | N10: ='1.3 Fuentes_Personal'!$D$5 -> Circular No. 45 del 09 Dic 2024 - Tabla de honorarios de la Agencia Nacional de Tierras Vigencia 2025 | O10: Título de Formación Técnica o Tecnológica Nivel II | P10: ='1.3 Fuentes_Personal'!K28 -> 3789009 | Q10: =E10/P10-1 -> -0.076275617 | R10: =ROUND(AVERAGE(L10,P10),0) -> 3829772 | S10: =E10/R10-1 -> -0.086107476
B11: Equipo Técnico Administrativo PCA | J11: FUENTE 1 | N11: FUENTE 2 | R11: Promedio valor mensual de Referencia | S11: VARIACIÓN
J12: Proceso o Resolución | K12: Perfil Equivalente | L12: Valor mensual | M12: Variación | N12: Proceso o Resolución | O12: Perfil Equivalente | P12: Valor mensual | Q12: Variación
B13: 1 | C13: Coordinador General | D13: 1 | E13: 10000000 | F13: 4 | G13: =D13*E13*F13 -> 40000000 | H13: Profesional en ciencias sociales, jurídicas o humanas, con estudios de posgrado y mínimo Treinta y cinco (35) meses de experiencia en coordinación de procesos participativos o consulta previa con comunidades Negras, Afrocolombianas, Raizales y Palenqueras. | J13: ='1.2 Resolucion 2157 DE 2024'!$B$2 -> Resolución 2157 del 31 de octubre de 2024 con honorarios de 2025 - Ministerio de Justicia | K13: ='1.2 Resolucion 2157 DE 2024'!K11 -> Profesionales 5 | L13: ='1.2 Resolucion 2157 DE 2024'!O11 -> 11498986 | M13: =E13/L13-1 -> -0.1303581 | N13: MSPS-CD-1412-2024 | O13: Coordinador General | P13: ='1.3 Fuentes_Personal'!M82 -> 9857700 | Q13: =E13/P13-1 -> 0.014435416 | R13: =ROUND(AVERAGE(L13,P13),0) -> 10678343 | S13: =E13/R13-1 -> -0.063525118
B14: 2 | C14: Coordinador Finaciero | D14: 1 | E14: 8000000 | F14: 4 | G14: =D14*E14*F14 -> 32000000 | H14: Profesional en contaduría pública o finanzas, con especialización y al menos veinticinco (25) meses de experiencia en administración presupuestal de procesos con comunidades Negras, Afrocolombianas, Raizales y Palenqueras. | J14: ='1.2 Resolucion 2157 DE 2024'!$B$2 -> Resolución 2157 del 31 de octubre de 2024 con honorarios de 2025 - Ministerio de Justicia | K14: ='1.2 Resolucion 2157 DE 2024'!K12 -> Profesionales 4 | L14: ='1.2 Resolucion 2157 DE 2024'!O12 -> 9147012 | M14: =E14/L14-1 -> -0.12539745 | N14: ='1.3 Fuentes_Personal'!$D$5 -> Circular No. 45 del 09 Dic 2024 - Tabla de honorarios de la Agencia Nacional de Tierras Vigencia 2025 | O14: Profesional Especializado Nivel III | P14: ='1.3 Fuentes_Personal'!$K$18 -> 8384320 | Q14: =E14/P14-1 -> -0.045837945 | R14: =ROUND(AVERAGE(L14,P14),0) -> 8765666 | S14: =E14/R14-1 -> -0.087348297
B15: 3 | C15: Secretaria | D15: 1 | E15: 3000000 | F15: 4 | G15: =D15*E15*F15 -> 12000000 | H15: Título de formación tecnológica o aprobación de tres años de educación superior en la modalidad de formación tecnológica o profesional o universitaria, con una experiencia mínima comprobada de seis (6) meses en funciones relacionadas con la gestión administrativa de proyectos o convenios interinstitucionales. Debe contar con conocimientos y habilidades demostradas en gestión documental conforme a la normatividad archivística vigente, así como en la organización y planeación de agendas institucionales, coordinación logística de actividades, y seguimiento a cronogramas de ejecución. Se valorará experiencia en el manejo de herramientas ofimáticas, plataformas colaborativas y sistemas de información administrativa con comunidades Negras, Afrocolombianas, Raizales y Palenqueras. | J15: ='1.2 Resolucion 2157 DE 2024'!$B$2 -> Resolución 2157 del 31 de octubre de 2024 con honorarios de 2025 - Ministerio de Justicia | K15: ='1.2 Resolucion 2157 DE 2024'!K16 -> Técnicos 2 | L15: ='1.2 Resolucion 2157 DE 2024'!O16 -> 3870535 | M15: =E15/L15-1 -> -0.22491335 | N15: ='1.3 Fuentes_Personal'!$D$5 -> Circular No. 45 del 09 Dic 2024 - Tabla de honorarios de la Agencia Nacional de Tierras Vigencia 2025 | O15: Título de Formación Técnica o Tecnológica Nivel II | P15: ='1.3 Fuentes_Personal'!K28 -> 3789009 | Q15: =E15/P15-1 -> -0.20823624 | R15: =ROUND(AVERAGE(L15,P15),0) -> 3829772 | S15: =E15/R15-1 -> -0.21666355
B16: 4 | C16: Apoyo financiero | D16: 2 | E16: 4500000 | F16: 4 | G16: =D16*E16*F16 -> 36000000 | H16: Profesional en economía, contaduría o administración, con mínimo dieciseis (16) meses de experiencia en seguimiento financiero y elaboración de informes en proyectos con comunidades Negras, Afrocolombianas, Raizales y Palenqueras. | J16: ='1.2 Resolucion 2157 DE 2024'!$B$2 -> Resolución 2157 del 31 de octubre de 2024 con honorarios de 2025 - Ministerio de Justicia | K16: ='1.2 Resolucion 2157 DE 2024'!K14 -> Profesionales 2 | L16: ='1.2 Resolucion 2157 DE 2024'!O14 -> 5038808 | M16: =E16/L16-1 -> -0.10693164 | N16: ='1.3 Fuentes_Personal'!$D$5 -> Circular No. 45 del 09 Dic 2024 - Tabla de honorarios de la Agencia Nacional de Tierras Vigencia 2025 | O16: Profesional Nivel III | P16: ='1.3 Fuentes_Personal'!K22 -> 5888196 | Q16: =E16/P16-1 -> -0.23575914 | R16: =ROUND(AVERAGE(L16,P16),0) -> 5463502 | S16: =E16/R16-1 -> -0.17635246
B17: 5 | C17: Apoyo Técnico-administrativo | D17: 3 | E17: 4500000 | F17: 4 | G17: =D17*E17*F17 -> 54000000 | H17: Profesional o estudiante avanzado en áreas administrativas, sociales o logísticas, con mínimo veinticuatro (24) meses de experiencia en apoyo a proyectos dirigidos a comunidades Negras, Afrocolombianas, Raizales y Palenqueras. | J17: ='1.2 Resolucion 2157 DE 2024'!$B$2 -> Resolución 2157 del 31 de octubre de 2024 con honorarios de 2025 - Ministerio de Justicia | K17: ='1.2 Resolucion 2157 DE 2024'!K15 -> Profesionales 1 | L17: ='1.2 Resolucion 2157 DE 2024'!O15 -> 4258974 | M17: =E17/L17-1 -> 0.056592503 | N17: ='1.3 Fuentes_Personal'!$D$5 -> Circular No. 45 del 09 Dic 2024 - Tabla de honorarios de la Agencia Nacional de Tierras Vigencia 2025 | O17: Profesional Nivel I | P17: ='1.3 Fuentes_Personal'!K24 -> 4880137 | Q17: =E17/P17-1 -> -0.077894739 | R17: =ROUND(AVERAGE(L17,P17),0) -> 4569556 | S17: =E17/R17-1 -> -0.01522161
B18: 6 | C18: Sistematizador | D18: 3 | E18: 3600000 | F18: 4 | G18: =D18*E18*F18 -> 43200000 | H18: Profesional o estudiante avanzado en ingeniería de sistemas, estadística, informática o áreas afines, con mínimo seis (6) meses de experiencia en gestión de datos o sistematización en procesos sociales con comunidades Negras, Afrocolombianas, Raizales y Palenqueras. | J18: ='1.2 Resolucion 2157 DE 2024'!$B$2 -> Resolución 2157 del 31 de octubre de 2024 con honorarios de 2025 - Ministerio de Justicia | K18: ='1.2 Resolucion 2157 DE 2024'!K16 -> Técnicos 2 | L18: ='1.2 Resolucion 2157 DE 2024'!O16 -> 3870535 | M18: =E18/L18-1 -> -0.069896022 | N18: ='1.3 Fuentes_Personal'!$D$5 -> Circular No. 45 del 09 Dic 2024 - Tabla de honorarios de la Agencia Nacional de Tierras Vigencia 2025 | O18: Título de Formación Técnica o Tecnológica Nivel II | P18: ='1.3 Fuentes_Personal'!K28 -> 3789009 | Q18: =E18/P18-1 -> -0.049883492 | R18: =ROUND(AVERAGE(L18,P18),0) -> 3829772 | S18: =E18/R18-1 -> -0.059996261

Sheet 1.2 Resolucion 2157 DE 2024
B2: Resolución 2157 del 31 de octubre de 2024 con honorarios de 2025 - Ministerio de Justicia
B3: Link: | C3: https://www.minjusticia.gov.co/normatividad-co/Resoluciones/Resolucion-2175-DEL-31-DE-OCTUBRE-DE-2024.pdf
K8: TIPO Y GRADO | L8: FORMACION | M8: EXPERIENCIA | N8: HONORARIOS MÍNIMOS 2024 | O8: HONORARIOS MÁXIMOS 2024
K9: Experto 2 | L9: Título profesional con Título de Postgrado en modalidad maestría, o Título Profesional con Título de Postgrado en modalidad especialización | M9: Entre 44 y 54 meses de experiencia profesional relacionada o 55 y 66 meses de experiencia profesional relacionada | N9: 13074467 | O9: 16003742
K10: Experto 1 | L10: Título profesional con Título de Postgrado en modalidad especialización | M10: 46 y 51 meses de experiencia profesional relacionada | N10: 11498987 | O10: 13074466
K11: Profesionales 5 | L11: Título profesional con Título de Postgrado en modalidad especialización | M11: 31 y 40 meses de experiencia profesional relacionada | N11: 9147014 | O11: 11498986
K12: Profesionales 4 | L12: Título profesional con Título de Postgrado en modalidad especialización | M12: 19 y 30 meses de experiencia profesional relacionada | N12: 6950519 | O12: 9147012
K13: Profesionales 3 | L13: Título profesional con Título de Postgrado en modalidad especialización | M13: 7 y 18 meses de experiencia profesional relacionada | N13: 5038809 | O13: 6950518
K14: Profesionales 2 | L14: Título profesional | M14: 12 y 24 meses de experiencia profesional relacionada | N14: 4258975 | O14: 5038808
K15: Profesionales 1 | L15: Título profesional | M15: 0 y 11 meses de experiencia profesional relacionada | N15: 3870536 | O15: 4258974
K16: Técnicos 2 | L16: Título de Formación Tecnologica o Aprobación de tres (3) años de educación superior en la modalidad de formación tecnológica o profesional o universitaria | M16: Entre 0 y 6 meses de experiencia relacionada o laboral o entre 10 y 16 meses de experiencia relacionada o laboral | N16: 3083574 | O16: 3870535
K17: Técnicos 1 | L17: Título de Formación Técnica o Aprobación de tres (3) años de educación superior en la modalidad de formación tecnológica o profesional o universitaria | M17: Entre 3 y 6 meses de experiencia relacionada o laboral o entre 6 y 9 meses de experiencia relacionada o laboral | N17: 2516162 | O17: 3083573
K18: Asistenciales 2 | L18: Aprobación de 2 años de educación superior de pregrado | M18: 6 meses de experiencia relacionada o laboral | N18: 2306332 | O18: 2516161
K19: Asistenciales 1 | L19: Diploma bachiller | M19: 0 meses de experiencia relacionada o laboral | N19: 2306330 | O19: 2306330

Sheet 1.3 Fuentes_Personal
B2: OTROS PROCESOS
D3: =LOWER(D5) -> circular no. 45 del 09 dic 2024 - tabla de honorarios de la agencia nacional de tierras vigencia 2025
B4: IDENTIFICACION | C4: ENTIDAD | D4: PROCESO | H4: LINK
B5: 1 | C5: AGENCIA NACIONAL DE TIERRAS -ANT | D5: Circular No. 45 del 09 Dic 2024 - Tabla de honorarios de la Agencia Nacional de Tierras Vigencia 2025 | H5: https://www.ant.gov.co/sites/default/files/2025-04/documentos/archivos/circular-ndeg-45-tabla-de-honorarios-2024_0.pdf
I10: CATEGORIA | J10: NIVEL | K10: HONORARIOS | L10: REQUISITOS
I11: Doctor | J11: I | K11: 18486505
I12: Magister | J12: V | K12: 17574599
I13: Magister | J13: IV | K13: 16184636
I14: Magister | J14: III | K14: 11887474
I15: Magister | J15: II | K15: 10323011
I16: Magister | J16: I | K16: 9817721
I17: Profesional Especializado | J17: IV | K17: 8983718
I18: Profesional Especializado | J18: III | K18: 8384320
I19: Profesional Especializado | J19: II | K19: 7382437
I20: Profesional Especializado | J20: I | K20: 7018716
I21: Profesional | J21: IV | K21: 6510019
I22: Profesional | J22: III | K22: 5888196
... I33: Asistencial | J33: I | K33: 1735441
C38: EQUIVALENCIAS
B59: IDENTIFICACION | C59: ENTIDAD | D59: PROCESO | E59: CONTRATISTA | F59: AÑO | G59: MES FIRMA CONTRATO | H59: LINK
B60: 2 | C60: Ministerio de Justicia | D60: MJD-CD-627-2024 ONIC | E60: ONIC | F60: 2024 | G60: Agosto | H60: https://community.secop.gov.co/Public/Tendering/OpportunityDetail/Index?noticeUID=CO1.NTC.6519283
B63: # | C63: Descripción | D63: Cantidad | E63: Valor/mes | F63: Meses | G63: Valor total | H63: Perfil personal/Descripción Servicio o Bien | J63: Funciones | M63: ACTUALIZACION DE PRECIOS
B64: 1 | C64: EQUIPO POLÍTICO NACIONAL | M64: Valor mensual actualizado
B65: 1.6 | C65: Profesional Jurídico | D65: 7 | E65: 6357142.9 | F65: 3 | G65: 1.335e+08 | H65: Profesional en Derecho, indígena o no, con título universitario y mínimo dos (2) años de experiencia en diseño, implementación y evaluación de políticas públicas. Deberá destacar en habilidades sólidas de coordinación y comunicación con organizaciones indígenas, especialmente aquellas vinculadas a la MPC. Se valorarán positivamente conocimientos en enfoques diferenciales, así como excelentes capacidades comunicativas, relaciones interculturales y profesionales. Es esencial que destaque en análisis, redacción escrita y expresión oral. Este perfil será fundamental para garantizar el éxito y la eficacia en el diseño e implementación de políticas públicas inclusivas y respetuosas de la diversidad cultural. | J65: 1) Realizar análisis detallados de la legislación relevante, jurisprudencia y regulaciones aplicables al proyecto, identificando posibles implicaciones legales, 2) Colaborar en debates internos y reuniones relacionadas con la política del proyecto, aportando perspectivas jurídicas y contribuyendo a la toma de decisiones, 3) Brindar asesoramiento jurídico al equipo de proyecto en temas relacionados con la política, asegurando que las acciones estén alineadas con las leyes y regulaciones vigentes, 4) Elaborar documentos legales, contratos y otros documentos sistematizados que respalden la implementación y desarrollo del proyecto, 5) Revisar y editar documentos existentes para garantizar la coherencia legal, claridad y conformidad con los requisitos legales, 6) Realizar análisis de impacto legal para evaluar posibles consecuencias legales de las decisiones y acciones propuestas en el proyecto, 7) Contribuir al desarrollo de políticas internas del proyecto, asegurando que estén alineadas con las normativas legales y éticas, 8) Desarrollar estrategias legales que respalden los objetivos del proyecto, identificando posibles riesgos y proponiendo soluciones, 9) Supervisar y garantizar la conformidad legal en todas las etapas del proyecto, trabajando en estrecha colaboración con el equipo para evitar posibles problemas legales, 10) Realizar revisiones exhaustivas de los documentos jurídicos del proyecto para garantizar su calidad y precisión, 11) Proporcionar capacitación interna sobre cuestiones legales relevantes para aumentar la conciencia y la comprensión dentro del equipo, 12) Colaborar con asesores legales externos cuando sea necesario, asegurando una asesoría legal adicional cuando sea crucial para el proyecto. | M65: =ROUND(E65*(1+$Q$66),0) -> 6962979 | P65: VARIABLE UTILIZADA PARA ACTUALIZACION DE PRECIO
B66: 1.7 | C66: Profesional de Administración Pública | D66: 1 | E66: 6000000 | F66: 3 | G66: 18000000 | H66: Profesional con título en administración pública y al menos dos (2) años de experiencia. Debe destacar en coordinación, comunicación y relación con organizaciones indígenas, especialmente aquellas vinculadas a la Mesa Permanente de Concertación. Experiencia en planificación, monitoreo y evaluación institucional es crucial para este rol. Se valora positivamente conocimientos en enfoques diferenciales. Además, debe demostrar un excelente nivel de análisis y habilidades excepcionales de redacción escrita. Este perfil será esencial para fortalecer la institucionalidad del proyecto y su relación efectiva con las organizaciones indígenas involucradas. | J66: 1) Realizar investigaciones exhaustivas sobre políticas públicas relevantes, identificando tendencias a corto, mediano y largo plazo que puedan fortalecer la arquitectura institucional del Estado en relación con la protección de los derechos de los pueblos indígenas, 2) Colaborar en discusiones estratégicas sobre políticas públicas, aportando perspectivas críticas y evaluando las posibles implicaciones en el proyecto, 3) Mantenerse informado sobre cambios en la política pública y ajustes en la arquitectura institucional, anticipando posibles efectos en el proyecto, 4) Contribuir a la construcción de documentos estratégicos que aborden la relación entre el proyecto y la política pública, proporcionando análisis y recomendaciones, 5) Colaborar en la formulación de propuestas de política que respalden los objetivos del proyecto, teniendo en cuenta los cambios en la política pública, 6) Analizar documentos normativos relevantes para asegurar que la implementación del proyecto esté alineada con las políticas públicas vigentes, 7) Realizar evaluaciones de impacto de las políticas públicas en el proyecto, considerando tanto los aspectos a corto plazo como los efectos a largo plazo, 8) Brindar asesoramiento estratégico al equipo del proyecto sobre cómo adaptarse y beneficiarse de los cambios en la política pública, 9) Contribuir activamente en la toma de decisiones estratégicas, asegurando que se consideren las implicaciones a largo plazo de las políticas públicas, 10) participar en la planificación a largo plazo del proyecto, anticipando cambios en la política pública y ajustando la estrategia en consecuencia. | M66: =ROUND(E66*(1+$Q$66),0) -> 6571800 | P66: SMMLV 2025 | Q66: 0.0953
B67: 1.8 | C67: Profesional en pedagogia | D67: 1 | E67: 6000000 | F67: 3 | G67: 18000000 | H67: Profesional en Ciencias Sociales, indígena o no, con título universitario y al menos dos (2) años de experiencia. Deberá certificar conocimientos en diseño e implementación de metodologías para el trabajo con grupos sociales. Es esencial tener habilidades de coordinación y comunicación con organizaciones indígenas, especialmente aquellas vinculadas a la MPC. Se valorará conocimiento en enfoques diferenciales, excelentes habilidades comunicativas, relaciones interculturales, capacidad analítica, redacción escrita y expresión oral. Se requiere una actitud positiva hacia contenidos humanísticos, interés en la transformación social, desarrollo investigativo y apoyo en el diseño metodológico para procesos archivísticos. Este perfil será fundamental para garantizar un enfoque participativo y respetuoso en la implementación de procesos sociales dentro del proyecto. | J67: 1) Realizar investigaciones detalladas sobre las prácticas culturales y contextos específicos de las autoridades indígenas, identificando métodos de participación culturalmente apropiados para abordar la problemática relacionada con drogas, 2) Desarrollar talleres y dinámicas que fomenten la participación activa de las autoridades indígenas, asegurando que se ajusten a sus preferencias y modos tradicionales de interacción, 3) Integrar métodos participativos tradicionales de las comunidades indígenas en la metodología, respetando sus formas de toma de decisiones y expresión, 4) Colaborar en la creación de materiales de difusión que sean participativos y culturalmente sensibles, utilizando medios visuales, orales y escritos según sea necesario, 5) Facilitar sesiones informativas y participativas para garantizar que la difusión de información sea bidireccional, permitiendo la retroalimentación y preguntas de las autoridades indígenas, 6) Adaptar mensajes de difusión para que sean culturalmente relevantes y respetuosos, asegurando que la información se presente de manera comprensible y significativa, 7) Participar activamente en sesiones de trabajo con autoridades indígenas, utilizando las metodologías construidas para fomentar la contribución significativa, 8) Facilitar procesos participativos para analizar información y resultados del proyecto, involucrando a las autoridades indígenas en la interpretación y evaluación, 9) Cocrear documentos sistematizados junto con las autoridades indígenas, permitiendo su participación en la construcción de narrativas y conclusiones, 10) Recopilar retroalimentación continua sobre la efectividad de las metodologías de participación, ajustándolas según las necesidades y expectativas de las autoridades indígenas, 11) Monitorear el nivel de involucramiento y participación de las autoridades indígenas en las distintas etapas del proyecto, asegurando que sus voces sean debidamente representadas, 12) Colaborar estrechamente con facilitadores culturales locales para asegurar la autenticidad y relevancia cultural de las metodologías y la estrategia de difusión, 13) Realizar sesiones de planificación participativa con autoridades indígenas para adaptar y mejorar constantemente las estrategias de participación y difusión. | M67: =ROUND(E67*(1+$Q$66),0) -> 6571800
B68: 1.9 | C68: Comunicador | D68: 2 | E68: 4000000 | F68: 3 | G68: 24000000 | H68: Comunicador Indígena o no, con experiencia de dos (2) años en manejo de redes sociales, diseño gráfico y con excelente expresión oral y escrita. Se valorará favorablemente pertenecer a un pueblo indígena y manejo de la aplicación del enfoque diferencial y buena disposición para trabajar en equipo. | J68: 1) Crear mensajes que respeten y reflejen la sensibilidad cultural, utilizando un lenguaje apropiado y evitando la apropiación cultural, 2) Utilizar medios de comunicación tradicionales, como la oralidad, la narrativa visual y las representaciones artísticas, para llegar de manera efectiva a las comunidades indígenas, 3) Desarrollar un plan estratégico para la difusión que considere los momentos clave del proyecto y los canales de comunicación más efectivos, 4) Adaptar la difusión de información según el tiempo y el contexto cultural, considerando eventos significativos y festividades en las comunidades indígenas, 5) Establecer canales de comunicación bidireccional para permitir que las comunidades indígenas también expresen sus inquietudes y preguntas, 6) Realizar grupos de enfoque y consultas con miembros de la comunidad para entender sus preocupaciones y adaptar la estrategia de difusión en consecuencia 7) Realizar un seguimiento constante de la recepción de la información, ajustando la estrategia de difusión según la retroalimentación y los cambios en la dinámica comunitaria, 8) Evaluar el impacto de la comunicación en las comunidades, midiendo la comprensión, la aceptación y la participación en el proyecto, 9) Asegurarse de obtener el consentimiento informado de las comunidades antes de la difusión de información relacionada con el proyecto, 10) Garantizar la privacidad y confidencialidad de la información sensible, respetando las normas éticas y legales. | M68: =ROUND(E68*(1+$Q$66),0) -> 4381200
B69: 1.10 | C69: Sistematizador (profesional del área social y/o en gestión documental) | D69: 7 | E69: 4600000 | F69: 3 | G69: 96600000 | H69: Profesional, indígena o no, en ciencias sociales o áreas afines, con experiencia mínima de dos (2) años, preferiblemente en trabajo con comunidades y organizaciones indígenas. Debe demostrar buena disposición para el trabajo en equipo, así como excelentes capacidades comunicacionales, relaciones interculturales y profesionales. Un excelente nivel analítico, expresión oral y escrita son fundamentales. Se requiere habilidad en el manejo de herramientas informáticas, incluyendo Excel, Word y PowerPoint, y experiencia en la sistematización de documentos. Este perfil será esencial para asegurar una comunicación efectiva y un enfoque participativo en el trabajo comunitario del proyecto. | J69: 1) Facilitar y participar en ejercicios de sistematización durante eventos clave del proyecto, capturando detalladamente las discusiones, decisiones y aportes de las autoridades indígenas, 2) Realizar transcripciones precisas de entrevistas y reuniones con las autoridades indígenas, asegurando una documentación detallada de sus perspectivas y contribuciones, 3) Utilizar medios audiovisuales, cuando sea posible y apropiado, para complementar la captura de información, garantizando la fidelidad de los datos registrados, 4) Organizar la información recopilada en formatos accesibles y comprensibles, estableciendo una estructura lógica para facilitar la sistematización, 5) Analizar la información para identificar temas clave, patrones y tendencias que puedan ser relevantes para el análisis de las autoridades indígenas, 6) Elaborar reportes parciales durante diferentes fases del proyecto, proporcionando actualizaciones y resúmenes que contribuyan al análisis continuo, 7) Colaborar con el equipo en la redacción de documentos finales sistematizados, integrando la información recopilada de manera coherente y articulada, 8) Revisar y editar documentos para garantizar la precisión, coherencia y claridad en la presentación de resultados y conclusiones, 9) Asegurar que los documentos finales reflejen fielmente las perspectivas y voces de las autoridades indígenas, respetando su contexto cultural y lingüístico, 10) Validar los documentos finales con las autoridades indígenas, solicitando su revisión y aportes para garantizar la exactitud y autenticidad de la representación, 11) Integrar recomendaciones y acciones sugeridas por las autoridades indígenas en los documentos finales, asegurando una presentación completa de sus visiones y propuestas, 12) Facilitar sesiones de retroalimentación con las autoridades indígenas para validar la interpretación de la información y corregir posibles malentendidos, 13) Adaptar la sistematización de acuerdo con los comentarios recibidos durante las sesiones de retroalimentación, garantizando la precisión y relevancia de la información presentada. | M69: =ROUND(E69*(1+$Q$66),0) -> 5038380
B70: 2 | C70: EQUIPO TECNICO ADMINISTRATIVO | M70: =ROUND(E70*(1+$Q$66),0) -> 0
B71: 2.1 | C71: Contador | D71: 1 | E71: 4000000 | F71: 3 | G71: 12000000 | H71: Profesional, indígena o no, con título de pregrado en contabilidad pública y al menos dos (2) años de experiencia. Debe destacar en habilidades de coordinación y poseer capacidad para supervisar procesos contables y realizar un control presupuestal efectivo. Este perfil será crucial para garantizar la integridad y eficiencia en la gestión financiera del proyecto, contribuyendo al éxito y cumplimiento de objetivos. | J71: 1) Establecer y supervisar procesos contables sólidos para todas las transacciones relacionadas con el proyecto, desde la recepción de fondos hasta los pagos y registros, 2) Garantizar la integridad y precisión en los registros financieros, asegurándose de que todas las transacciones sean debidamente documentadas y registradas, 3) Mantenerse actualizado sobre las normativas contables y financieras pertinentes, asegurando el cumplimiento con las regulaciones locales e internacionales, 4) Coordinar y supervisar al equipo contable, asegurando una distribución eficiente de responsabilidades y una comunicación efectiva, 5) Asignar recursos de manera eficiente para cubrir las necesidades contables del proyecto, considerando las cargas de trabajo y las habilidades del equipo, 6) Identificar y gestionar proactivamente los riesgos financieros, implementando controles adecuados para mitigar posibles problemas, 7) Establecer y mantener la segregación de funciones en el equipo contable para prevenir conflictos de interés y fortalecer la transparencia, 8) Generar informes financieros periódicos que proporcionen una visión clara y precisa del estado financiero del proyecto, cumpliendo con los requisitos establecidos, 9) Asegurar que todas las obligaciones contables, como declaraciones fiscales y reportes financieros, se realicen en tiempo y forma de acuerdo con los plazos establecidos, 10) Facilitar y colaborar con auditores externos durante las auditorías periódicas, proporcionando toda la documentación necesaria y asegurando un proceso sin contratiempos. | M71: =ROUND(E71*(1+$Q$66),0) -> 4381200
B72: 2.2 | C72: Auxiliar contable | D72: 1 | E72: 3500000 | F72: 3 | G72: 10500000 | H72: Persona, indígena o no, con título de formación técnica contable y un año de experiencia. Debe demostrar un adecuado manejo de los programas de Office y conocimientos en procesos administrativos y control interno. Experiencia en procesos contables vinculados a la ejecución de proyectos y habilidades en la elaboración de informes contables son esenciales. Además, se requiere capacidad para atender y servir de manera ágil, amable y eficaz las solicitudes de organizaciones de la MPC y el Gobierno Nacional. Debe contar con conocimientos en la realización de inventarios y control de recursos como materiales, mobiliario, equipos de oficina, suministros y papelería asignados. La colaboración continua en otras labores asignadas es un aspecto clave para este rol. | J72: 1) Mantener una comunicación abierta y continua con el equipo contable para comprender las necesidades específicas del convenio y los procedimientos establecidos, 2) Colaborar en la coordinación de tareas contables, asegurando que la carga de trabajo se distribuya eficientemente y se cumplan los plazos, 3) Asistir en el registro preciso de transacciones financieras, asegurando la documentación adecuada y la consistencia con los requisitos contables, 4) Revisar documentos financieros para garantizar su precisión y conformidad con las normativas y políticas establecidas, 5) Organizar y mantener la documentación de respaldo necesaria para las transacciones contables, facilitando auditorías internas y externas, 6) Colaborar en la recopilación de información necesaria para la elaboración de informes financieros, asegurando que se incluyan todos los datos relevantes, 7) Asistir en el análisis de datos contables para identificar tendencias, variaciones y cualquier aspecto que requiera atención especial, 8) Contribuir en la preparación de informes financieros parciales, proporcionando actualizaciones periódicas sobre el estado financiero del proyecto, 9) Mantenerse informado sobre las normativas contables y financieras vigentes, asegurando que el equipo esté al tanto de cualquier cambio relevante, 10) Colaborar en la revisión de procesos para garantizar que todas las operaciones contables cumplan con las normativas y requisitos establecidos. | M72: =ROUND(E72*(1+$Q$66),0) -> 3833550
B77: IDENTIFICACION | C77: ENTIDAD | D77: PROCESO | E77: CONTRATISTA | F77: AÑO | G77: MES FIRMA CONTRATO | H77: LINK
B78: 4 | C78: Ministerio de Salud | D78: MSPS-CD-1412-2024 | E78: OPIAC | F78: 2024 | G78: Septiembre | H78: https://community.secop.gov.co/Public/Tendering/OpportunityDetail/Index?noticeUID=CO1.NTC.6636980&isFromPublicArea=True&isModal=true&asPopupView=true
M80: ACTUALIZACION DE PRECIOS
B81: DETALLE | C81: CANTIDAD | D81: UNIDAD DE MEDIDA | E81: # DE PAGOS | F81: VALOR UNITARIO | G81: VALOR TOTAL | H81: DESCRIPCIÓN DEL PERFIL | M81: Valor mensual actualizado
B82: Coordinador General | C82: 1 | D82: Meses | E82: 4 | F82: 9000000 | G82: 36000000 | H82: Profesional en ciencias de la salud o carreras afines, con posgrado en áreas relacionadas con experiencia profesional mínima de (52) meses o Experto indígena en salud propia de preferencia en temas enfocados en SISPI con mínimo (mínimo (76) meses de experiencia laboral en dirección de procesos, convenios y/o proyectos con pueblos indígenas amazónicos certificada por una estructura organizativa indígena. | M82: =ROUND(F82*(1+$Q$66),0) -> 9857700
B83: Profesional Contable | C83: 1 | D83: Meses | E83: 4 | F83: 7500000 | G83: 30000000 | H83: Titulo profesional en contabilidad con especializacion experiencia profesional de (28) meses o Profesional en contabilidad con experiencia profesional mínima de cuatro (52) mes preferiblemente de trabajo con Pueblos Indígenas certificada por una estructura organizativa indígena | M83: =ROUND(F83*(1+$Q$66),0) -> 8214750
B84: Asistente juridico | C84: 1 | D84: Meses | E84: 4 | F84: 5500000 | G84: 22000000 | H84: Profesional en Derecho con posgrado con experiencia profesional mínima de diez (10) meses o Profesional en Derecho preferiblemente indígena con experiencia profesional mínima de (34) meses preferiblemente en trabajo con Pueblos Indígenas certificada por una estructura organizativa indígena. | M84: =ROUND(F84*(1+$Q$66),0) -> 6024150
B85: Apoyo administrativo y logistico | C85: 3 | D85: Meses | E85: 4 | F85: 6000000 | G85: 72000000 | H85: Profesional en áreas administrativas, contables o afines con especialización en áreas afines con experiencia profesional de trece (13) meses con habilidades en desarrollo de espacios comunitarios y logística de eventos, con conocimientos ofimáticos e informática y funciones administrativas de archivo, control, elaboración de correspondencia. Lider indígena de apoyo en áreas administrativas y logísticas con experiencia de (37) meses en desarrollo de espacios comunitarios y logística de eventos, con conocimientos ofimáticos e informática y funciones administrativas de archivo, control, elaboración de correspondencia, certificada por una estructura organizativa indígena. | M85: =ROUND(F85*(1+$Q$66),0) -> 6571800
B86: Profesional Jurídico | C86: 1 | D86: Meses | E86: 4 | F86: 7500000 | G86: 30000000 | H86: Profesional en Derecho con especializacion en areas relacionada con experiencia profesional mínima (28) meses preferiblemente en trabajo con Pueblos Indígenas certificada por una estructura organizativa, o Profesional en Derecho con experiencia profesional minima de 52 meses preferiblemente en trabajo con Pueblos Indígenas certificada por una estructura organizativa indígena. | M86: =ROUND(F86*(1+$Q$66),0) -> 8214750
B87: Analista Financiero | C87: 1 | D87: Meses | E87: 4 | F87: 7500000 | G87: 30000000 | H87: Profesional en ingeniería industrial, administración, finanzas, ciencias económicas, o afines con especialización en areas relacionadas y experiencia profesional de (28) meses preferiblemente con pueblos indígenas certificada por una estructura organizativa indígena, o Profesional en ingeniería industrial, administración, finanzas, ciencias económicas, o afines, con experienciaprofesional de 52 meses preferiblemente en trabajo con pueblos indígenas certificada por una estructura organizativa indígena. | M87: =ROUND(F87*(1+$Q$66),0) -> 8214750
B88: Asesor en salud tipo 1 | C88: 1 | D88: Meses | E88: 4 | F88: 7500000 | G88: 30000000 | H88: Profesional en ciencias de la salud con especializacion en salud o areas afines con experiencia profesional de (28) meses o Experto indígena en salud propia de preferencia enfocados en SISPI con experiencia de 52 meses en el desarrollo de procesos de acompañamiento y asesoría en acciones de salud propia e intercultural, certificada por una estructura organizativa indígena. | M88: =ROUND(F88*(1+$Q$66),0) -> 8214750
B89: Asesor politico organizativo y cultural Linea 1 y 2 | C89: 3 | D89: Meses | E89: 4 | F89: 7500000 | G89: 90000000 | H89: Líder indígena con conocimientos en salud propia preferiblemente enfocado en SISPI, con experiencia profesional de mínimo 52 meses en procesos politicos organizativos, certificada por una estructura organizativa indígena. | M89: =ROUND(F89*(1+$Q$66),0) -> 8214750
B90: Profesional en Ciencias Económicas o Administrativas | C90: 2 | D90: Meses | E90: 4 | F90: 7500000 | G90: 60000000 | H90: Profesional en ciencias económicas y/o administrativas con especialización y experiencia profesional de (28) meses o Profesional en ciencias económicas y/o administrativas con especialización con experiencia profesional de 52 meses de preferencia con conocimientos en SISPI, financiamiento sistema de salud propia, certificada por una estructura organizativa indígena. | M90: =ROUND(F90*(1+$Q$66),0) -> 8214750
B91: Sistematizador Tipo 1 | C91: 4 | D91: Meses | E91: 4 | F91: 6000000 | G91: 96000000 | H91: Profesional en cualquier área del conocimiento con especialización y experiencia profesional mínima xperiencia profesional de (13) meses o Experto indígena, con experiencia profesional mínima de 37 meses con conocimiento en procesos de sistematización, construcción y consolidación de documentos técnicos, certificada por una estructura organizativa indígena. | M91: =ROUND(F91*(1+$Q$66),0) -> 6571800
B92: Profesional de sistema de información geografica tipo I | C92: 1 | D92: Meses | E92: 4 | F92: 6500000 | G92: 26000000 | H92: Profesional geógrafo, ingeniero catastral y/o afines a la actividad a desempeñar con especialización, experiencia profesional de (19) meses preferiblemente que haya apoyado procesos del área a desempeñar con Organizaciones o Asociaciones Indígenas, certificada por una estructura organizativa indígena o Profesional geógrafo, ingeniero catastral y/o afines a la actividad a desempeñar , con experiencia profesional de 43 meses preferiblemente que haya apoyado procesos del área a desempeñar con Organizaciones o Asociaciones Indígenas, certificada por una estructura organizativa indígena. | M92: =ROUND(F92*(1+$Q$66),0) -> 7119450
B93: Profesional en Comunicación Social | C93: 1 | D93: Meses | E93: 4 | F93: 6500000 | G93: 26000000 | H93: Profesional en comunicaciones o areas afines con posgrado y experiencia profesional de 19 meses o Profesional en comunicaciones o areas afines con experiencia profesional de 43 meses de preferencia de trabajo con Pueblos Indpigenas certificado por una estructura Organizativa Indígena. | M93: =ROUND(F93*(1+$Q$66),0) -> 7119450
... B95: Experto en comunicación indigena propia | C95: 1 | D95: Meses | E95: 4 | F95: 5000000 | G95: 20000000 | H95: Experto indigena en comunicación propia con tres (3) años de experiencia certificada por estructura organizativa indígena. | M95: =ROUND(F95*(1+$Q$66),0) -> 5476500

Sheet 2. ALIMENTACIÓN-->

Sheet 2.1 Comparativo_Alimentación
B2: COMPARATIVO ALIMENTACIÓN
B4: PROPUESTA PCA FASE DE PRECONSULTA (ACTIVIDAD No. 5), FASE DE CONSULTA PREVIA (FOROS DEPARTAMENTALES) Y FASE DE PROTOCOLIZACIÓN | E4: VALORES DE REFERENCIA
E5: FUENTE 1 | I5: FUENTE 2 | M5: Promedio de Referencia | N5: Variación
B6: Descripción Alimentación | C6: Valor unitario | E6: Proceso | F6: Equivalencia | G6: Valor Unitario | H6: Variación | I6: Proceso | J6: Equivalencia | K6: Valor Unitario | L6: Variación
B7: Un (1), Refrigerio ancestral matutino (a.m.), orientado a fortalecer el reconocimiento y la valoración de las prácticas alimenticias tradicionales de los pueblos étnicos. El refrigerio incluye productos propios de la cultura ancestral, elaborados con ingredientes autóctonos y bajo técnicas culinarias tradicionales, promoviendo la soberanía alimentaria y el enfoque diferencial e intercultural. | C7: 32000 | E7: ='2.2 Fuentes_Alimentación'!$D$6 -> CD-399-2024. | F7: ='2.2 Fuentes_Alimentación'!B10 -> Refrigerios ancestrales am (Delegados/as y Funcionarios/as) | G7: ='2.2 Fuentes_Alimentación'!M10 -> 35360 | H7: =C7/G7-1 -> -0.095022624 | I7: ='2.2 Fuentes_Alimentación'!$D$18 -> MJD-LP-001-2025 | J7: Refrigerios Especiales 1 | K7: ='2.2 Fuentes_Alimentación'!F22 -> 31736 | L7: =C7/K7-1 -> 0.0083186287 | M7: =ROUND(AVERAGE(G7,K7),0) -> 33548 | N7: =C7/M7-1 -> -0.04614284
B8: Un (1), Almuerzo ancestral completo, preparado con base en recetas, ingredientes y técnicas culinarias propias de los pueblos étnicos, promoviendo el respeto por la diversidad cultural, la soberanía alimentaria y la valoración de los saberes tradicionales en contextos institucionales y pedagógicos. | C8: 70000 | E8: ='2.2 Fuentes_Alimentación'!$D$6 -> CD-399-2024. | F8: ='2.2 Fuentes_Alimentación'!B12 -> Almuerzos ancestrales (Delegados/as y Funcionarios/as) | G8: ='2.2 Fuentes_Alimentación'!M12 -> 70719 | H8: =C8/G8-1 -> -0.010166999 | I8: ='2.2 Fuentes_Alimentación'!$D$18 -> MJD-LP-001-2025 | J8: Almuerzo o cena tipo empresarial | K8: ='2.2 Fuentes_Alimentación'!F27 -> 70924 | L8: =C8/K8-1 -> -0.01302803 | M8: =ROUND(AVERAGE(G8,K8),0) -> 70822 | N8: =C8/M8-1 -> -0.011606563
B9: Un (1), Refrigerio ancestral vespertino (p.m.), compuesto por preparaciones tradicionales de los pueblos étnicos, elaboradas con ingredientes nativos y técnicas culinarias ancestrales. Este servicio busca fortalecer la identidad cultural a través de la alimentación, visibilizando prácticas y saberes gastronómicos propios en el marco de actividades institucionales. | C9: 32000 | E9: ='2.2 Fuentes_Alimentación'!$D$6 -> CD-399-2024. | F9: ='2.2 Fuentes_Alimentación'!B11 -> Refrigerios ancestrales pm (Delegados/as y Funcionarios/as) | G9: ='2.2 Fuentes_Alimentación'!M11 -> 35360 | H9: =C9/G9-1 -> -0.095022624 | I9: ='2.2 Fuentes_Alimentación'!$D$18 -> MJD-LP-001-2025 | J9: Refrigerios Especiales 1 | K9: ='2.2 Fuentes_Alimentación'!F22 -> 31736 | L9: =C9/K9-1 -> 0.0083186287 | M9: =ROUND(AVERAGE(G9,K9),0) -> 33548 | N9: =C9/M9-1 -> -0.04614284
B10: *Para todos los foros departamentales y la etapa de preconsulta, sin importar el lugar y la cantidad de participantes, la propuesta relaciona el mismo valor para cada tipo de comida

Sheet 2.2 Fuentes_Alimentación
B3: OTROS PROCESOS
B5: IDENTIFICACION | C5: ENTIDAD | D5: PROCESO | E5: CONTRATISTA | F5: AÑO | G5: MES FIRMA CONTRATO | H5: LINK
B6: 1 | C6: MINISTERIO DE MINAS Y ENERGIA | D6: CD-399-2024. | E6: ASOCIACION PROYECTO CULTURAL AFRODESCENDIENTE | F6: 2024 | H6: https://community.secop.gov.co/Public/Tendering/OpportunityDetail/Index?noticeUID=CO1.NTC.6749898&isFromPublicArea=True&isModal=true&asPopupView=true
B9: ITEM( Bien o servicios) | C9: Nº De dias/meses | D9: Dias/meses | E9: Costo Unitario | F9: Cantidad | G9: Unidad de medida | H9: IVA | I9: % IVA | J9: Valor Unitario Incluido IVA | K9: Subtotal | L9: Valor Total Incluido IVA | M9: Precio Actualizado | O9: VARIABLE UTILIZADA PARA ACTUALIZACION DE PRECIO | Q9: VARIABLE UTILIZADA PARA ACTUALIZACION DE PRECIO | S9: VARIABLE UTILIZADA PARA ACTUALIZACION DE PRECIO
B10: Refrigerios ancestrales am (Delegados/as y Funcionarios/as) | C10: 2 | D10: Dias | E10: 30000 | F10: 70 | G10: Unidad | H10: =+E10*8% -> 2400 | I10: 0.08 | J10: =+H10+E10 -> 32400 | K10: =+E10*F10*C10 -> 4200000 | L10: =+J10*F10*C10 -> 4536000 | M10: =ROUND(J10*(1+$R$10)*(1+$T$10),0) -> 35360 | O10: IPC Total 2023 | P10: 0.0928 | Q10: IPC Total 2024 | R10: 0.052 | S10: IPC a Junio 2025 | T10: 0.0374
B11: Refrigerios ancestrales pm (Delegados/as y Funcionarios/as) | C11: 2 | D11: Dias | E11: 30000 | F11: 70 | G11: Unidad | H11: =+E11*8% -> 2400 | I11: 0.08 | J11: =+H11+E11 -> 32400 | K11: =+E11*F11*C11 -> 4200000 | L11: =+J11*F11*C11 -> 4536000 | M11: =ROUND(J11*(1+$R$10)*(1+$T$10),0) -> 35360
B12: Almuerzos ancestrales (Delegados/as y Funcionarios/as) | C12: 2 | D12: Dias | E12: 60000 | F12: 70 | G12: Unidad | H12: =+E12*8% -> 4800 | I12: 0.08 | J12: =+H12+E12 -> 64800 | K12: =+E12*F12*C12 -> 8400000 | L12: =+J12*F12*C12 -> 9072000 | M12: =ROUND(J12*(1+$R$10)*(1+$T$10),0) -> 70719
B17: IDENTIFICACION | C17: ENTIDAD | D17: PROCESO | E17: CONTRATISTA | F17: AÑO | G17: MES FIRMA CONTRATO | H17: LINK
B18: 1 | C18: MINISTERIO DE JUSTICIA | D18: MJD-LP-001-2025 | E18: CENTURY | F18: 2025 | H18: https://community.secop.gov.co/Public/Tendering/OpportunityDetail/Index?noticeUID=CO1.NTC.7932794&isFromPublicArea=True&isModal=true&asPopupView=true
C20: Refrigerios Básicos: Producto de panadería (pastel de pollo o pastel de carne o pastel gloria o dedito de queso) + Bebida en caja, empaque en bolsa de papel y servilletas. (Incluido transporte en perímetro urbano).(EL VALOR UNITARIO CORRESPONDE AL VALOR POR PERSONA). * No está permitido el uso de plástico para empaques, los desechables deben ser aptos por acciones amigables con el medio ambiente. | D20: 1 | E20: 26250 | F20: 19819
C21: Refrigerios Básicos con fruta: Producto de panadería (pastel de pollo o pastel de carne o pastel gloria o dedito de queso) + Bebida en caja+ Fruta (mandarina o manzana verde o pera verde), empaque en bolsa de papel y servilletas. (Incluido transporte en perímetro urbano) (EL VALOR UNITARIO CORRESPONDE AL VALOR POR PERSONA). * No está permitido el uso de plástico para empaques, los desechables deben ser aptos por acciones amigables con el medio ambiente. | D21: 1 | E21: 31365 | F21: 23681
C22: Refrigerios Especiales 1: Sánduche de pollo o rosbif en pan baguete de 15 cm , sin lechuga, con vegetales a elección o Wrap de Pollo o carne sin lechuga+ vegetales a elección + Bebida (jugo en botella de vidrio) + Fruta (mandarina o manzana verde o pera verde) + Chocolatina de 6 grs. con empaque en bolsa de papel y servilletas, (Incluido transporte en perímetro Urbano ). * (EL VALOR UNITARIO CORRESPONDE AL VALOR POR PERSONA). * No está permitido el uso de plástico para empaques, los desechables deben ser aptos por acciones amigables con el medio ambiente. | D22: 1 | E22: 42035 | F22: 31736
C23: Desayuno tipo Americano: Café y Té, Jugo de frutas (dos variedades) Pan, tostadas, mermelada, mantequilla, leche, yogurt (mínimo dos variedades) y variedad de cereales (mínimo dos tipos de cereal), jamón (bajo en grasa dos piezas), (Variedad de quesos: emmental, mozarela, cheddar, gouda, provolone, Edam, ((mínimo tres piezas, mínimo dos variedades)). menaje (cristalería, vajilla en cerámica o porcelana) debe incluir, menaje pesado para el servicio y transporte en perímetro urbano ida y regreso. | D23: 1 | E23: 57516 | F23: 43425
C24: Desayuno tipo Brunch: Variedad de Jugos (naranja, mandarina, lulo, maracuyá), canasta de panes y croissants, Tortilla de huevos (de 65 grs. a 100 grs. ,caliente), fruta picada (papaya, melón, fresas de exportación partidas en dos), Bebida Caliente (café con leche, café negro, Té, Aromática, chocolate con leche) queso en rodajas: variedad de quesos: emmental, mozarela, cheddar, gouda, provolone, Edam, ((mínimo tres piezas, mínimo dos variedades)), jamón bajo en grasa (dos piezas), menaje (cristalería y vajilla en cerámica o porcelana, cubertería), samovar Var para mantener la comida caliente (los que sean necesarios),debe incluir menaje pesado (mesas y mantelería para estación de servicio) y transporte en perímetro urbano ida y regreso. | D24: 1 | E24: 71922 | F24: 54301
C25: Almuerzo o cena básico: Entrada, Plato Fuerte, Postre (fruta o chocolatina de 6 grs.), menaje (cristalería y vajilla en cerámica o porcelana, cubertería), menaje pesado (mesas y mantelería para estación de servicio), samovar Var para mantener la comida caliente (los que sean necesarios). Debe incluir transporte en perímetro Urbano ida y regreso. | D25: 1 | E25: 80156 | F25: 60518
C26: Almuerzo o cena para eventos itinerantes: 1 jugo en cajita, 150grs de proteína (pollo, carne o pescado), 100grs de papa, 100grs arroz, 40grs de grano, 1 porción de fruta (papaya, banano, fresas partidas en dos), postre (chocolatina de 6 grs. o brownie), empaque (debe ser ecológico, no se permite acopar o plástico), servilletas, cubiertos desechables biodegradables. Los almuerzos deben ser entregados calientes y debe incluir el transporte en perímetro urbano ida y regreso. | D26: 1 | E26: 70229 | F26: 53023
C27: Almuerzo o cena tipo empresarial: Proteína en entrada, plato fuerte (menú a seleccionar), ensalada (se deben presentar mínimo dos propuestas para elección), jugo y postre. Menaje (cristalería y vajilla en cerámica o porcelana, cubertería), menaje pesado (mesas y mantelería para servicio), debe incluir samovar Var para mantener la comida caliente; (los que sean necesarios) y transporte en perímetro urbano ida y regreso. | D27: 1 | E27: 93939 | F27: 70924
C28: Estación de café para 100 pax con galletas, agua (botellón), aromática, tinto, menaje pesado (mesas y mantelería para estación de servicio), menaje para atender al público (vasos de vidrio para el agua, vajilla de porcelana o cerámica), mezcladores, azúcar, splenda e instacream, debe incluir personal de servicio (Mínimo 2 meseros) y transporte en perímetro urbano (ida y regreso). La estación de café debe estar muy bien presentada y el azúcar, aromáticas, splenda e instacream deben estar en recipientes que permitan que la estación se vea organizada. (EL VALOR UNITARIO CORRESPONDE A LA ESTACIÓN COMPLETA PARA LAS 100 PAX NO AL VALOR POR PERSONA ) *No está permitido el uso de plástico para empaques, los desechables deben ser aptos por acciones amigables con el medio ambiente. | D28: 1 | E28: 2221460 | F28: 1677202

Sheet 3. LOGISTICA-->

Sheet 3.1 Comparativo_Logística
B2: COMPARATIVO ALIMENTACIÓN
B4: PROPUESTA PCA | E4: VALORES DE REFERENCIA
E5: FUENTE 1 | I5: FUENTE 2 | M5: PROMEDIO DE REFERENCIA | N5: VARIACIÓN
B6: Descripción Salones | C6: Valor unitario | E6: Proceso | F6: Equivalencia | G6: Valor Unitario | H6: Variación | I6: Proceso | J6: Equivalencia | K6: Valor Unitario | L6: Variación
B7: Alquiler de UN (1), salón de eventos por Un (1), día de ocho (8) horas, con ayudas audiovisuales (video beam/proyector - sonido y micrófonos, silletería y mesas) Capacidad: 59 a 69 personas 79 (Riohacha) | C7: 3500000 | E7: ='3.2 Fuentes_Logística'!$D$6 -> CD-399-2024. | F7: ='3.2 Fuentes_Logística'!B19 -> Salón de eventos, dotado con ayudas audiovisuales (video beam/proyector - sonido y microfonos) Pax 55 personas, en acomodación tipo aula | G7: ='3.2 Fuentes_Logística'!M19 -> 3896101 | H7: =C7/G7-1 -> -0.101666 | I7: ='3.2 Fuentes_Logística'!$D$27 -> MJD-CD-892-2024 | J7: ='3.2 Fuentes_Logística'!$B$30 -> Salòn de eventos Pax 70 (Ayudas audiovisuales y sonido) Sesion Comision VI - ENCP | K7: ='3.2 Fuentes_Logística'!$G$30 -> 3274034 | L7: =C7/K7-1 -> 0.069017609 | M7: =ROUND(AVERAGE(G7,K7),0) -> 3585068 | N7: =C7/M7-1 -> -0.02372842
B8: Alquiler de UN (1), salón de eventos por Un (1), día de ocho (8) horas, con ayudas audiovisuales (video beam/proyector - sonido y micrófonos, silletería y mesas) Capacidad: 109 personas | C8: 4500000 | E8: ='3.2 Fuentes_Logística'!$D$6 -> CD-399-2024. | F8: ='3.2 Fuentes_Logística'!B10 -> Salón de eventos, dotado con ayudas audiovisuales (video beam/proyector - sonido y microfonos) Pax 70 personas, en acomodación tipo aula | G8: ='3.2 Fuentes_Logística'!M10 -> 5454541 | H8: =C8/G8-1 -> -0.17499933 | I8: ='3.2 Fuentes_Logística'!$D$27 -> MJD-CD-892-2024 | J8: ='3.2 Fuentes_Logística'!$B$30 -> Salòn de eventos Pax 70 (Ayudas audiovisuales y sonido) Sesion Comision VI - ENCP | K8: ='3.2 Fuentes_Logística'!$G$30 -> 3274034 | L8: =C8/K8-1 -> 0.37445121 | M8: =ROUND(AVERAGE(G8,K8),0) -> 4364288 | N8: =C8/M8-1 -> 0.031096023
B9: Alquiler de Un (1), salón de eventos, por Un (1) día de ocho (8) horas, que cuente con ayudas audiovisuales (video beam o proyector, sistema de sonido, micrófonos, silletería , mesas y salon auxiliar para funcionarios o equipo), en acomodación tipo aula, Capacidad: 74 a 89 personas | C9: 5000000 | E9: CD-399-2024 y MJD-CD-1039-2023 | F9: MJD-CD-892-2024 Salón de eventos, dotado con ayudas audiovisuales (video beam/proyector - sonido y microfonos) Pax 70 personas, en acomodación tipo aula. Al precio anterior se suma el costo de un salón para 18 personas del proceso MJD-CD-1039-2023 | G9: ='3.2 Fuentes_Logística'!M10+'3.2 Fuentes_Logística'!H268 -> 6050852 | H9: =C9/G9-1 -> -0.17367009 | I9: MJD-CD-892-2024 y MJD-CD-1039-2023 | J9: MJD-CD-892-2024 Salòn de eventos Pax 70 (Ayudas audiovisuales y sonido) Sesion Comision VI - ENCP. Al precio anterior se suma el costo de un salón para 18 personas del proceso MJD-CD-1039-2023 | K9: ='3.2 Fuentes_Logística'!$G$30+'3.2 Fuentes_Logística'!H268 -> 3870345 | L9: =C9/K9-1 -> 0.2918745 | M9: =ROUND(AVERAGE(G9,K9),0) -> 4960599 | N9: =C9/M9-1 -> 0.0079427908
B10: Alquiler de Un (1), salón de eventos por ocho (8) horas, que cuente con ayudas audiovisuales (video beam o proyector, sistema de sonido, micrófonos, silletería , mesas y salon auxiliar para funcionarios o equipo), en acomodación tipo media aula, Capacidad: 263 personas | C10: 8650000 | E10: CD-399-2024 y MJD-CD-1039-2023 | F10: CD-399-2024: Salón de eventos, dotado con ayudas audiovisuales (video beam/proyector - sonido y microfonos) Pax 70 personas, en acomodación tipo aula. Se multiplica por dos para contemplar el alquiler de un salon de mayor capacidad. Al precio anterior se suma el costo de un salón para 18 personas del proceso MJD-CD-1039-2023 | G10: ='3.2 Fuentes_Logística'!M10*2+'3.2 Fuentes_Logística'!H268 -> 11505393 | H10: =C10/G10-1 -> -0.24817866 | I10: MJD-CD-892-2024 y MJD-CD-1039-2023 | J10: MJD-CD-892-2024: Salòn de eventos Pax 70 (Ayudas audiovisuales y sonido) Sesion Comision VI - ENCP. Se multiplica por dos para contemplar el alquiler de un salon de mayor capacidad. Al precio anterior se suma el costo de un salón para 18 personas del proceso MJD-CD-1039-2023 | K10: ='3.2 Fuentes_Logística'!$G$30*2+'3.2 Fuentes_Logística'!H268 -> 7144379 | L10: =C10/K10-1 -> 0.21074204 | M10: =ROUND(AVERAGE(G10,K10),0) -> 9324886 | N10: =C10/M10-1 -> -0.072374719
B12: Hay un error en determinar un costo de salón ($5.000.000) para capacidades menores Incluir nota explicativa de los diferentes precios para los salones | E12: OK
E13: OK
E14: OK
B17: PROPUESTA PCA | E17: VALORES DE REFERENCIA
E18: FUENTE 1 | I18: FUENTE 2 | M18: PROMEDIO DE REFERENCIA | N18: VARIACIÓN
B19: Descripción Estación Coffe Break | C19: Valor unitario | E19: Proceso | F19: Equivalencia | G19: Valor Unitario | H19: Variación | I19: Proceso | J19: Equivalencia | K19: Valor Unitario | L19: Variación
B20: Alquiler de Una (1), Estación de Coffee Break, por ocho (8) horas, que incluya Café ilimitado (tinto y/o americano), aromática y agua, galletas o pasabocas dulces/salados, vasos, servilletas, menaje desechable Capacidad: 59, 69, 74 y 89, 79 personas. | C20: 900000 | E20: ='3.2 Fuentes_Logística'!$D$35 -> MJD-LP-001-2025 | F20: Estación de café para 100 pax con galletas, agua (botellón), aromática, tinto, menaje pesado (mesas y mantelería para estación de servicio), menaje para atender al público (vasos de vidrio para el agua, vajilla de porcelana o cerámica), mezcladores, azúcar, splenda e instacream, debe incluir personal de servicio (Mínimo 2 meseros) y transporte en perímetro urbano (ida y regreso). La estación de café debe estar muy bien presentada y el azúcar, aromáticas, splenda e instacream deben estar en recipientes que permitan que la estación se vea organizada. Se hace equivalencia para 70 personas | G20: ='3.2 Fuentes_Logística'!F45/100*70 -> 1174041.4 | H20: =C20/G20-1 -> -0.23341715 | I20: ='3.2 Fuentes_Logística'!D6 -> CD-399-2024. | J20: Estacion de Agua, Café y Aromatica. La actividad asociada a este costo está planteada para 55 personas. | K20: ='3.2 Fuentes_Logística'!M20 -> 1178652 | L20: =C20/K20-1 -> -0.23641584 | M20: =ROUND(AVERAGE(G20,K20),0) -> 1176347 | N20: =C20/M20-1 -> -0.23491963
B21: Alquiler de Una (1), Estación de Coffee Break, por ocho (8) horas, que incluya Café ilimitado (tinto y/o americano), aromática y agua, galletas o pasabocas dulces/salados, vasos, servilletas, menaje desechable Capacidad: 109 personas | C21: 1200000 | E21: ='3.2 Fuentes_Logística'!$D$35 -> MJD-LP-001-2025 | F21: Estación de café para 100 pax con galletas, agua (botellón), aromática, tinto, menaje pesado (mesas y mantelería para estación de servicio), menaje para atender al público (vasos de vidrio para el agua, vajilla de porcelana o cerámica), mezcladores, azúcar, splenda e instacream, debe incluir personal de servicio (Mínimo 2 meseros) y transporte en perímetro urbano (ida y regreso). La estación de café debe estar muy bien presentada y el azúcar, aromáticas, splenda e instacream deben estar en recipientes que permitan que la estación se vea organizada. | G21: ='3.2 Fuentes_Logística'!F45 -> 1677202 | H21: =C21/G21-1 -> -0.28452268 | I21: ='3.2 Fuentes_Logística'!D6 -> CD-399-2024. | J21: Estacion de Agua, Café y Aromatica. La actividad asociada a este costo está planteada para 55 personas. Se hace equivalencia para 109 personas | K21: ='3.2 Fuentes_Logística'!M20/55*109 -> 2335874 | L21: =C21/K21-1 -> -0.48627365 | M21: =ROUND(AVERAGE(G21,K21),0) -> 2006538 | N21: =C21/M21-1 -> -0.40195501
B22: Alquiler de Una (1), Estación de Coffee Break, por ocho (8) horas, que incluya Café ilimitado (tinto y/o americano), aromática y agua, galletas o pasabocas dulces/salados, vasos, servilletas, menaje desechable Capacidad: 263 personas | C22: 1975000 | E22: ='3.2 Fuentes_Logística'!$D$35 -> MJD-LP-001-2025 | F22: Estación de café para 100 pax con galletas, agua (botellón), aromática, tinto, menaje pesado (mesas y mantelería para estación de servicio), menaje para atender al público (vasos de vidrio para el agua, vajilla de porcelana o cerámica), mezcladores, azúcar, splenda e instacream, debe incluir personal de servicio (Mínimo 2 meseros) y transporte en perímetro urbano (ida y regreso). La estación de café debe estar muy bien presentada y el azúcar, aromáticas, splenda e instacream deben estar en recipientes que permitan que la estación se vea organizada. Se hace equivalencia para 263 personas | G22: ='3.2 Fuentes_Logística'!F45/100*263 -> 4411041.3 | H22: =C22/G22-1 -> -0.55225991 | I22: ='3.2 Fuentes_Logística'!D6 -> CD-399-2024. | J22: Estacion de Agua, Café y Aromatica. La actividad asociada a este costo está planteada para 55 personas. Se hace equivalencia para 263 personas | K22: ='3.2 Fuentes_Logística'!M20/55*263 -> 5636099.6 | L22: =C22/K22-1 -> -0.64958036 | M22: =ROUND(AVERAGE(G22,K22),0) -> 5023570 | N22: =C22/M22-1 -> -0.60685329
B26: PROPUESTA PCA | E26: VALORES DE REFERENCIA
E27: FUENTE 1 | I27: FUENTE 2 | M27: PROMEDIO DE REFERENCIA | N27: VARIACIÓN
B28: Descripción Meseros | C28: Valor unitario | E28: Proceso | F28: Equivalencia | G28: Valor Unitario | H28: Variación | I28: Proceso | J28: Equivalencia | K28: Valor Unitario | L28: Variación
B29: Meseros, uniformados, capacitados y con experiencia en atención de eventos étnicos, para una jornada de ocho (8) horas continuas, con funciones orientadas a garantizar la atención directa a los participantes, apoyo en el montaje y prestación del servicio y reposición de la estación de Coffee Brack y recolección de residuos. | C29: 200000 | E29: ='3.2 Fuentes_Logística'!$D$35 -> MJD-LP-001-2025 | F29: ='3.2 Fuentes_Logística'!C82 -> Mesero turno 8 horas | G29: ='3.2 Fuentes_Logística'!F82 -> 237778 | H29: =C29/G29-1 -> -0.15887929 | I29: ='3.2 Fuentes_Logística'!D6 -> CD-399-2024. | J29: ='3.2 Fuentes_Logística'!B12 -> Meseros | K29: ='3.2 Fuentes_Logística'!M12 -> 260681 | L29: =C29/K29-1 -> -0.23277876 | M29: =ROUND(AVERAGE(G29,K29),0) -> 249230 | N29: =C29/M29-1 -> -0.19752839
B31: El precio unitario del mesero es el mismo en todos los casos
B34: PROPUESTA PCA | E34: VALORES DE REFERENCIA
E35: FUENTE 1 | I35: FUENTE 2 | M35: PROMEDIO DE REFERENCIA | N35: VARIACIÓN
B36: Descripción Registro fotográfico y/o audiovisual | C36: Valor unitario | E36: Proceso | F36: Equivalencia | G36: Valor Unitario | H36: Variación | I36: Proceso | J36: Equivalencia | K36: Valor Unitario | L36: Variación
B37: Contratación de Una (1), persona encargada de realizar el registro fotográfico y/o audiovisual del evento. La persona seleccionada deberá ser originaria del territorio, contar con una experiencia mínima de un (1) año en fotografía y video, conocer las dinámicas territoriales, y mantener una buena relación con las comunidades Negras, Afrocolombianas, Raizales y Palenqueras. Nota: debera cubrir dentro del costo del servicio los gastos necesario para el desarrollo de la actividad (Alimentacion, Transporte y hospedaje) Costo por un día | C37: 1600000 | E37: ='3.2 Fuentes_Logística'!$D$27 -> MJD-CD-892-2024 | F37: ='3.2 Fuentes_Logística'!B32 -> Registro fotogràfico, audio y video Sesion Comision VI - ENCP y Sesión Subcomisión de Mujeres | G37: ='3.2 Fuentes_Logística'!G32 -> 2182690 | H37: =C37/G37-1 -> -0.26695958 | I37: ='3.2 Fuentes_Logística'!$D$6 -> CD-399-2024. | J37: ='3.2 Fuentes_Logística'!$B$13 -> Registro fotográfico y video | K37: ='3.2 Fuentes_Logística'!$M$13 -> 3246751 | L37: =C37/K37-1 -> -0.50719966 | M37: =ROUND(AVERAGE(G37,K37),0) -> 2714721 | N37: =C37/M37-1 -> -0.41062083
B38: Contratación de Una (1), persona encargada de realizar el registro fotográfico y/o audiovisual del evento. La persona seleccionada deberá contar con un auxiliar para el cubrimiento del espacio con camara profesional para tomas principales de filmacion y tomas de apoyo adicionales, estas personas deberan ser originarias del territorio, contar con una experiencia mínima de un (1) año en fotografía y video, conocer las dinámicas territoriales, y mantener una buena relación con las comunidades Negras, Afrocolombianas, Raizales y Palenqueras. Nota: debera cubrir dentro del costo del servicio los gastos necesario para el desarrollo de la actividad (Alimentacion, Transporte y hospedaje) Costo por un día | C38: 2350000 | E38: ='3.2 Fuentes_Logística'!$D$27 -> MJD-CD-892-2024 | F38: ='3.2 Fuentes_Logística'!B32 -> Registro fotogràfico, audio y video Sesion Comision VI - ENCP y Sesión Subcomisión de Mujeres | G38: ='3.2 Fuentes_Logística'!G32 -> 2182690 | H38: =C38/G38-1 -> 0.076653121 | I38: ='3.2 Fuentes_Logística'!$D$6 -> CD-399-2024. | J38: ='3.2 Fuentes_Logística'!$B$13 -> Registro fotográfico y video | K38: ='3.2 Fuentes_Logística'!$M$13 -> 3246751 | L38: =C38/K38-1 -> -0.2761995 | M38: =ROUND(AVERAGE(G38,K38),0) -> 2714721 | N38: =C38/M38-1 -> -0.13434935

Sheet 3.2 Fuentes_Logística
B3: OTROS PROCESOS
B5: IDENTIFICACION | C5: ENTIDAD | D5: PROCESO | E5: CONTRATISTA | F5: AÑO | G5: MES FIRMA CONTRATO | H5: LINK
B6: 1 | C6: MINISTERIO DE MINAS Y ENERGIA | D6: CD-399-2024. | E6: ASOCIACION PROYECTO CULTURAL AFRODESCENDIENTE | F6: 2024 | H6: https://community.secop.gov.co/Public/Tendering/OpportunityDetail/Index?noticeUID=CO1.NTC.6749898&isFromPublicArea=True&isModal=true&asPopupView=true
B8: 70 PERSONAS
B9: ITEM( Bien o servicios) | C9: Nº De dias/meses | D9: Dias/meses | E9: Costo Unitario | F9: Cantidad | G9: Unidad de medida | H9: IVA | I9: % IVA | J9: Valor Unitario Incluido IVA | K9: Subtotal | L9: Valor Total Incluido IVA | M9: ACTUALIZACION | O9: VARIABLE UTILIZADA PARA ACTUALIZACION DE PRECIO | Q9: VARIABLE UTILIZADA PARA ACTUALIZACION DE PRECIO | S9: VARIABLE UTILIZADA PARA ACTUALIZACION DE PRECIO
B10: Salón de eventos, dotado con ayudas audiovisuales (video beam/proyector - sonido y microfonos) Pax 70 personas, en acomodación tipo aula | C10: 2 | D10: Dias | E10: 4200000 | F10: 1 | G10: Unidad | H10: =+E10*19% -> 798000 | I10: 0.19 | J10: =+H10+E10 -> 4998000 | K10: =+E10*F10*C10 -> 8400000 | L10: =+J10*F10*C10 -> 9996000 | M10: =ROUND(J10*(1+$R$10)*(1+$T$10),0) -> 5454541 | O10: IPC Total 2023 | P10: 0.0928 | Q10: IPC Total 2024 | R10: 0.052 | S10: IPC a Junio 2025 | T10: 0.0374
B11: Estacion de Agua, Café y Aromatica | C11: 2 | D11: Dias | E11: 1650000 | F11: 1 | G11: Unidad | H11: =+E11*8% -> 132000 | I11: 0.08 | J11: =+H11+E11 -> 1782000 | K11: =+E11*F11*C11 -> 3300000 | L11: =+J11*F11*C11 -> 3564000 | M11: =ROUND(J11*(1+$R$10)*(1+$T$10),0) -> 1944776 | N11: =M11/70 -> 27782.514
B12: Meseros | C12: 2 | D12: Dias | E12: 200000 | F12: 4 | G12: Personas | H12: =+E12*19% -> 38000 | I12: 0.19 | J12: =+H12+E12 -> 238000 | K12: =+E12*F12*C12 -> 1600000 | L12: =+J12*F12*C12 -> 1904000 | M12: =ROUND(J12*(1+$S$13),0) -> 260681 | R12: VARIABLE UTILIZADA PARA ACTUALIZACION DE PRECIO
B13: Registro fotográfico y video | C13: 2 | D13: Dias | E13: 2500000 | F13: 1 | G13: Sesión | H13: =+E13*19% -> 475000 | I13: 0.19 | J13: =+H13+E13 -> 2975000 | K13: =+E13*F13*C13 -> 5000000 | L13: =+J13*F13*C13 -> 5950000 | M13: =ROUND(J13*(1+$R$10)*(1+$T$10),0) -> 3246751 | R13: Incremento SMMLV 2025 | S13: 0.0953
B16: 51-55-65 PERSONAS
B17: TOTAL SESION COMISION V
B18: ITEM( Bien o servicios) | C18: Nº De dias/meses | D18: Dias/meses | E18: Costo Unitario | F18: Cantidad | G18: Unidad de medida | H18: IVA | I18: % IVA | J18: Valor Unitario Incluido IVA | K18: Subtotal | L18: Valor Total Incluido IVA | M18: ACTUALIZACION
B19: Salón de eventos, dotado con ayudas audiovisuales (video beam/proyector - sonido y microfonos) Pax 55 personas, en acomodación tipo aula | C19: 2 | D19: Día | E19: 3000000 | F19: 1 | G19: Unidad | H19: =+E19*19% -> 570000 | I19: 0.19 | J19: =+H19+E19 -> 3570000 | K19: =+E19*F19*C19 -> 6000000 | L19: =+J19*F19*C19 -> 7140000 | M19: =ROUND(J19*(1+$R$10)*(1+$T$10),0) -> 3896101
B20: Estacion de Agua, Café y Aromatica | C20: 2 | D20: Día | E20: 1000000 | F20: 1 | G20: Unidad | H20: =+E20*8% -> 80000 | I20: 0.08 | J20: =+H20+E20 -> 1080000 | K20: =+E20*F20*C20 -> 2000000 | L20: =+J20*F20*C20 -> 2160000 | M20: =ROUND(J20*(1+$R$10)*(1+$T$10),0) -> 1178652 | N20: =M20/55 -> 21430.036
B21: Meseros | C21: 2 | D21: Día | E21: 200000 | F21: 2 | G21: Personas | H21: =+E21*19% -> 38000 | I21: 0.19 | J21: =+H21+E21 -> 238000 | K21: =+E21*F21*C21 -> 800000 | L21: =+J21*F21*C21 -> 952000 | M21: =ROUND(J21*(1+$S$13),0) -> 260681
B26: IDENTIFICACION | C26: ENTIDAD | D26: PROCESO | E26: CONTRATISTA | F26: AÑO | G26: MES FIRMA CONTRATO | H26: LINK
B27: 2 | C27: MINISTERIO DE JUSTICIA Y DEL DERECHO | D27: MJD-CD-892-2024 | E27: ASOCIACION PROYECTO CULTURAL AFRODESCENDIENTE | F27: 2024 | H27: https://community.secop.gov.co/Public/Tendering/OpportunityDetail/Index?noticeUID=CO1.NTC.7162524&isFromPublicArea=True&isModal=true&asPopupView=true
B29: Salòn de eventos | C29: Costo Unitario | D29: No. | E29: Cantidad | F29: Costo Total | G29: ACTUALIZADO | I29: VARIABLE UTILIZADA PARA ACTUALIZACION DE PRECIO | K29: VARIABLE UTILIZADA PARA ACTUALIZACION DE PRECIO | M29: VARIABLE UTILIZADA PARA ACTUALIZACION DE PRECIO
B30: Salòn de eventos Pax 70 (Ayudas audiovisuales y sonido) Sesion Comision VI - ENCP | C30: 3000000 | D30: 1 | E30: 3 | F30: 9000000 | G30: =ROUND(C30*(1+L30)*(1+N30),0) -> 3274034 | I30: IPC Total 2023 | J30: 0.0928 | K30: IPC Total 2024 | L30: 0.052 | M30: IPC a Junio 2025 | N30: 0.0374
B31: Registo de las sesiones | C31: Costo Unitario | D31: No. | E31: Cantidad | F31: Costo Total
B32: Registro fotogràfico, audio y video Sesion Comision VI - ENCP y Sesión Subcomisión de Mujeres | C32: 2000000 | D32: 1 | E32: 3 | F32: 6000000 | G32: =ROUND(C32*(1+L30)*(1+N30),0) -> 2182690
B34: IDENTIFICACION | C34: ENTIDAD | D34: PROCESO | E34: CONTRATISTA | F34: AÑO | G34: MES FIRMA CONTRATO | H34: LINK
B35: 1 | C35: MINISTERIO DE JUSTICIA | D35: MJD-LP-001-2025 | E35: CENTURY | F35: 2025 | H35: https://community.secop.gov.co/Public/Tendering/OpportunityDetail/Index?noticeUID=CO1.NTC.7932794&isFromPublicArea=True&isModal=true&asPopupView=true
B37: PRECIO COMPUESTO SALON | C37: 263 PERSONAS
C38: Sillas sin brazos | D38: SILLAS | E38: =F167 -> 2633 | F38: =E38*263 -> 692479
C39: =C197 -> Pantalla de gran formato - telón de proyección (front - back) de 3 x 4 m con video beam de 7000 lumens | D39: VIDEOBEAM | E39: =F197 -> 2371247 | F39: =E39*1 -> 2371247
C40: =C212 -> Alquiler de micrófono inalámbrico. Micrófono con transmisor y receptor de frecuencia, entre los 50 y 16.000 Hz, canal de frecuencia, UHF, ISM o UWB. voltaje entre -60 dBV (0,001 voltios) y -40 dBV (0,010 voltios). Conectores de salida tipo XLR (External Live Return) o plug Trs de 6,35mm, filtro pop para evitar el popping en el discurso. El alquiler incluye instalación, y transporte al lugar de origen y destino. | D40: MICROFONO | E40: =F212 -> 219226 | F40: =E40*3 -> 657678
C41: =C93 -> Alquiler Pantalla Led De 42 Pulgadas con base a piso incluida (por día) | D41: PANTALLAS ADICIONALES | E41: =F93 -> 539371 | F41: =E41*3 -> 1618113
C42: =C172 -> Alquiler De Mesas Plegables Para Picnic (Valor Por Día) | D42: MESAS | E42: =F172 -> 102077 | F42: =E42*(263/6) -> 4474375.2
B44: Item | C44: Concepto Los precios ofertados deben ser sin decimales | D44: cantidad | E44: PRECIO TECHO TOTAL INCLUIDOS IMPUESTOS DE LEY | F44: PRECIO OFERTADO TOTAL INCLUIDOS IMPUESTOS DE LEY
B45: 1 | C45: Estación de café para 100 pax con galletas, agua (botellón), aromática, tinto, menaje pesado (mesas y mantelería para estación de servicio), menaje para atender al público (vasos de vidrio para el agua, vajilla de porcelana o cerámica), mezcladores, azúcar, splenda e instacream, debe incluir personal de servicio (Mínimo 2 meseros) y transporte en perímetro urbano (ida y regreso). La estación de café debe estar muy bien presentada y el azúcar, aromáticas, splenda e instacream deben estar en recipientes que permitan que la estación se vea organizada. (EL VALOR UNITARIO CORRESPONDE A LA ESTACIÓN COMPLETA PARA LAS 100 PAX NO AL VALOR POR PERSONA ) *No está permitido el uso de plástico para empaques, los desechables deben ser aptos por acciones amigables con el medio ambiente. | D45: 1 | E45: 2221460 | F45: 1677202
B46: 2 | C46: Refrigerios Básicos: Producto de panadería (pastel de pollo o pastel de carne o pastel gloria o dedito de queso) + Bebida en caja, empaque en bolsa de papel y servilletas. (Incluido transporte en perímetro urbano).(EL VALOR UNITARIO CORRESPONDE AL VALOR POR PERSONA). * No está permitido el uso de plástico para empaques, los desechables deben ser aptos por acciones amigables con el medio ambiente. | D46: 1 | E46: 26250 | F46: 19819
B47: 3 | C47: Refrigerios Básicos con fruta: Producto de panadería (pastel de pollo o pastel de carne o pastel gloria o dedito de queso) + Bebida en caja+ Fruta (mandarina o manzana verde o pera verde), empaque en bolsa de papel y servilletas. (Incluido transporte en perímetro urbano) (EL VALOR UNITARIO CORRESPONDE AL VALOR POR PERSONA). * No está permitido el uso de plástico para empaques, los desechables deben ser aptos por acciones amigables con el medio ambiente. | D47: 1 | E47: 31365 | F47: 23681
B48: 4 | C48: Refrigerios Especiales 1: Sánduche de pollo o rosbif en pan baguete de 15 cm , sin lechuga, con vegetales a elección o Wrap de Pollo o carne sin lechuga+ vegetales a elección + Bebida (jugo en botella de vidrio) + Fruta (mandarina o manzana verde o pera verde) + Chocolatina de 6 grs. con empaque en bolsa de papel y servilletas, (Incluido transporte en perímetro Urbano ). * (EL VALOR UNITARIO CORRESPONDE AL VALOR POR PERSONA). * No está permitido el uso de plástico para empaques, los desechables deben ser aptos por acciones amigables con el medio ambiente. | D48: 1 | E48: 42035 | F48: 31736
B49: 5 | C49: Desayuno tipo Americano: Café y Té, Jugo de frutas (dos variedades) Pan, tostadas, mermelada, mantequilla, leche, yogurt (mínimo dos variedades) y variedad de cereales (mínimo dos tipos de cereal), jamón (bajo en grasa dos piezas), (Variedad de quesos: emmental, mozarela, cheddar, gouda, provolone, Edam, ((mínimo tres piezas, mínimo dos variedades)). menaje (cristalería, vajilla en cerámica o porcelana) debe incluir, menaje pesado para el servicio y transporte en perímetro urbano ida y regreso. | D49: 1 | E49: 57516 | F49: 43425
B50: 6 | C50: Desayuno tipo Brunch: Variedad de Jugos (naranja, mandarina, lulo, maracuyá), canasta de panes y croissants, Tortilla de huevos (de 65 grs. a 100 grs. ,caliente), fruta picada (papaya, melón, fresas de exportación partidas en dos), Bebida Caliente (café con leche, café negro, Té, Aromática, chocolate con leche) queso en rodajas: variedad de quesos: emmental, mozarela, cheddar, gouda, provolone, Edam, ((mínimo tres piezas, mínimo dos variedades)), jamón bajo en grasa (dos piezas), menaje (cristalería y vajilla en cerámica o porcelana, cubertería), samovar Var para mantener la comida caliente (los que sean necesarios),debe incluir menaje pesado (mesas y mantelería para estación de servicio) y transporte en perímetro urbano ida y regreso. | D50: 1 | E50: 71922 | F50: 54301
B51: 7 | C51: Almuerzo o cena básico: Entrada, Plato Fuerte, Postre (fruta o chocolatina de 6 grs.), menaje (cristalería y vajilla en cerámica o porcelana, cubertería), menaje pesado (mesas y mantelería para estación de servicio), samovar Var para mantener la comida caliente (los que sean necesarios). Debe incluir transporte en perímetro Urbano ida y regreso. | D51: 1 | E51: 80156 | F51: 60518
B52: 8 | C52: Almuerzo o cena para eventos itinerantes: 1 jugo en cajita, 150grs de proteína (pollo, carne o pescado), 100grs de papa, 100grs arroz, 40grs de grano, 1 porción de fruta (papaya, banano, fresas partidas en dos), postre (chocolatina de 6 grs. o brownie), empaque (debe ser ecológico, no se permite acopar o plástico), servilletas, cubiertos desechables biodegradables. Los almuerzos deben ser entregados calientes y debe incluir el transporte en perímetro urbano ida y regreso. | D52: 1 | E52: 70229 | F52: 53023
B53: 9 | C53: Almuerzo o cena tipo empresarial: Proteína en entrada, plato fuerte (menú a seleccionar), ensalada (se deben presentar mínimo dos propuestas para elección), jugo y postre. Menaje (cristalería y vajilla en cerámica o porcelana, cubertería), menaje pesado (mesas y mantelería para servicio), debe incluir samovar Var para mantener la comida caliente; (los que sean necesarios) y transporte en perímetro urbano ida y regreso. | D53: 1 | E53: 93939 | F53: 70924
B54: 10 | C54: Paca de 24 Botellas de agua tipo PET sin gas x 600 ml | D54: 1 | E54: 82375 | F54: 62193
B55: 11 | C55: Botella de agua biodegradable 600 mls | D55: 1 | E55: 4771 | F55: 3602
B56: 12 | C56: Botella de agua biodegradable 300 mls | D56: 1 | E56: 3445 | F56: 3101
... B257: 213 | C257: Papel Kraft rollo de 1.25 X 296 MT. 90GRMS | D257: 1 | E257: 117140 | F257: 78484
B260: IDENTIFICACION | C260: ENTIDAD | D260: PROCESO | E260: CONTRATISTA | F260: AÑO | G260: MES FIRMA CONTRATO | H260: LINK
B261: 2 | C261: Ministerio de Justicia | D261: MJD-CD-1039-2023. | E261: AUTORIDADES TRADICIONALES INDIGENAS DE COLOMBIA | F261: 2023 | G261: Agosto | H261: https://community.secop.gov.co/Public/Tendering/OpportunityDetail/Index?noticeUID=CO1.NTC.4851374&isFromPublicArea=True&isModal=true&asPopupView=true
H264: ACTUALIZACION DE PRECIOS
B265: ITEM 2 | C265: ACTIVIDAD - REUNION DE ALISTAMIENTO - BOGOTA CUNDINAMARCA | J265: VARIABLE UTILIZADA PARA ACTUALIZACION DE PRECIO | L265: VARIABLE UTILIZADA PARA ACTUALIZACION DE PRECIO | N265: VARIABLE UTILIZADA PARA ACTUALIZACION DE PRECIO
B266: No. | C266: PERFIL | D266: Cantidad Personas | E266: Cant | F266: VR. | G266: VALOR TOTAL | H266: VR. UNITARIO ACTUALIZADO | J266: IPC Total 2023 | K266: 0.0928 | L266: IPC Total 2024 | M266: 0.052 | N266: IPC a Junio 2025 | O266: 0.0374
F267: UNITARIO
B268: 7 | C268: Alquiler de salón y equipos | D268: 1 | E268: 1 | F268: 500000 | G268: 500000 | H268: =ROUND(F268*(1+K266)*(1+M266)*(1+O266),0) -> 596311

Sheet 4. TRANSPORTE -->

Sheet 4.1 Comparativo_Transporte
B2: COMPARATIVO ALIMENTACIÓN
B5: PROPUESTA PCA | D5: Cálculo MJD | F5: VALORES DE REFERENCIA
B6: Descripción Transporte Multimodal | C6: Valor global | D6: Valor por persona (por trayecto) | F6: FUENTE 1 | J6: FUENTE 2 | N6: Promedio de Referencia | O6: Variación
B7: FASE DE PRECONSULTA. Actividad 5. Lugar: Cali | F7: Proceso | G7: Equivalencia | H7: Valor Global | I7: Variación | J7: Proceso | K7: Equivalencia | L7: Valor Global | M7: Variación
B8: Un (1),Transporte multimodal de ida y regreso para un total de cuarenta y ocho (48) personas, integrantes delegados del ENCP, desde el punto de origen desde el área rural o urbana hasta la cabecera municipal del aereopuerto mas cercano ida y regreso. (De acuerdo a la tabla remitida por el ministerio del interior) | C8: 80010000 | D8: =C8/48/2 -> 833437.5 | F8: ='4.2 Fuentes_Transporte'!$D$5 -> CD-399-2024. | G8: Transporte multimodal (50 Delegados/as) - Valor Global. Se hace la equivalencia para 48 personas | H8: =ROUND('4.2 Fuentes_Transporte'!M12/50*48,0) -> 73390755 | I8: =C8/H8-1 -> 0.09019181 | J8: ='4.2 Fuentes_Transporte'!$D$110 -> CD-1869-2024 | K8: Se toma el promedio del transporte multimodal (Fluvial, Terrestre y Aéreo), establecido para los encuentros locales, que está definido de manera unitaria para el traslado de 35 participantes. Se hace la equivalencia para encontrar el valor global para 48 personas | L8: =ROUND('4.2 Fuentes_Transporte'!K116*48,0) -> 104769120 | M8: =C8/L8-1 -> -0.23632078 | N8: =ROUND(AVERAGE(H8,L8),0) -> 89079938 | O8: =C8/N8-1 -> -0.10181796
B9: FASE DE CONSULTA PREVIA. Foros Departamentales. Actividad 8. Foro Norte de Santander | F9: Proceso | G9: Equivalencia | H9: Valor Unitario | I9: Variación | J9: Proceso | K9: Equivalencia | L9: Valor Unitario | M9: Variación | N9: Promedio de Referencia | O9: Variación
B10: Un (1), Transporte multimodal de ida y regreso (Terrestre, Aereo y Fluvial para el caso que aplique) para un total de ochenta (80) personas del territorio participantes de comunidades NARP, desde el punto de origen hasta el lugar de desarrollo de las actividades programadas. Nota: se debe tomar en cuenta que estos desplazamientos territoriales se causan desde las diferente condiciones geograficas y de accesibilidad para llegar al lugar convocado, en la mayoria de los casos son de dificil acceso o distancias prolongadas (Zonas Rurales) de los diferentes municipios que requieren de uno o varios medios de transporte (Fluviales, terretres y/o Aereos ) por participantes y en otros casos son de facil acceso y distancias cortas (Zonas Urbanas), lo que constituye una variacion significativa en los valores de dichos transporte por participantes. | C10: 150000000 | D10: =C10/80/2 -> 937500 | F10: ='4.2 Fuentes_Transporte'!$D$5 -> CD-399-2024. | G10: Transporte multimodal (50 Delegados/as) - Valor Global. Se hace la equivalencia para 80 personas | H10: =ROUND('4.2 Fuentes_Transporte'!M12/50*80,0) -> 122317925 | I10: =C10/H10-1 -> 0.2263125 | J10: ='4.2 Fuentes_Transporte'!$D$110 -> CD-1869-2024 | K10: Se toma el promedio del transporte multimodal (Fluvial, Terrestre y Aéreo), establecido para los encuentros locales, que está definido de manera unitaria para el traslado de 35 participantes. Se hace la equivalencia para encontrar el valor global para 80 personas | L10: =ROUND('4.2 Fuentes_Transporte'!K116*80,0) -> 174615200 | M10: =C10/L10-1 -> -0.14096825 | N10: =ROUND(AVERAGE(H10,L10),0) -> 148466563 | O10: =C10/N10-1 -> 0.010328501
B11: FASE DE CONSULTA PREVIA. Foros Departamentales. Actividad 9. Foro Putumayo | F11: Proceso | G11: Equivalencia | H11: Valor Unitario | I11: Variación | J11: Proceso | K11: Equivalencia | L11: Valor Unitario | M11: Variación | N11: Promedio de Referencia | O11: Variación
B12: Un (1), Transporte multimodal de ida y regreso (Terrestre, Aereo y Fluvial para el caso que aplique) para un total de setenta (70) personas del territorio participantes de comunidades NARP, desde el punto de origen hasta el lugar de desarrollo de las actividades programadas. Nota: se debe tomar en cuenta que estos desplazamientos territoriales se causan desde las diferente condiciones geograficas y de accesibilidad para llegar al lugar convocado, en la mayoria de los casos son de dificil acceso o distancias prolongadas (Zonas Rurales) de los diferentes municipios que requieren de uno o varios medios de transporte (Fluviales, terretres y/o Aereos ) por participantes y en otros casos son de facil acceso y distancias cortas (Zonas Urbanas), lo que constituye una variacion significativa en los valores de dichos transporte por participantes. | C12: 135000000 | D12: =C12/70/2 -> 964285.71 | F12: ='4.2 Fuentes_Transporte'!$D$5 -> CD-399-2024. | G12: Transporte multimodal (50 Delegados/as) - Valor Global. Se hace la equivalencia para 70 personas | H12: =ROUND('4.2 Fuentes_Transporte'!M12/50*70,0) -> 107028184 | I12: =C12/H12-1 -> 0.26135 | J12: ='4.2 Fuentes_Transporte'!$D$110 -> CD-1869-2024 | K12: Se toma el promedio del transporte multimodal (Fluvial, Terrestre y Aéreo), establecido para los encuentros locales, que está definido de manera unitaria para el traslado de 35 participantes. Se hace la equivalencia para encontrar el valor global para 70 personas | L12: =ROUND('4.2 Fuentes_Transporte'!K116*70,0) -> 152788300 | M12: =C12/L12-1 -> -0.11642449 | N12: =ROUND(AVERAGE(H12,L12),0) -> 129908242 | O12: =C12/N12-1 -> 0.039195034
B13: FASE DE CONSULTA PREVIA. Foros Departamentales. Actividad 10. Foro Cauca | F13: Proceso | G13: Equivalencia | H13: Valor Unitario | I13: Variación | J13: Proceso | K13: Equivalencia | L13: Valor Unitario | M13: Variación | N13: Promedio de Referencia | O13: Variación
B14: Un (1), Transporte multimodal de ida y regreso (Terrestre, Aereo y Fluvial para el caso que aplique) para un total de ochenta (80) personas del territorio participantes de comunidades NARP, desde el punto de origen hasta el lugar de desarrollo de las actividades programadas. Nota: se debe tomar en cuenta que estos desplazamientos territoriales se causan desde las diferente condiciones geograficas y de accesibilidad para llegar al lugar convocado, en la mayoria de los casos son de dificil acceso o distancias prolongadas (Zonas Rurales) de los diferentes municipios que requieren de uno o varios medios de transporte (Fluviales, terretres y/o Aereos ) por participantes y en otros casos son de facil acceso y distancias cortas (Zonas Urbanas), lo que constituye una variacion significativa en los valores de dichos transporte por participantes. | C14: 150000000 | D14: =C14/80/2 -> 937500 | F14: ='4.2 Fuentes_Transporte'!$D$5 -> CD-399-2024. | G14: Transporte multimodal (50 Delegados/as) - Valor Global. Se hace la equivalencia para 80 personas | H14: =ROUND('4.2 Fuentes_Transporte'!M12/50*80,0) -> 122317925 | I14: =C14/H14-1 -> 0.2263125 | J14: ='4.2 Fuentes_Transporte'!$D$110 -> CD-1869-2024 | K14: Se toma el promedio del transporte multimodal (Fluvial, Terrestre y Aéreo), establecido para los encuentros locales, que está definido de manera unitaria para el traslado de 35 participantes. Se hace la equivalencia para encontrar el valor global para 80 personas | L14: =ROUND('4.2 Fuentes_Transporte'!K116*80,0) -> 174615200 | M14: =C14/L14-1 -> -0.14096825 | N14: =ROUND(AVERAGE(H14,L14),0) -> 148466563 | O14: =C14/N14-1 -> 0.010328501
B15: FASE DE CONSULTA PREVIA. Foros Departamentales. Actividad 11. Foro Nariño | F15: Proceso | G15: Equivalencia | H15: Valor Unitario | I15: Variación | J15: Proceso | K15: Equivalencia | L15: Valor Unitario | M15: Variación | N15: Promedio de Referencia | O15: Variación
B16: Un (1), Transporte multimodal de ida y regreso (Terrestre, Aereo y Fluvial para el caso que aplique) para un total de ochenta (80) personas del territorio participantes de comunidades NARP, desde el punto de origen hasta el lugar de desarrollo de las actividades programadas. Nota: se debe tomar en cuenta que estos desplazamientos territoriales se causan desde las diferente condiciones geograficas y de accesibilidad para llegar al lugar convocado, en la mayoria de los casos son de dificil acceso o distancias prolongadas (Zonas Rurales) de los diferentes municipios que requieren de uno o varios medios de transporte (Fluviales, terretres y/o Aereos ) por participantes y en otros casos son de facil acceso y distancias cortas (Zonas Urbanas), lo que constituye una variacion significativa en los valores de dichos transporte por participantes. | C16: 150000000 | D16: =C16/80/2 -> 937500 | F16: ='4.2 Fuentes_Transporte'!$D$5 -> CD-399-2024. | G16: Transporte multimodal (50 Delegados/as) - Valor Global. Se hace la equivalencia para 80 personas | H16: =ROUND('4.2 Fuentes_Transporte'!M12/50*80,0) -> 122317925 | I16: =C16/H16-1 -> 0.2263125 | J16: CD-1869-2024 | K16: Se toma el promedio del transporte multimodal (Fluvial, Terrestre y Aéreo), establecido para los encuentros locales, que está definido de manera unitaria para el traslado de 35 participantes. Se hace la equivalencia para encontrar el valor global para 80 personas | L16: =ROUND('4.2 Fuentes_Transporte'!K116*80,0) -> 174615200 | M16: =C16/L16-1 -> -0.14096825 | N16: =ROUND(AVERAGE(H16,L16),0) -> 148466563 | O16: =C16/N16-1 -> 0.010328501
B17: FASE DE PROTOCOLIZACIÓN. Actividad 46 | F17: Proceso | G17: Equivalencia | H17: Valor Unitario | I17: Variación | J17: Proceso | K17: Equivalencia | L17: Valor Unitario | M17: Variación | N17: Promedio de Referencia | O17: Variación
B18: Un (1),Transporte multimodal de ida y regreso para un total de cuarenta y ocho (48) personas, integrantes delegados del ENCP, desde el punto de origen desde el área rural o urbana hasta la cabecera municipal del aeropuerto más cercano ida y regreso. (de acuerdo a tabla remitida por el ministerio del interior) | C18: 80100000 | D18: =C18/48/2 -> 834375 | F18: ='4.2 Fuentes_Transporte'!$D$5 -> CD-399-2024. | G18: Transporte multimodal (50 Delegados/as) - Valor Global. Se hace la equivalencia para 48 personas | H18: =ROUND('4.2 Fuentes_Transporte'!M12/50*48,0) -> 73390755 | I18: =C18/H18-1 -> 0.091418122 | J18: ='4.2 Fuentes_Transporte'!$D$110 -> CD-1869-2024 | K18: Se toma el promedio del transporte multimodal (Fluvial, Terrestre y Aéreo), establecido para los encuentros locales, que está definido de manera unitaria para el traslado de 35 participantes. Se hace la equivalencia para encontrar el valor global para 48 personas | L18: =ROUND('4.2 Fuentes_Transporte'!K116*48,0) -> 104769120 | M18: =C18/L18-1 -> -0.23546175 | N18: =ROUND(AVERAGE(H18,L18),0) -> 89079938 | O18: =C18/N18-1 -> -0.10080764
B19: FASE DE PROTOCOLIZACIÓN. Actividad 47 | F19: Proceso | G19: Equivalencia | H19: Valor Unitario | I19: Variación | J19: Proceso | K19: Equivalencia | L19: Valor Unitario | M19: Variación | N19: Promedio de Referencia | O19: Variación
B20: Un (1),Transporte multimodal de ida y regreso para un total de doscientos treinta y siete (237) personas, integrantes delegados del ENCP, desde el punto de origen desde el área rural o urbana hasta la cabecera municipal del aeropuerto más cercano ida y regreso. (de acuerdo a tabla remitida por el ministerio del interior) | C20: 334100000 | D20: =C20/237/2 -> 704852.32 | F20: ='4.2 Fuentes_Transporte'!$D$5 -> CD-399-2024. | G20: Transporte multimodal (50 Delegados/as) - Valor Global. Se hace la equivalencia para 237 personas | H20: =ROUND('4.2 Fuentes_Transporte'!M12/50*237,0) -> 362366852 | I20: =C20/H20-1 -> -0.078006175 | J20: ='4.2 Fuentes_Transporte'!$D$110 -> CD-1869-2024 | K20: Se toma el promedio del transporte multimodal (Fluvial, Terrestre y Aéreo), establecido para los encuentros locales, que está definido de manera unitaria para el traslado de 35 participantes. Se hace la equivalencia para encontrar el valor global para 237 personas | L20: =ROUND('4.2 Fuentes_Transporte'!K116*237,0) -> 517297530 | M20: =C20/L20-1 -> -0.35414345 | N20: =ROUND(AVERAGE(H20,L20),0) -> 439832191 | O20: =C20/N20-1 -> -0.24039212
B24: PROPUESTA PCA | F24: VALORES DE REFERENCIA
F25: FUENTE 1 | J25: FUENTE 2 | N25: PROMEDIO DE REFERENCIA | O25: VARIACIÓN
B26: Descripción Transporte Aéreo | C26: Valor unitario | F26: Proceso | G26: Equivalencia | H26: Valor Unitario | I26: Variación | J26: Proceso | K26: Equivalencia | L26: Valor Unitario | M26: Variación
B27: Un (1), Transporte Aereo de ida y regreso para los integrantes del equipo administrativo de PCA, desde la ciudad Capital mas cercana al lugar de origen, respetando la decision individual con respecto a las aerolineas, horarios y condiciones de viajes garantizando su comodidady seguridad. Nota: Valor por trayecto. (incluye minimamente tarifa que contenga; un (1) aticulo personal (bolso), un (1) equipaje de mano de (10 kg) . | C27: 1000000 | F27: ='4.2 Fuentes_Transporte'!$D$5 -> CD-399-2024. | G27: Transporte aèreo Ida y Regreso (50 Delegados/as). Se hace la equivalencia para un trayecto por persona | H27: ='4.2 Fuentes_Transporte'!$O$13 -> 1558441 | I27: =C27/H27-1 -> -0.3583331 | J27: MSPS-CD-1539-2024 | K27: Se toma el valor del ítem "TRANSPORTE AEREO IDA Y VUELTA" de los costos presentados en el evento Sesión Comisión 1. Se hace el cálculo para encontrar el valor de un trayecto por persona | L27: ='4.2 Fuentes_Transporte'!$J$94 -> 818509 | M27: =C27/L27-1 -> 0.22173366 | N27: =ROUND(AVERAGE(H27,L27),0) -> 1188475 | O27: =C27/N27-1 -> -0.15858558
B28: Un (1), Transporte Aereo de ida y regreso para integrantes equipo asesor de expertos, integrantes del equipo asesor técnico del ENCP e integrantes del equipo administrativo de PCA, desde la ciudad Capital mas cercana al lugar de origen, respetando la decision individual con respecto a las aerolineas, horarios y condiciones de viajes garantizando su comodidady seguridad. Nota Valor por trayecto. (incluye minimamente tarifa que contenga; un (1) aticulo personal (bolso), un (1) equipaje de mano de (10 kg) y un (1) equipaje de bodega de (23 kg). | C28: 1200000 | F28: ='4.2 Fuentes_Transporte'!$D$5 -> CD-399-2024. | G28: Transporte aèreo Ida y Regreso (50 Delegados/as). Se hace la equivalencia para un trayecto por persona | H28: ='4.2 Fuentes_Transporte'!$O$13 -> 1558441 | I28: =C28/H28-1 -> -0.22999972 | J28: ='4.2 Fuentes_Transporte'!$D$87 -> MSPS-CD-1539-2024 | K28: Se toma el valor del ítem "TRANSPORTE AEREO IDA Y VUELTA" de los costos presentados en el evento Sesión Comisión 1. Se hace el cálculo para encontrar el valor de un trayecto por persona | L28: ='4.2 Fuentes_Transporte'!$J$94 -> 818509 | M28: =C28/L28-1 -> 0.4660804 | N28: =ROUND(AVERAGE(H28,L28),0) -> 1188475 | O28: =C28/N28-1 -> 0.0096973012
B29: Un (1), Transporte Aereo de ida y regreso para integrantes delegados del ENCP, desde la ciudad Capital mas cercana al lugar de origen, respetando la decision individual de cada delegado(a) con respecto a las aerolineas, horarios y condiciones de viajes garantizando su comodidad y seguridad. Nota Valor por trayecto (incluye minimamente tarifa que contenga; un (1) aticulo personal (bolso), un (1) equipaje de mano de (10 kg) y un (1) equipaje de bodega de (23 kg). | C29: 1200000 | F29: ='4.2 Fuentes_Transporte'!$D$5 -> CD-399-2024. | G29: Transporte aèreo Ida y Regreso (50 Delegados/as). Se hace la equivalencia para un trayecto por persona | H29: ='4.2 Fuentes_Transporte'!$O$13 -> 1558441 | I29: =C29/H29-1 -> -0.22999972 | J29: ='4.2 Fuentes_Transporte'!$D$87 -> MSPS-CD-1539-2024 | K29: Se toma el valor del ítem "TRANSPORTE AEREO IDA Y VUELTA" de los costos presentados en el evento Sesión Comisión 1. Se hace el cálculo para encontrar el valor de un trayecto por persona | L29: ='4.2 Fuentes_Transporte'!$J$94 -> 818509 | M29: =C29/L29-1 -> 0.4660804 | N29: =ROUND(AVERAGE(H29,L29),0) -> 1188475 | O29: =C29/N29-1 -> 0.0096973012

Sheet 4.2 Fuentes_Transporte
B2: OTROS PROCESOS
B4: IDENTIFICACION | C4: ENTIDAD | D4: PROCESO | E4: CONTRATISTA | F4: AÑO | G4: MES FIRMA CONTRATO | H4: LINK
B5: 1 | C5: MINISTERIO DE MINAS Y ENERGIA | D5: CD-399-2024. | E5: ASOCIACION PROYECTO CULTURAL AFRODESCENDIENTE | F5: 2024 | H5: https://community.secop.gov.co/Public/Tendering/OpportunityDetail/Index?noticeUID=CO1.NTC.6749898&isFromPublicArea=True&isModal=true&asPopupView=true
B7: CONVOCATORIA A LA COMISION V DEL ESPACIO NACIONAL DE CONSULTA PREVIA (SEPTIEMBRE DE 2024)
B8: Sesión de la Comisión Quinta del ENCP con una duración de 4 dias así: 1 dia de llegada, 1 dia de salida de los/las delegado/as y 2 dias de trabajo efectivo (50 delegados/as, 10 Funcionarios/as y 10 personas Equipo PCA)
B10: ITEM( Bien o servicios) | C10: Nº De dias/meses | D10: Dias/meses | E10: Costo Unitario | F10: Cantidad | G10: Unidad de medida | H10: IVA | I10: % IVA | J10: Valor Unitario Incluido IVA | K10: Subtotal | L10: Valor Total Incluido IVA | N10: Valor por persona (ida y vuelta) | O10: ACTUALIZADO Unitario por día | Q10: VARIABLE UTILIZADA PARA ACTUALIZACION DE PRECIO | S10: VARIABLE UTILIZADA PARA ACTUALIZACION DE PRECIO | U10: VARIABLE UTILIZADA PARA ACTUALIZACION DE PRECIO
B11: Hospedaje, Alimentación y Transporte interno (Delegados/as) | C11: 4 | D11: Dias | E11: 500000 | F11: 50 | G11: Personas | H11: 0 | I11: 0 | J11: 500000 | K11: 100000000 | L11: 100000000 | O11: =ROUND(J11*(1+$T$11)*(1+$V$11),0) -> 545672 | Q11: IPC Total 2023 | R11: 0.0928 | S11: IPC Total 2024 | T11: 0.052 | U11: IPC a Junio 2025 | V11: 0.0374
B12: Transporte multimodal (50 Delegados/as) | C12: 1 | D12: Global | E12: 70050000 | F12: 1 | G12: Global | H12: 0 | I12: 0 | J12: 70050000 | K12: 70050000 | L12: 70050000 | M12: =ROUND(L12*(1+$T$11)*(1+$V$11),0) -> 76448703 | N12: =ROUND(M12/50,0) -> 1528974 | O12: =ROUND(N12/2,0) -> 764487
B13: Transporte aèreo Ida y Regreso (50 Delegados/as) | C13: 1 | D13: Global | E13: 120000000 | F13: 1 | G13: Personas | H13: 22800000 | I13: 0.19 | J13: 142800000 | K13: 120000000 | L13: 142800000 | M13: =ROUND(L13*(1+$T$11)*(1+$V$11),0) -> 155844037 | N13: =ROUND(M13/50,0) -> 3116881 | O13: =ROUND(N13/2,0) -> 1558441
B16: IDENTIFICACION | C16: ENTIDAD | D16: PROCESO | E16: CONTRATISTA | F16: AÑO | G16: MES FIRMA CONTRATO | H16: LINK
B17: 2 | C17: MINISTERIO DE JUSTICIA Y DEL DERECHO | D17: MJD-CD-892-2024 | E17: ASOCIACION PROYECTO CULTURAL AFRODESCENDIENTE | F17: 2024 | H17: https://community.secop.gov.co/Public/Tendering/OpportunityDetail/Index?noticeUID=CO1.NTC.7162524&isFromPublicArea=True&isModal=true&asPopupView=true
C19: Costo Unitario | D19: No. | E19: Cantidad | F19: Costo Total | G19: ACTUALIZADO
B20: Transporte Multimodal (Aéreo, Terrestre, Fluvial, semoviente, otros) delegados/as Ida y Regreso COSTOS PROMEDIO | C20: 2916666.7 | D20: 1 | E20: 48 | F20: 140000000 | G20: =ROUND(C20*(1+$T$11)*(1+$V$11),0) -> 3183089
B21: Tiquetes aéreos | C21: 1100000 | G21: =ROUND(C21*(1+$T$11)*(1+$V$11),0) -> 1200479 | I21: Multimodal Ida y Regreso por persona sin transporte aéreo
B22: Lancha | C22: 800000 | G22: =ROUND(C22*(1+$T$11)*(1+$V$11),0) -> 873076 | I22: =SUM(G22:G26) -> 1982610
B23: Tiquete aéreo charter | C23: 700000 | G23: =ROUND(C23*(1+$T$11)*(1+$V$11),0) -> 763941 | I23: Multimodal trayecto por persona sin tranporte aéreo
B24: Animal | C24: 230000 | G24: =ROUND(C24*(1+$T$11)*(1+$V$11),0) -> 251009 | I24: =I22/2 -> 991305
B25: Bus | C25: 80000 | G25: =ROUND(C25*(1+$T$11)*(1+$V$11),0) -> 87308
B26: Moto | C26: 6666.67 | G26: =ROUND(C26*(1+$T$11)*(1+$V$11),0) -> 7276 | I26: =G21/2 -> 600239.5
B34: IDENTIFICACION | C34: ENTIDAD | D34: PROCESO | E34: CONTRATISTA | F34: AÑO | G34: MES FIRMA CONTRATO | H34: LINK
B35: 2 | C35: Ministerio de Salud | D35: MSPS-CD-306-2023. | E35: CRIC | F35: 2023 | G35: Junio | H35: https://community.secop.gov.co/Public/Tendering/OpportunityDetail/Index?noticeUID=CO1.NTC.4481743&isFromPublicArea=True&isModal=true&asPopupView=true
E37: VR. UNITARIO ACTUALIZADO
B38: Transporte multimodal para los participantes en cada sesión - diplomado tecnologias propias e interculturales para la crianza de la vida (intensidad horaria 160) | C38: Valor unitario (trayecto) | D38: 384600 | E38: =ROUND(D38*(1+J39)*(1+L39)*(1+N39),0) -> 458682 | I38: VARIABLE UTILIZADA PARA ACTUALIZACION DE PRECIO | K38: VARIABLE UTILIZADA PARA ACTUALIZACION DE PRECIO
I39: IPC Total 2023 | J39: =VARIABLES!C5 -> 0.0928 | K39: IPC Total 2024 | L39: =VARIABLES!$C$4 -> 0.052 | M39: IPC a Junio 2025 | N39: 0.0374
I40: IPC Total 2023 | J40: =VARIABLES!$C$5 -> 0.0928 | K40: IPC Total 2024 | L40: =VARIABLES!$C$4 -> 0.052
B42: IDENTIFICACION | C42: ENTIDAD | D42: PROCESO | E42: CONTRATISTA | F42: AÑO | G42: MES FIRMA CONTRATO | H42: LINK
B43: 4 | C43: Ministerio de Justicia | D43: MJD-CD-627-2024 ONIC | E43: ONIC | F43: 2024 | G43: Agosto | H43: https://community.secop.gov.co/Public/Tendering/OpportunityDetail/Index?noticeUID=CO1.NTC.6519283
B46: DESCRIPCION | C46: UNIDAD DE MEDIDA | D46: CANTIDAD | E46: VALOR UNITARIO | F46: VR. UNITARIO ACTUALIZADO
B47: Transporte multimodal Ida | C47: Personas | D47: 35 | E47: 350000 | F47: =ROUND(E47*(1+$L$39)*(1+$N$39),0) -> 381971
B48: Transporte multimodal regreso | C48: Personas | D48: 35 | E48: 350000 | F48: =ROUND(E48*(1+$L$39)*(1+$N$39),0) -> 381971
B52: IDENTIFICACION | C52: ENTIDAD | D52: PROCESO | E52: CONTRATISTA | F52: AÑO | G52: MES FIRMA CONTRATO | H52: LINK
B53: 7 | C53: Ministerio de Cultura | D53: MC-CI-3882-2024 | E53: ONIC | F53: 2024 | G53: Julio | H53: https://community.secop.gov.co/Public/Tendering/OpportunityDetail/Index?noticeUID=CO1.NTC.6392642&isFromPublicArea=True&isModal=true&asPopupView=true
G55: ACTUALIZACION DE PRECIOS | J55: VARIABLE UTILIZADA PARA ACTUALIZACION DE PRECIO
B56: Descripción | C56: ASAMBLEA ORDINARIA ONIC I | G56: VR. UNITARIO ACTUALIZADO | J56: IPC Total 2024 | K56: 0.052 | L56: IPC a Junio 2025 | M56: 0.0374
C57: CANT. | D57: UNIDAD | E57: V. UNITARIO | F57: Valor Total
B58: Transporte multimodal | C58: 1 | D58: 140 | E58: 1000000 | F58: 140000000 | G58: =ROUND(E58*(1+$K$56)*(1+$M$56),0) -> 1091345
B59: ENCUENTROS MACROREGIONALES
B60: Descripción | C60: MACRO NORTE | G60: VR. UNITARIO ACTUALIZADO
C61: CANT. | D61: UNIDAD | E61: V. UNITARIO | F61: Valor Total
B62: Transporte Multimodal | C62: 1 | D62: 50 | E62: 900000 | F62: 45000000 | G62: =ROUND(E62*(1+$K$56)*(1+$M$56),0) -> 982210
B63: Descripción | C63: MACRO AMAZONÍA | G63: VR. UNITARIO ACTUALIZADO
C64: CANT. | D64: UNIDAD | E64: V. UNITARIO | F64: Valor Total
B65: Transporte Multimodal | C65: 1 | D65: 50 | E65: 1500000 | F65: 75000000 | G65: =ROUND(E65*(1+$K$56)*(1+$M$56),0) -> 1637017
B66: Descripción | C66: MACRO CENTRO | G66: VR. UNITARIO ACTUALIZADO
C67: CANT. | D67: UNIDAD | E67: V. UNITARIO | F67: Valor Total
B68: Transporte Multimodal | C68: 1 | D68: 50 | E68: 800000 | F68: 40000000 | G68: =ROUND(E68*(1+$K$56)*(1+$M$56),0) -> 873076
B69: Descripción | C69: MACRO OCCIDENTE | G69: VR. UNITARIO ACTUALIZADO
C70: CANT. | D70: UNIDAD | E70: V. UNITARIO | F70: Valor Total
B71: Transporte Multimodal | C71: 1 | D71: 50 | E71: 800000 | F71: 40000000 | G71: =ROUND(E71*(1+$K$56)*(1+$M$56),0) -> 873076
B72: Descripción | C72: MACRO ORINOQUIA | G72: VR. UNITARIO ACTUALIZADO
C73: CANT. | D73: UNIDAD | E73: V. UNITARIO | F73: Valor Total
B74: Transporte Multimodal | C74: 1 | D74: 50 | E74: 800000 | F74: 40000000 | G74: =ROUND(E74*(1+$K$56)*(1+$M$56),0) -> 873076
B75: ASAMBLEA ORDINARIA ONIC II
B76: Descripción | C76: Encuentro técnico político para el cierre de la territorialización | G76: VR. UNITARIO ACTUALIZADO
C77: CANT. | D77: UNIDAD | E77: V. UNITARIO | F77: Valor Total
B78: Transporte Multimodal | C78: 1 | D78: 140 | E78: 1000000 | F78: 140000000 | G78: =ROUND(E78*(1+$K$56)*(1+$M$56),0) -> 1091345
B86: IDENTIFICACION | C86: ENTIDAD | D86: PROCESO | E86: CONTRATISTA | F86: AÑO | G86: MES FIRMA CONTRATO | H86: Link
B87: 1 | C87: Ministerio de Salud | D87: MSPS-CD-1539-2024 | E87: ASOCIACION POR LOS DERECHOS DE LAS COMUNIDADES NEGRAS DE LA ZONA SUR ORIENTAL | F87: 2024 | H87: https://community.secop.gov.co/Public/Tendering/OpportunityDetail/Index?noticeUID=CO1.NTC.6840450&isFromPublicArea=True&isModal=true&asPopupView=true
B89: SESION DE COMISIÓN 1
B90: PRESUPUESTO SESION DE COMISION SISTEMA DE SALUD PROPIO | J90: VARIABLE UTILIZADA PARA ACTUALIZACION DE PRECIO | L90: VARIABLE UTILIZADA PARA ACTUALIZACION DE PRECIO | N90: VARIABLE UTILIZADA PARA ACTUALIZACION DE PRECIO
J91: IPC Total 2023 | K91: 0.0928 | L91: IPC Total 2024 | M91: 0.052 | N91: IPC a Junio 2025 | O91: 0.0374
B92: CONCEPTO | C92: CANT. | D92: VALOR UNIT | E92: VALOR DIA | F92: DIAS | G92: VALOR TOTAL | H92: VALOR ACTUALIZADO
B93: GARANTÍA DE PARTICIPACIÓN( Se otorga 500.000 mil pesos cada dia por reconocimiento a cada uno de los delegados por concepto de permanencia, incluyendo el dia de llegada y el dia de salida.) | C93: 49 | D93: 500000 | E93: 24500000 | F93: 6 | G93: 147000000 | H93: =ROUND(D93*(1+$M$91)*(1+$O$91),0) -> 545672
B94: TRANSPORTE AEREO IDA Y VUELTA | C94: 49 | D94: 1500000 | E94: 73500000 | F94: 2 | G94: 147000000 | H94: =ROUND(D94*(1+$M$91)*(1+$O$91),0) -> 1637017 | I94: Valor trayecto | J94: =ROUND(H94/2,0) -> 818509
B95: GARANTÍA DE MOVILIDAD | C95: 49 | D95: 1600000 | E95: 78400000 | F95: 1 | G95: 78400000 | H95: =ROUND(D95*(1+$M$91)*(1+$O$91),0) -> 1746152
B96: REGISTRO FOTOGRAFICO Y FILMICO | C96: 1 | D96: 2000000 | E96: 2000000 | F96: 4 | G96: 8000000 | H96: =ROUND(D96*(1+$M$91)*(1+$O$91),0) -> 2182690
B97: ALMUERZOS PARA EQUIPO TECNICO | C97: 19 | D97: 47000 | E97: 893000 | F97: 4 | G97: 3572000 | H97: =ROUND(D97*(1+$M$91)*(1+$O$91),0) -> 51293
B98: CENAS PARA EQUIPO TECNICO | C98: 19 | D98: 37211 | E98: 707000 | F98: 4 | G98: 2828000 | H98: =ROUND(D98*(1+$M$91)*(1+$O$91),0) -> 40610
B99: REFRIGERIOS AM y PM PARA LOS COMISIONADOS | C99: 98 | D99: 23000 | E99: 2254000 | F99: 4 | G99: 9016000 | H99: =ROUND(D99*(1+$M$91)*(1+$O$91),0) -> 25101
B100: REFRIGERIOS AM y PM PARA EQUIPO TECNICO | C100: 38 | D100: 24211 | E100: 920000 | F100: 4 | G100: 3680000 | H100: =ROUND(D100*(1+$M$91)*(1+$O$91),0) -> 26423
B101: ESTACION DE CAFETERIA E HIDRATACION PARA LOS ASISTENTES | C101: 1 | D101: 800000 | E101: 800000 | F101: 4 | G101: 3200000 | H101: =ROUND(D101*(1+$M$91)*(1+$O$91),0) -> 873076
B102: MATERIAL DIDACTICO Y PAPELERIA PARA EL DESARROLLO DE LA ACTIVIDAD (1. material impresos de papeleria, marcadores, cartulina,escarapela para los asistentes, marcadores y papel periodico) cada asamblea utiliza los materiales acorde a la metodologia de consulta y concertacion. | C102: 1 | D102: 1000000 | E102: 1000000 | F102: 1 | G102: 1000000 | H102: =ROUND(D102*(1+$M$91)*(1+$O$91),0) -> 1091345
B103: KIT DE TRABAJO PARA ASISTENTES ( material impreso para cada asistente. esfero, 1 agenda tamaño media carta, carpeta, hojas, escarapela para los asistentes) | C103: 49 | D103: 60000 | E103: 2940000 | F103: 1 | G103: 2940000 | H103: =ROUND(D103*(1+$M$91)*(1+$O$91),0) -> 65481
B104: EVENTO DE APERTURA son dos muestras culturales ancestrales de las comunidades NARP con instrumentos propios de la cultura afrocolombiana para la apertura evento. en cada uno de los salones que se estara desarrollando la actividad Cada muestra se comone de 8 parejas de baile con trajes tipicos del caribe y el pacifico afrocolombianos, la muestra tendra una duracion de 20 minutos con tres presentaciones de bailes tipicos afrooclombianos. Garantizando las costumbres y traciones de las comuniades NARP | C104: 2 | D104: 3000000 | E104: 6000000 | F104: 1 | G104: 6000000 | H104: =ROUND(D104*(1+$M$91)*(1+$O$91),0) -> 3274034
B105: ALQUILER DE UN AUDITORIO, LUGAR A REALIZAR LA ACTIVIDAD con capacidad para 60 personas teniendo encuenta, este debera contar con Video proyector, sonido, equipo de computo, silleteria, mesas, internet, aire aconicionao con disponibilidad de ocho (8) horas diarias, para cuatro (4) de actividad. | C105: 1 | D105: 3000000 | E105: 3000000 | F105: 4 | G105: 12000000 | H105: =ROUND(D105*(1+$M$91)*(1+$O$91),0) -> 3274034
B109: IDENTIFICACION | C109: ENTIDAD | D109: PROCESO | E109: CONTRATISTA | F109: AÑO | G109: MES FIRMA CONTRATO | H109: LINK
B110: 4 | C110: MINISTERIO DEL INTERIOR | D110: CD-1869-2024 | E110: OPIAC | F110: 2024 | G110: Septiembre | H110: https://community.secop.gov.co/Public/Tendering/OpportunityDetail/Index?noticeUID=CO1.NTC.6533500&isFromPublicArea=True&isModal=true&asPopupView=true
K112: VARIABLE UTILIZADA PARA ACTUALIZACION DE PRECIO | M112: VARIABLE UTILIZADA PARA ACTUALIZACION DE PRECIO | O112: VARIABLE UTILIZADA PARA ACTUALIZACION DE PRECIO
B113: EJECUCIÓN DE ACTIVIDADES - Encuentros Locales | I113: ACTUALIZACION DE PRECIOS | K113: IPC Total 2023 | L113: 0.0928 | M113: IPC Total 2024 | N113: 0.052 | O113: IPC a Junio 2025 | P113: 0.0374
B114: EJECUCIÓN DE ACTIVIDADES - Primer Encuentro Local Amazonas | C114: DETALLE | E114: UNIDAD | F114: CANTIDAD | G114: VALOR UNIT. | H114: VALOR TOTAL
B115: Transporte Multimodal - Amazonas | C115: Apoyo para traslado de los 35 participantes del departamento de Amazonas desde su territorio de origen hasta el lugar del encuentro (Fluvial, Terrestre y Aéreo). | E115: Personas | F115: 35 | G115: 2500000 | H115: =G115*F115 -> 87500000 | I115: =ROUND(G115*(1+$N$113)*(1+$P$113),0) -> 2728362 | K115: PROMEDIO TRANSPORTE MULTIMODAL
B116: EJECUCIÓN DE ACTIVIDADES - Primer Encuentro Local Caquetá | C116: DETALLE | E116: UNIDAD | F116: CANTIDAD | G116: VALOR UNIT. | H116: VALOR TOTAL | K116: =ROUND(AVERAGE(I115,I117,I119,I121,I123,I125),0) -> 2182690
B117: Transporte Multimodal - Caquetá | C117: Apoyo para traslado de los 35 participantes del departamento de Caquetá desde su territorio de origen hasta el lugar del encuentro (Fluvial, Terrestre y Aéreo). | E117: Personas | F117: 35 | G117: 1500000 | H117: =G117*F117 -> 52500000 | I117: =ROUND(G117*(1+$N$113)*(1+$P$113),0) -> 1637017
B118: EJECUCIÓN DE ACTIVIDADES - Primer Encuentro Local Guainía | C118: DETALLE | E118: UNIDAD | F118: CANTIDAD | G118: VALOR UNIT. | H118: VALOR TOTAL
B119: Transporte Multimodal - Guainía | C119: Apoyo para traslado de los 35 participantes del departamento de Guainía desde su territorio de origen hasta el lugar del encuentro (Fluvial, Terrestre y Aéreo). | E119: Personas | F119: 35 | G119: 2500000 | H119: =G119*F119 -> 87500000 | I119: =ROUND(G119*(1+$N$113)*(1+$P$113),0) -> 2728362
B120: EJECUCIÓN DE ACTIVIDADES - Primer Encuentro Local Guaviare | C120: DETALLE | E120: UNIDAD | F120: CANTIDAD | G120: VALOR UNIT. | H120: VALOR TOTAL
B121: Transporte Multimodal - Guaviare | C121: Apoyo para traslado de los 35 participantes del departamento de Guaviare desde su territorio de origen hasta el lugar del encuentro (Fluvial, Terrestre y Aéreo). | E121: Personas | F121: 35 | G121: 1500000 | H121: =G121*F121 -> 52500000 | I121: =ROUND(G121*(1+$N$113)*(1+$P$113),0) -> 1637017
B122: EJECUCIÓN DE ACTIVIDADES - Primer Encuentro Local Putumayo | C122: DETALLE | E122: UNIDAD | F122: CANTIDAD | G122: VALOR UNIT. | H122: VALOR TOTAL
B123: Transporte Multimodal - Putumayo | C123: Apoyo para traslado de los 35 participantes del departamento de Putumayo desde su territorio de origen hasta el lugar del encuentro (Fluvial, Terrestre y Aéreo). | E123: Personas | F123: 35 | G123: 1500000 | H123: =G123*F123 -> 52500000 | I123: =ROUND(G123*(1+$N$113)*(1+$P$113),0) -> 1637017
B124: EJECUCIÓN DE ACTIVIDADES - Primer Encuentro Local Vaupés | C124: DETALLE | E124: UNIDAD | F124: CANTIDAD | G124: VALOR UNIT. | H124: VALOR TOTAL
B125: Transporte Multimodal - Vaupés | C125: Apoyo para traslado de los 35 participantes del departamento de Vaupés desde su territorio de origen hasta el lugar del encuentro (Fluvial, Terrestre y Aéreo). | E125: Personas | F125: 35 | G125: 2500000 | H125: =G125*F125 -> 87500000 | I125: =ROUND(G125*(1+$N$113)*(1+$P$113),0) -> 2728362
B129: IDENTIFICACION | C129: ENTIDAD | D129: PROCESO | E129: CONTRATISTA | F129: AÑO | G129: MES FIRMA CONTRATO | H129: LINK
B130: 2 | C130: Ministerio de justicia | D130: MJD-CD-1042-2023 OPIAC | E130: OPIAC | F130: 2023 | G130: Agosto | H130: https://community.secop.gov.co/Public/Tendering/OpportunityDetail/Index?noticeUID=CO1.NTC.4897887&isFromPublicArea=True&isModal=true&asPopupView=true
B133: Minga de Pensamiento: Departamento de Guaviare | G133: ACTUALIZACION DE PRECIOS
B134: Concepto | C134: Unidad | D134: Número de días | E134: Vr Unidad | F134: Vr Total | G134: Valor mensual actualizado
B135: Transporte multimodal (Terrestre, aéreo y fluvial), | C135: 50 | D135: 1 | E135: 470000 | F135: =C135*D135*E135 -> 23500000 | G135: =ROUND(E135*(1+$J$136)*(1+$L$136)*(1+$N$136),0) -> 560532 | I135: VARIABLE UTILIZADA PARA ACTUALIZACION DE PRECIO | K135: VARIABLE UTILIZADA PARA ACTUALIZACION DE PRECIO | M135: VARIABLE UTILIZADA PARA ACTUALIZACION DE PRECIO
B136: Transporte de San José a Miraflores | C136: 10 | D136: 1 | E136: 1600000 | F136: =C136*D136*E136 -> 16000000 | G136: =ROUND(E136*(1+$J$136)*(1+$L$136)*(1+$N$136),0) -> 1908195 | I136: IPC Total 2023 | J136: 0.0928 | K136: IPC Total 2024 | L136: 0.052 | M136: IPC a Junio 2025 | N136: 0.0374
B137: Minga de Pensamiento: Departamento de Guainía
B138: Concepto | C138: Unidad | D138: Número de días | E138: Vr Unidad | F138: Vr Total
B139: Transporte multimodal (Terrestre, aereo y fluvial), | C139: 60 | D139: 1 | E139: 470000 | F139: =C139*D139*E139 -> 28200000 | G139: =ROUND(E139*(1+$J$136)*(1+$L$136)*(1+$N$136),0) -> 560532
...

Sheet 5. VIÁTICOS -->

Sheet HOSPEDAJE--->

Sheet COMPARATIV_HOSP
B2: COMPARATIVO HOSPEDAJE
B5: PROPUESTA CRIC FASE DE PROTOCOLIZACION | I5: VALORES DE REFERENCIA
B6: DESCRIPCIÓN | C6: UNIDAD | D6: CANTIDAD | E6: COSTO UNITARIO | F6: DÍAS | G6: TOTAL | I6: FUENTE 1 | L6: FUENTE 2 | O6: PROMEDIO DE REFERENCIA | P6: VARIACIÓN
I7: Proceso o página web | J7: Equivalencia | K7: Valor Unitario | L7: Proceso o página web | M7: Equivalencia | N7: Valor Unitario
B8: Viaticos Equipo Bogota (hospedaje por 3 dias) | C8: VIATICOS | D8: 7 | E8: 140000 | F8: 3 | G8: 2940000 | I8: =OTRAS_REF_HOSPED!C5 -> Booking.com | K8: =124700+23700 -> 148400 | L8: =OTRAS_REF_HOSPED!C24 -> DESPEGAR.COM | N8: 148285 | O8: =AVERAGE(K8,N8) -> 148342.5 | P8: =E8/O8-1 -> -0.056238098

Sheet OTRAS_REF_HOSPED
B2: OTROS PROCESOS
B4: IDENTIFICACION | C4: PÁGINA WEB | D4: FECHA DE CONSULTA | E4: LINK
B5: 1 | C5: Booking.com | D5: 45358 | E5: https://www.booking.com/hotel/co/abitare56.es.html?label=city-bogota-PbTpHElwOE3GErj7zkvBxgS139966993611%3Apl%3Ata%3Ap1%3Ap2%3Aac%3Aap%3Aneg%3Afi%3Atikwd-6377791283%3Alp9198568%3Ali%3Adec%3Adm%3Appccp%3DUmFuZG9tSVYkc2RlIyh9YXdX6HrtnYy-4LJ4uqHDt4U&sid=1587734b4098ea317f97e6fc2e31aa74&aid=379401&ucfs=1&arphpl=1&checkin=2025-04-05&checkout=2025-04-06&dest_id=-578472&dest_type=city&group_adults=1&req_adults=1&no_rooms=1&group_children=0&req_children=0&hpos=12&hapos=12&sr_order=popularity&nflt=ht_id%3D204%3Bdi%3D4135%3Bdi%3D7583&srpvid=96f30c088589032c&srepoch=1741658012&all_sr_blocks=27849408_362371390_1_2_0&highlighted_blocks=27849408_362371390_1_2_0&matching_block_id=27849408_362371390_1_2_0&sr_pri_blocks=27849408_362371390_1_2_0__12468900&from=searchresults
B23: IDENTIFICACION | C23: PÁGINA WEB | D23: FECHA DE CONSULTA | E23: LINK
B24: 2 | C24: DESPEGAR.COM | D24: 45723 | E24: https://www.despegar.com.co/hoteles/hl/854/z183210/i1/hoteles-en-centro-bogota
B26: BUSCAR HOSPEDAJE EN BOGOTA. PONER PRECIO E IMAGEN

Sheet 5.1 Comparativo_Viáticos
B2: COMPARATIVO ALIMENTACIÓN
B4: PROPUESTA PCA | I4: VALORES DE REFERENCIA
I5: FUENTE 1 | M5: FUENTE 2 | Q5: Promedio de Referencia | R5: Variación
B6: FASE DE PRECONSULTA. Actividad 5 | C6: Unidad de Medida | D6: Personas | E6: Valor unitario | F6: Días | G6: Valor Total | I6: Proceso | J6: Equivalencia | K6: Valor total | L6: Variación | M6: Proceso | N6: Equivalencia | O6: Valor Total | P6: Variación
B7: ='PPTO Detallado PCA AJUSTADO'!C75 -> Cinco (5), días de Hospedaje con acomodación individual, Transporte terrestre municipal interno y Alimentacion (Desayunos, Almuerzos y Cenas) para un (1) dia de llegada, un (1) dia de salida y (Desayunos y Cenas) para los tres (3) dias de sesion, para los y las delegado(a) del ENCP para un total de cuarenta y ocho (48) , deberá respetarse la decisión individual de cada delegado(a) respecto al lugar donde desee hospedarse, Alimentarse y Transportarse garantizando un entorno adecuado para su comodidad y seguridad | C7: ='PPTO Detallado PCA AJUSTADO'!D75 -> PERSONA | D7: ='PPTO Detallado PCA AJUSTADO'!E75 -> 48 | E7: ='PPTO Detallado PCA AJUSTADO'!F75 -> 500000 | F7: ='PPTO Detallado PCA AJUSTADO'!G75 -> 5 | G7: ='PPTO Detallado PCA AJUSTADO'!H75 -> 120000000 | I7: ='5.2 Fuentes_Viáticos'!$D$15 -> MJD-CD-892-2024 | J7: Se toman los valores unitarios de Hospedaje, alimentación y transporte interno y se calcula el valor total del costo, teniendo en cuenta la descripción relacionada: Se toman 5 días de hospedaje, 5 desayunos, 2 almuerzos, 5 cenas, y transporte interno para 5 días. Lo anterior para 48 personas | K7: =('5.2 Fuentes_Viáticos'!G21*5+'5.2 Fuentes_Viáticos'!G23*5+'5.2 Fuentes_Viáticos'!G25*2+'5.2 Fuentes_Viáticos'!G27*5+'5.2 Fuentes_Viáticos'!G22*5)*48 -> 110007696 | L7: =G7/K7-1 -> 0.090832772 | M7: ='4.2 Fuentes_Transporte'!$D$5 -> CD-399-2024. | N7: Hospedaje, Alimentación y Transporte interno (Delegados/as). Lo anterior para 5 días por 48 personas | O7: ='4.2 Fuentes_Transporte'!O11*5*48 -> 130961280 | P7: =G7/O7-1 -> -0.083698632 | Q7: =ROUND(AVERAGE(K7,O7),0) -> 120484488 | R7: =G7/Q7-1 -> -0.0040211649
B8: ='PPTO Detallado PCA AJUSTADO'!C76 -> Cinco (5), días de Hospedaje con acomodación individual, Transporte terrestre municipal interno y Alimentacion (Desayunos, Almuerzos y Cenas) para un (1) dia de llegada, un (1) dia de salida y (Desayunos y Cenas) para los tres (3) dias de sesion para cinco (5) integrantes del equipo asesor de expertos, cinco (5) integrantes del equipo asesor técnico del ENCP y diez (10) integrantes del equipo administrativo del PCA, para un total de veinte (20) personas. deberá respetarse la decisión individual respecto al lugar donde desee hospedarse, Alimentarse y Transportarse garantizando un entorno adecuado para su comodidad y seguridad | C8: ='PPTO Detallado PCA AJUSTADO'!D76 -> PERSONA | D8: ='PPTO Detallado PCA AJUSTADO'!E76 -> 20 | E8: ='PPTO Detallado PCA AJUSTADO'!F76 -> 400000 | F8: ='PPTO Detallado PCA AJUSTADO'!G76 -> 5 | G8: ='PPTO Detallado PCA AJUSTADO'!H76 -> 40000000 | I8: ='5.2 Fuentes_Viáticos'!$D$15 -> MJD-CD-892-2024 | J8: Se toman los valores unitarios de Hospedaje, alimentación y transporte interno y se calcula el valor total del costo, teniendo en cuenta la descripción relacionada: Se toman 5 días de hospedaje, 5 desayunos, 2 almuerzos, 5 cenas, y transporte interno para 5 días. Lo anterior para 20 personas | K8: =('5.2 Fuentes_Viáticos'!G21*5+'5.2 Fuentes_Viáticos'!G23*5+'5.2 Fuentes_Viáticos'!G25*2+'5.2 Fuentes_Viáticos'!G27*5+'5.2 Fuentes_Viáticos'!G22*5)*20 -> 45836540 | L8: =G8/K8-1 -> -0.12733378 | M8: ='4.2 Fuentes_Transporte'!$D$5 -> CD-399-2024. | N8: Hospedaje, Alimentación y Transporte interno (Delegados/as). Lo anterior para 5 días por 20 personas | O8: ='4.2 Fuentes_Transporte'!O11*5*20 -> 54567200 | P8: =G8/O8-1 -> -0.26695891 | Q8: =ROUND(AVERAGE(K8,O8),0) -> 50201870 | R8: =G8/Q8-1 -> -0.20321693
B10: PROPUESTA PCA
I11: FUENTE 1 | M11: FUENTE 2 | Q11: Promedio de Referencia | R11: Variación
B12: FASE DE CONSULTA PREVIA. Actividades 8 a 45 | C12: Unidad de Medida | D12: Personas | E12: Valor unitario | F12: Días | G12: Valor Total | I12: Proceso | J12: Equivalencia | K12: Valor total | L12: Variación | M12: Proceso | N12: Equivalencia | O12: Valor Total | P12: Variación
B13: Tres (3), Hospedaje con acomodación individual, Transporte terrestre municipal interno y Alimentacion (Desayunos, Almuerzos y Cenas) para un (1) dia de llegada, un (1) dia de salida y (Desayunos y Cenas) para un (1) dia de sesion para Tres (3) Equipo Administrativo PCA, el hospedaje deberá garantizar condiciones de descanso digno, comodidad y seguridad durante su participación en las actividades programadas. | C13: PERSONA | D13: 3 | E13: 400000 | F13: 3 | G13: 3600000 | I13: ='5.2 Fuentes_Viáticos'!$D$15 -> MJD-CD-892-2024 | J13: Se toman los valores unitarios de Hospedaje, alimentación y transporte interno y se calcula el valor total del costo, teniendo en cuenta la descripción relacionada: Se toman 3 días de hospedaje, 3 desayunos, 2 almuerzos, 3 cenas, y transporte interno para 3 días. Lo anterior para 3 personas | K13: =('5.2 Fuentes_Viáticos'!G21*3+'5.2 Fuentes_Viáticos'!G23*3+'5.2 Fuentes_Viáticos'!G25*2+'5.2 Fuentes_Viáticos'!G27*3+'5.2 Fuentes_Viáticos'!G22*3)*3 -> 4282443 | L13: =G13/K13-1 -> -0.15935834 | M13: ='4.2 Fuentes_Transporte'!$D$5 -> CD-399-2024. | N13: Hospedaje, Alimentación y Transporte interno (Delegados/as). Lo anterior para 3 días por 3 personas | O13: ='4.2 Fuentes_Transporte'!O11*3*3 -> 4911048 | P13: =G13/O13-1 -> -0.26695891 | Q13: =ROUND(AVERAGE(K13,O13),0) -> 4596746 | R13: =G13/Q13-1 -> -0.2168373
B14: FASE DE CONSULTA PREVIA. Actividades 12, 13, 14, 17, 18, 19, 20, 21, 23, 25, 26, 27, 28, 29, 31, 32, 35, 36, 37, 38, 39, 40, 42, 44, 45 ASAMBLEAS TERRITORIRALES | C14: Unidad de Medida | D14: Personas | E14: Valor unitario | F14: Días | G14: Valor Total | I14: Proceso | J14: Equivalencia | K14: Valor total | L14: Variación | M14: Proceso | N14: Equivalencia | O14: Valor Total | P14: Variación | Q14: Promedio de Referencia | R14: Variación
B15: Tres (3), día de Hospedaje con acomodación individual, Transporte terrestre municipal interno y Alimentacion (Desayunos, Almuerzos y Cenas) para un (1) dia de llegada, un (1) dia de salida y (Desayunos y Cenas) para un (1) dia de sesion, para cincuenta(50) personas de las comunidades Negras, Afrocolombianas, Raizales y Palenqueras del territorio , deberá respetarse la decisión individual de cada persona respecto al lugar donde desee hospedarse, Alimentarse y Transportarse garantizando un entorno adecuado para su comodidad y seguridad. | C15: PERSONA | D15: 50 | E15: 500000 | F15: 3 | G15: 75000000 | I15: ='5.2 Fuentes_Viáticos'!$D$15 -> MJD-CD-892-2024 | J15: Se toman los valores unitarios de Hospedaje, alimentación y transporte interno y se calcula el valor total del costo, teniendo en cuenta la descripción relacionada: Se toman 3 días de hospedaje, 3 desayunos, 2 almuerzos, 3 cenas, y transporte interno para 3 días. Lo anterior para 50 personas | K15: =('5.2 Fuentes_Viáticos'!G21*3+'5.2 Fuentes_Viáticos'!G23*3+'5.2 Fuentes_Viáticos'!G25*2+'5.2 Fuentes_Viáticos'!G27*3+'5.2 Fuentes_Viáticos'!G22*3)*50 -> 71374050 | L15: =G15/K15-1 -> 0.050802077 | M15: ='4.2 Fuentes_Transporte'!$D$5 -> CD-399-2024. | N15: Hospedaje, Alimentación y Transporte interno (Delegados/as). Lo anterior para 3 días por 50 personas | O15: ='4.2 Fuentes_Transporte'!O11*3*50 -> 81850800 | P15: =G15/O15-1 -> -0.083698632 | Q15: =ROUND(AVERAGE(K15,O15),0) -> 76612425 | R15: =G15/Q15-1 -> -0.021046521
B16: FASE DE CONSULTA PREVIA. Actividades 15, 16 y 41 Aasamblea departamental | C16: Unidad de Medida | D16: Personas | E16: Valor unitario | F16: Días | G16: Valor Total | I16: Proceso | J16: Equivalencia | K16: Valor total | L16: Variación | M16: Proceso | N16: Equivalencia | O16: Valor Total | P16: Variación | Q16: Promedio de Referencia | R16: Variación
B17: Tres (3), día de Hospedaje con acomodación individual, Transporte terrestre municipal interno y Alimentacion (Desayunos, Almuerzos y Cenas) para un (1) dia de llegada, un (1) dia de salida y (Desayunos y Cenas) para un (1) dia de sesion, para sesenta (60) personas de las comunidades Negras, Afrocolombianas, Raizales y Palenqueras del territorio , deberá respetarse la decisión individual de cada persona respecto al lugar donde desee hospedarse, Alimentarse y Transportarse garantizando un entorno adecuado para su comodidad y seguridad. | C17: PERSONA | D17: 60 | E17: 500000 | F17: 3 | G17: 90000000 | I17: ='5.2 Fuentes_Viáticos'!$D$15 -> MJD-CD-892-2024 | J17: Se toman los valores unitarios de Hospedaje, alimentación y transporte interno y se calcula el valor total del costo, teniendo en cuenta la descripción relacionada: Se toman 3 días de hospedaje, 3 desayunos, 2 almuerzos, 3 cenas, y transporte interno para 3 días. Lo anterior para 60 personas | K17: =('5.2 Fuentes_Viáticos'!G21*3+'5.2 Fuentes_Viáticos'!G23*3+'5.2 Fuentes_Viáticos'!G25*2+'5.2 Fuentes_Viáticos'!G27*3+'5.2 Fuentes_Viáticos'!G22*3)*60 -> 85648860 | L17: =G17/K17-1 -> 0.050802077 | M17: ='4.2 Fuentes_Transporte'!$D$5 -> CD-399-2024. | N17: Hospedaje, Alimentación y Transporte interno (Delegados/as). Lo anterior para 3 días por 60 personas | O17: ='4.2 Fuentes_Transporte'!O11*3*60 -> 98220960 | P17: =G17/O17-1 -> -0.083698632 | Q17: =ROUND(AVERAGE(K17,O17),0) -> 91934910 | R17: =G17/Q17-1 -> -0.021046521
B18: FASE DE CONSULTA PREVIA. Actividades 9 y 30 Aasamblea departamental | C18: Unidad de Medida | D18: Personas | E18: Valor unitario | F18: Días | G18: Valor Total | I18: Proceso | J18: Equivalencia | K18: Valor total | L18: Variación | M18: Proceso | N18: Equivalencia | O18: Valor Total | P18: Variación | Q18: Promedio de Referencia | R18: Variación
B19: Tres (3), día de Hospedaje con acomodación individual, Transporte terrestre municipal interno y Alimentacion (Desayunos, Almuerzos y Cenas) para un (1) dia de llegada, un (1) dia de salida y (Desayunos y Cenas) para un (1) dia de sesion, para setenta(70) personas de las comunidades Negras, Afrocolombianas, Raizales y Palenqueras del territorio , deberá respetarse la decisión individual de cada persona respecto al lugar donde desee hospedarse, Alimentarse y Transportarse garantizando un entorno adecuado para su comodidad y seguridad. | C19: PERSONA | D19: 70 | E19: 500000 | F19: 3 | G19: 105000000 | I19: ='5.2 Fuentes_Viáticos'!$D$15 -> MJD-CD-892-2024 | J19: Se toman los valores unitarios de Hospedaje, alimentación y transporte interno y se calcula el valor total del costo, teniendo en cuenta la descripción relacionada: Se toman 3 días de hospedaje, 3 desayunos, 2 almuerzos, 3 cenas, y transporte interno para 3 días. Lo anterior para 70 personas | K19: =('5.2 Fuentes_Viáticos'!G21*3+'5.2 Fuentes_Viáticos'!G23*3+'5.2 Fuentes_Viáticos'!G25*2+'5.2 Fuentes_Viáticos'!G27*3+'5.2 Fuentes_Viáticos'!G22*3)*70 -> 99923670 | L19: =G19/K19-1 -> 0.050802077 | M19: ='4.2 Fuentes_Transporte'!$D$5 -> CD-399-2024. | N19: Hospedaje, Alimentación y Transporte interno (Delegados/as). Lo anterior para 3 días por 70 personas | O19: ='4.2 Fuentes_Transporte'!O11*3*70 -> 114591120 | P19: =G19/O19-1 -> -0.083698632 | Q19: =ROUND(AVERAGE(K19,O19),0) -> 107257395 | R19: =G19/Q19-1 -> -0.021046521
B20: FASE DE CONSULTA PREVIA. Actividades 8, 10 y 11 Aasamblea departamental | C20: Unidad de Medida | D20: Personas | E20: Valor unitario | F20: Días | G20: Valor Total | I20: Proceso | J20: Equivalencia | K20: Valor total | L20: Variación | M20: Proceso | N20: Equivalencia | O20: Valor Total | P20: Variación | Q20: Promedio de Referencia | R20: Variación
B21: Tres (3), día de Hospedaje con acomodación individual, Transporte terrestre municipal interno y Alimentacion (Desayunos, Almuerzos y Cenas) para un (1) dia de llegada, un (1) dia de salida y (Desayunos y Cenas) para un (1) dia de sesion, para ochenta (80) personas de las comunidades Negras, Afrocolombianas, Raizales y Palenqueras del territorio , deberá respetarse la decisión individual de cada persona respecto al lugar donde desee hospedarse, Alimentarse y Transportarse garantizando un entorno adecuado para su comodidad y seguridad. | C21: PERSONA | D21: 80 | E21: 500000 | F21: 3 | G21: 120000000 | I21: ='5.2 Fuentes_Viáticos'!$D$15 -> MJD-CD-892-2024 | J21: Se toman los valores unitarios de Hospedaje, alimentación y transporte interno y se calcula el valor total del costo, teniendo en cuenta la descripción relacionada: Se toman 3 días de hospedaje, 3 desayunos, 2 almuerzos, 3 cenas, y transporte interno para 3 días. Lo anterior para 70 personas | K21: =('5.2 Fuentes_Viáticos'!G21*3+'5.2 Fuentes_Viáticos'!G23*3+'5.2 Fuentes_Viáticos'!G25*2+'5.2 Fuentes_Viáticos'!G27*3+'5.2 Fuentes_Viáticos'!G22*3)*80 -> 114198480 | L21: =G21/K21-1 -> 0.050802077 | M21: ='4.2 Fuentes_Transporte'!$D$5 -> CD-399-2024. | N21: Hospedaje, Alimentación y Transporte interno (Delegados/as). Lo anterior para 3 días por 80 personas | O21: ='4.2 Fuentes_Transporte'!O11*3*80 -> 130961280 | P21: =G21/O21-1 -> -0.083698632 | Q21: =ROUND(AVERAGE(K21,O21),0) -> 122579880 | R21: =G21/Q21-1 -> -0.021046521
B22: FASE DE CONSULTA PREVIA. Actividades 22, Cauca, 24 Chocó, 33 Nariño, 34. Norte dde Santander 43 Valle del Cauca Aasamblea departamental | C22: Unidad de Medida | D22: Personas | E22: Valor unitario | F22: Días | G22: Valor Total | I22: Proceso | J22: Equivalencia | K22: Valor total | L22: Variación | M22: Proceso | N22: Equivalencia | O22: Valor Total | P22: Variación | Q22: Promedio de Referencia | R22: Variación
B23: Tres (3), día de Hospedaje con acomodación individual, Transporte multimodal municipal interno y Alimentacion (Desayunos, Almuerzos y Cenas) para un (1) dia de llegada, un (1) dia de salida y (Desayunos y Cenas) para un (1) dia de sesion, para cien (100) personas de las comunidades Negras, Afrocolombianas, Raizales y Palenqueras del territorio , deberá respetarse la decisión individual de cada persona respecto al lugar donde desee hospedarse, Alimentarse y Transportarse garantizando un entorno adecuado para su comodidad y seguridad. Nota: se debe tomar en cuenta que estos desplazamientos territoriales se causan desde las diferente condiciones geograficas y de accesibilidad para llegar al lugar convocado, en la mayoria de los casos son de dificil acceso o distancias prolongadas (Zonas Rurales) de los diferentes municipios que requieren de uno o varios medios de transporte (Fluviales, terretres y/o Aereos ) por participantes y en otros casos son de facil acceso y distancias cortas (Zonas Urbanas), lo que constituye una variacion significativa en los valores de dichos transporte por participantes. | C23: PERSONA | D23: 100 | E23: 755000 | F23: 3 | G23: 226500000 | I23: MJD-CD-892-2024 y CD-399-2024 | J23: Del proceso MJD-CD-892-2024 se toman los valores unitarios de Hospedaje y alimentación. Del proceso CD-399-2024 se toma el valor del transporte multimodal. Se calcula el valor total del costo, teniendo en cuenta la descripción relacionada: Se toman 3 días de hospedaje, 3 desayunos, 2 almuerzos, 3 cenas, y transporte multimodal ida y regreso . Lo anterior para 100 personas | K23: =('5.2 Fuentes_Viáticos'!G21*3+'5.2 Fuentes_Viáticos'!G23*3+'5.2 Fuentes_Viáticos'!G25*2+'5.2 Fuentes_Viáticos'!G27*3+'4.2 Fuentes_Transporte'!N12)*100 -> 266179200 | L23: =G23/K23-1 -> -0.1490695 | M23: MJD-LP-001-2025, MSPS-CD-1539-2024 y MC-CI-3882-2024 | N23: Del proceso MJD-LP-001-2025 se toman los valores unitarios de almuerzo y cena (Almuerzo o cena tipo empresarial). Del proceso MSPS-CD-1539-2024 se toma el valor del hospedaje (que incluye desayuno). Finalmente, del proceso MC-CI-3882-2024 se toma el valor del transporte multimodal promedio contratado. Se calcula el valor total del costo, teniendo en cuenta la descripción relacionada: Se toman 3 días de hospedaje, 3 desayunos, 2 almuerzos, 3 cenas, y transporte multimodal ida y regreso . Lo anterior para 100 personas | O23: =('5.2 Fuentes_Viáticos'!I89*3+'5.2 Fuentes_Viáticos'!F102*2+'5.2 Fuentes_Viáticos'!F102*3+'5.2 Fuentes_Viáticos'!I59)*100 -> 2.3969926e+08 | P23: =G23/O23-1 -> -0.055065908 | Q23: =ROUND(AVERAGE(K23,O23),0) -> 252939229 | R23: =G23/Q23-1 -> -0.10452799
B28: PROPUESTA PCA
I29: FUENTE 1 | M29: FUENTE 2 | Q29: Promedio de Referencia | R29: Variación
B30: FASE DE PROTOCOLIZACION. Actividad 47 | C30: Unidad de Medida | D30: Personas | E30: Valor unitario | F30: Días | G30: Valor Total | I30: Proceso | J30: Equivalencia | K30: Valor total | L30: Variación | M30: Proceso | N30: Equivalencia | O30: Valor Total | P30: Variación
B31: Cuatro (4), días de Hospedaje con acomodación individual, Transporte terrestre municipal interno y Alimentacion (Desayunos, Almuerzos y Cenas) para un (1) dia de llegada, un (1) dia de salida y (Desayunos y Cenas) para los dos (2) dias de sesion para cinco (5) integrantes del equipo asesor de expertos, cinco (5) integrantes del equipo asesor técnico del ENCP y diez (10) integrantes del equipo administrativo del PCA, para un total de veinte (20) personas. deberá respetarse la decisión individual respecto al lugar donde desee hospedarse, Alimentarse y Transportarse garantizando un entorno adecuado para su comodidad y seguridad | C31: PERSONA | D31: 20 | E31: 400000 | F31: 4 | G31: 32000000 | I31: ='5.2 Fuentes_Viáticos'!$D$15 -> MJD-CD-892-2024 | J31: Se toman los valores unitarios de Hospedaje, alimentación y transporte interno y se calcula el valor total del costo, teniendo en cuenta la descripción relacionada: Se toman 4 días de hospedaje, 4 desayunos, 2 almuerzos, 4 cenas, y transporte interno para 4 días. Lo anterior para 20 personas | K31: =('5.2 Fuentes_Viáticos'!G21*4+'5.2 Fuentes_Viáticos'!G23*4+'5.2 Fuentes_Viáticos'!G25*2+'5.2 Fuentes_Viáticos'!G27*4+'5.2 Fuentes_Viáticos'!G22*4)*20 -> 37193080 | L31: =G31/K31-1 -> -0.1396249 | M31: ='4.2 Fuentes_Transporte'!$D$5 -> CD-399-2024. | N31: Hospedaje, Alimentación y Transporte interno (Delegados/as). Lo anterior para 4 días por 20 personas | O31: ='4.2 Fuentes_Transporte'!O11*4*20 -> 43653760 | P31: =G31/O31-1 -> -0.26695891 | Q31: =ROUND(AVERAGE(K31,O31),0) -> 40423420 | R31: =G31/Q31-1 -> -0.2083797
B32: FASE DE PROTOCOLIZACION. Actividad 46 | C32: Unidad de Medida | D32: Personas | E32: Valor unitario | F32: Días | G32: Valor Total | I32: Proceso | J32: Equivalencia | K32: Valor total | L32: Variación | M32: Proceso | N32: Equivalencia | O32: Valor Total | P32: Variación | Q32: Promedio de Referencia | R32: Variación
B33: Cuatro (4), días de Hospedaje con acomodación individual, Transporte terrestre municipal interno y Alimentacion (Desayunos, Almuerzos y Cenas) para un (1) dia de llegada, un (1) dia de salida y (Desayunos y Cenas) para los dos (2) dias de sesion, para los y las delegado(a) del ENCP para un total de doscientos treinta y siete (237) , deberá respetarse la decisión individual de cada delegado(a) respecto al lugar donde desee hospedarse, Alimentarse y Transportarse garantizando un entorno adecuado para su comodidad y seguridad | C33: PERSONA | D33: 237 | E33: 500000 | F33: 4 | G33: 474000000 | I33: ='5.2 Fuentes_Viáticos'!$D$15 -> MJD-CD-892-2024 | J33: Se toman los valores unitarios de Hospedaje, alimentación y transporte interno y se calcula el valor total del costo, teniendo en cuenta la descripción relacionada: Se toman 4 días de hospedaje, 4 desayunos, 2 almuerzos, 4 cenas, y transporte interno para 4 días. Lo anterior para 237 personas | K33: =('5.2 Fuentes_Viáticos'!G21*4+'5.2 Fuentes_Viáticos'!G23*4+'5.2 Fuentes_Viáticos'!G25*2+'5.2 Fuentes_Viáticos'!G27*4+'5.2 Fuentes_Viáticos'!G22*4)*237 -> 440737998 | L33: =G33/K33-1 -> 0.075468878 | M33: ='4.2 Fuentes_Transporte'!$D$5 -> CD-399-2024. | N33: Hospedaje, Alimentación y Transporte interno (Delegados/as). Lo anterior para 4 días por 237 personas | O33: ='4.2 Fuentes_Transporte'!O11*4*237 -> 517297056 | P33: =G33/O33-1 -> -0.083698632 | Q33: =ROUND(AVERAGE(K33,O33),0) -> 479017527 | R33: =G33/Q33-1 -> -0.010474621
B34: FASE DE PROTOCOLIZACION. Actividad 46 | C34: Unidad de Medida | D34: Personas | E34: Valor unitario | F34: Días | G34: Valor Total | I34: Proceso | J34: Equivalencia | K34: Valor total | L34: Variación | M34: Proceso | N34: Equivalencia | O34: Valor Total | P34: Variación | Q34: Promedio de Referencia | R34: Variación
B35: Cinco (5), días de Hospedaje con acomodación individual, Transporte terrestre municipal interno y Alimentacion (Desayunos, Almuerzos y Cenas) para un (1) dia de llegada, un (1) dia de salida y (Desayunos y Cenas) para los tres (3) dias de sesion para cinco (5) integrantes del equipo asesor de expertos, cinco (5) integrantes del equipo asesor técnico del ENCP y diez (10) integrantes del equipo administrativo del PCA, para un total de veinte (20) personas. deberá respetarse la decisión individual respecto al lugar donde desee hospedarse, Alimentarse y Transportarse garantizando un entorno adecuado para su comodidad y seguridad | C35: PERSONA | D35: 20 | E35: 400000 | F35: 5 | G35: 40000000 | I35: ='5.2 Fuentes_Viáticos'!$D$15 -> MJD-CD-892-2024 | J35: Se toman los valores unitarios de Hospedaje, alimentación y transporte interno y se calcula el valor total del costo, teniendo en cuenta la descripción relacionada: Se toman 5 días de hospedaje, 5 desayunos, 2 almuerzos, 5 cenas, y transporte interno para 5 días. Lo anterior para 20 personas | K35: =('5.2 Fuentes_Viáticos'!G21*5+'5.2 Fuentes_Viáticos'!G23*5+'5.2 Fuentes_Viáticos'!G25*2+'5.2 Fuentes_Viáticos'!G27*5+'5.2 Fuentes_Viáticos'!G22*5)*20 -> 45836540 | L35: =G35/K35-1 -> -0.12733378 | M35: ='4.2 Fuentes_Transporte'!$D$5 -> CD-399-2024. | N35: Hospedaje, Alimentación y Transporte interno (Delegados/as). Lo anterior para 5 días por 20 personas | O35: ='4.2 Fuentes_Transporte'!O11*5*20 -> 54567200 | P35: =G35/O35-1 -> -0.26695891 | Q35: =ROUND(AVERAGE(K35,O35),0) -> 50201870 | R35: =G35/Q35-1 -> -0.20321693
B36: FASE DE PROTOCOLIZACION. Actividad 46 | C36: Unidad de Medida | D36: Personas | E36: Valor unitario | F36: Días | G36: Valor Total | I36: Proceso | J36: Equivalencia | K36: Valor total | L36: Variación | M36: Proceso | N36: Equivalencia | O36: Valor Total | P36: Variación | Q36: Promedio de Referencia | R36: Variación
B37: Cinco (5), días de Hospedaje con acomodación individual, Transporte terrestre municipal interno y Alimentacion (Desayunos, Almuerzos y Cenas) para un (1) dia de llegada, un (1) dia de salida y (Desayunos y Cenas) para los tres (3) dias de sesion, para los y las delegado(a) del ENCP para un total de cuarenta y ocho (48) , deberá respetarse la decisión individual de cada delegado(a) respecto al lugar donde desee hospedarse, Alimentarse y Transportarse garantizando un entorno adecuado para su comodidad y seguridad | C37: PERSONA | D37: 48 | E37: 500000 | F37: 5 | G37: 120000000 | I37: ='5.2 Fuentes_Viáticos'!$D$15 -> MJD-CD-892-2024 | J37: Se toman los valores unitarios de Hospedaje, alimentación y transporte interno y se calcula el valor total del costo, teniendo en cuenta la descripción relacionada: Se toman 5 días de hospedaje, 5 desayunos, 2 almuerzos, 5 cenas, y transporte interno para 5 días. Lo anterior para 48 personas | K37: =('5.2 Fuentes_Viáticos'!G21*5+'5.2 Fuentes_Viáticos'!G23*5+'5.2 Fuentes_Viáticos'!G25*2+'5.2 Fuentes_Viáticos'!G27*5+'5.2 Fuentes_Viáticos'!G22*5)*48 -> 110007696 | L37: =G37/K37-1 -> 0.090832772 | M37: ='4.2 Fuentes_Transporte'!$D$5 -> CD-399-2024. | N37: Hospedaje, Alimentación y Transporte interno (Delegados/as). Lo anterior para 5 días por 48 personas | O37: ='4.2 Fuentes_Transporte'!O11*5*48 -> 130961280 | P37: =G37/O37-1 -> -0.083698632 | Q37: =ROUND(AVERAGE(K37,O37),0) -> 120484488 | R37: =G37/Q37-1 -> -0.0040211649

Sheet 5.2 Fuentes_Viáticos
B2: OTROS PROCESOS
B4: IDENTIFICACION | C4: ENTIDAD | D4: PROCESO | E4: CONTRATISTA | F4: AÑO | G4: MES FIRMA CONTRATO | H4: LINK
B5: 1 | C5: MINISTERIO DE MINAS Y ENERGIA | D5: CD-399-2024. | E5: ASOCIACION PROYECTO CULTURAL AFRODESCENDIENTE | F5: 2024 | H5: https://community.secop.gov.co/Public/Tendering/OpportunityDetail/Index?noticeUID=CO1.NTC.6749898&isFromPublicArea=True&isModal=true&asPopupView=true
B7: CONVOCATORIA A LA COMISION V DEL ESPACIO NACIONAL DE CONSULTA PREVIA (SEPTIEMBRE DE 2024)
B8: Sesión de la Comisión Quinta del ENCP con una duración de 4 dias así: 1 dia de llegada, 1 dia de salida de los/las delegado/as y 2 dias de trabajo efectivo (50 delegados/as, 10 Funcionarios/as y 10 personas Equipo PCA)
B10: ITEM( Bien o servicios) | C10: Nº De dias/meses | D10: Dias/meses | E10: Costo Unitario | F10: Cantidad | G10: Unidad de medida | H10: IVA | I10: % IVA | J10: Valor Unitario Incluido IVA | K10: Subtotal | L10: Valor Total Incluido IVA | M10: ACTUALIZADO | N10: Valor por día | O10: Valor por día por persona | Q10: VARIABLE UTILIZADA PARA ACTUALIZACION DE PRECIO | S10: VARIABLE UTILIZADA PARA ACTUALIZACION DE PRECIO | U10: VARIABLE UTILIZADA PARA ACTUALIZACION DE PRECIO
B11: Hospedaje, Alimentación y Transporte interno (Delegados/as) | C11: 4 | D11: Dias | E11: 500000 | F11: 50 | G11: Personas | H11: 0 | I11: 0 | J11: 500000 | K11: 100000000 | L11: 100000000 | M11: =ROUND(L11*(1+$T$11)*(1+$V$11),0) -> 109134480 | N11: =ROUND(M11/C11,0) -> 27283620 | O11: =ROUND(N11/F11,0) -> 545672 | Q11: IPC Total 2023 | R11: 0.0928 | S11: IPC Total 2024 | T11: 0.052 | U11: IPC a Junio 2025 | V11: 0.0374
B14: IDENTIFICACION | C14: ENTIDAD | D14: PROCESO | E14: CONTRATISTA | F14: AÑO | G14: MES FIRMA CONTRATO | H14: LINK
B15: 2 | C15: MINISTERIO DE JUSTICIA Y DEL DERECHO | D15: MJD-CD-892-2024 | E15: ASOCIACION PROYECTO CULTURAL AFRODESCENDIENTE | F15: 2024 | H15: https://community.secop.gov.co/Public/Tendering/OpportunityDetail/Index?noticeUID=CO1.NTC.7162524&isFromPublicArea=True&isModal=true&asPopupView=true
B18: DESAGREGACIÓN DE COSTOS UNITARIOS SESIÓN COMISIÓN SEXTA DEL ENCP
B19: ACTIVIDAD | C19: Costo Unitario | D19: No. | E19: Cantidad | F19: Costo Total | G19: ACTUALIZADO
B20: Costos de Delegados/as Comisión VI- ENCP para Hospedaje, Alimentaciòn y Transporte y traslado interno en la ciudad de la convocatoria (48 personas / 3 días) | C20: 500000 | D20: 4 | E20: 48 | F20: 96000000
B21: Hospedaje diario | C21: 231000 | G21: =ROUND(C21*(1+$T$11)*(1+$V$11),0) -> 252101
B22: Traslado interio de la ciudad | C22: 90000 | G22: =ROUND(C22*(1+$T$11)*(1+$V$11),0) -> 98221
B23: Desayuno | C23: 25000 | G23: =ROUND(C23*(1+$T$11)*(1+$V$11),0) -> 27284
B24: Refrigerio AM | C24: 22000 | G24: =ROUND(C24*(1+$T$11)*(1+$V$11),0) -> 24010
B25: Almuerzo | C25: 60000 | G25: =ROUND(C25*(1+$T$11)*(1+$V$11),0) -> 65481
B26: Refrigerio PM | C26: 22000 | G26: =ROUND(C26*(1+$T$11)*(1+$V$11),0) -> 24010
B27: Cena | C27: 50000 | G27: =ROUND(C27*(1+$T$11)*(1+$V$11),0) -> 54567
B32: IDENTIFICACION | C32: ENTIDAD | D32: PROCESO | E32: CONTRATISTA | F32: AÑO | G32: MES FIRMA CONTRATO | H32: LINK
B33: 2 | C33: Ministerio de Salud | D33: MSPS-CD-306-2023. | E33: CRIC | F33: 2023 | G33: Junio | H33: https://community.secop.gov.co/Public/Tendering/OpportunityDetail/Index?noticeUID=CO1.NTC.4481743&isFromPublicArea=True&isModal=true&asPopupView=true
E35: VR. UNITARIO ACTUALIZADO
B36: Transporte multimodal para los participantes en cada sesión - diplomado tecnologias propias e interculturales para la crianza de la vida (intensidad horaria 160) | C36: Valor unitario (trayecto) | D36: 384600 | E36: =ROUND(D36*(1+R11)*(1+T11)*(1+V11),0) -> 458682
B40: IDENTIFICACION | C40: ENTIDAD | D40: PROCESO | E40: CONTRATISTA | F40: AÑO | G40: MES FIRMA CONTRATO | H40: LINK
B41: 4 | C41: Ministerio de Justicia | D41: MJD-CD-627-2024 ONIC | E41: ONIC | F41: 2024 | G41: Agosto | H41: https://community.secop.gov.co/Public/Tendering/OpportunityDetail/Index?noticeUID=CO1.NTC.6519283
B44: DESCRIPCION | C44: UNIDAD DE MEDIDA | D44: CANTIDAD | E44: VALOR UNITARIO | F44: VR. UNITARIO ACTUALIZADO
B45: Transporte multimodal Ida | C45: Personas | D45: 35 | E45: 350000 | F45: =ROUND(E45*(1+T11)*(1+V11),0) -> 381971
B46: Transporte multimodal regreso | C46: Personas | D46: 35 | E46: 350000 | F46: =ROUND(E46*(1+T11)*(1+V11),0) -> 381971
B50: IDENTIFICACION | C50: ENTIDAD | D50: PROCESO | E50: CONTRATISTA | F50: AÑO | G50: MES FIRMA CONTRATO | H50: LINK
B51: 7 | C51: Ministerio de Cultura | D51: MC-CI-3882-2024 | E51: ONIC | F51: 2024 | G51: Julio | H51: https://community.secop.gov.co/Public/Tendering/OpportunityDetail/Index?noticeUID=CO1.NTC.6392642&isFromPublicArea=True&isModal=true&asPopupView=true
G53: ACTUALIZACION DE PRECIOS | L53: VARIABLE UTILIZADA PARA ACTUALIZACION DE PRECIO | N53: VARIABLE UTILIZADA PARA ACTUALIZACION DE PRECIO | P53: VARIABLE UTILIZADA PARA ACTUALIZACION DE PRECIO
B54: Descripción | C54: ASAMBLEA ORDINARIA ONIC I | G54: VR. UNITARIO ACTUALIZADO | L54: IPC Total 2023 | M54: 0.0928 | N54: IPC Total 2024 | O54: 0.052 | P54: IPC a Junio 2025 | Q54: 0.0374
C55: CANT. | D55: UNIDAD | E55: V. UNITARIO | F55: Valor Total
B56: Transporte multimodal | C56: 1 | D56: 140 | E56: 1000000 | F56: 140000000 | G56: =ROUND(E56*(1+$O$54)*(1+$Q$54),0) -> 1091345
B57: ENCUENTROS MACROREGIONALES
B58: Descripción | C58: MACRO NORTE | G58: VR. UNITARIO ACTUALIZADO
C59: CANT. | D59: UNIDAD | E59: V. UNITARIO | F59: Valor Total | I59: =AVERAGE(G56,G60,G63,G66,G69,G72,G76) -> 1060163.6
B60: Transporte Multimodal | C60: 1 | D60: 50 | E60: 900000 | F60: 45000000 | G60: =ROUND(E60*(1+$O$54)*(1+$Q$54),0) -> 982210
B61: Descripción | C61: MACRO AMAZONÍA | G61: VR. UNITARIO ACTUALIZADO
C62: CANT. | D62: UNIDAD | E62: V. UNITARIO | F62: Valor Total
B63: Transporte Multimodal | C63: 1 | D63: 50 | E63: 1500000 | F63: 75000000 | G63: =ROUND(E63*(1+$O$54)*(1+$Q$54),0) -> 1637017
B64: Descripción | C64: MACRO CENTRO | G64: VR. UNITARIO ACTUALIZADO
C65: CANT. | D65: UNIDAD | E65: V. UNITARIO | F65: Valor Total
B66: Transporte Multimodal | C66: 1 | D66: 50 | E66: 800000 | F66: 40000000 | G66: =ROUND(E66*(1+$O$54)*(1+$Q$54),0) -> 873076
B67: Descripción | C67: MACRO OCCIDENTE | G67: VR. UNITARIO ACTUALIZADO
C68: CANT. | D68: UNIDAD | E68: V. UNITARIO | F68: Valor Total
B69: Transporte Multimodal | C69: 1 | D69: 50 | E69: 800000 | F69: 40000000 | G69: =ROUND(E69*(1+$O$54)*(1+$Q$54),0) -> 873076
B70: Descripción | C70: MACRO ORINOQUIA | G70: VR. UNITARIO ACTUALIZADO
C71: CANT. | D71: UNIDAD | E71: V. UNITARIO | F71: Valor Total
B72: Transporte Multimodal | C72: 1 | D72: 50 | E72: 800000 | F72: 40000000 | G72: =ROUND(E72*(1+$O$54)*(1+$Q$54),0) -> 873076
B73: ASAMBLEA ORDINARIA ONIC II
B74: Descripción | C74: Encuentro técnico político para el cierre de la territorialización | G74: VR. UNITARIO ACTUALIZADO
C75: CANT. | D75: UNIDAD | E75: V. UNITARIO | F75: Valor Total
B76: Transporte Multimodal | C76: 1 | D76: 140 | E76: 1000000 | F76: 140000000 | G76: =ROUND(E76*(1+$O$54)*(1+$Q$54),0) -> 1091345
B83: IDENTIFICACION | C83: ENTIDAD | D83: PROCESO | E83: CONTRATISTA | F83: AÑO | G83: MES FIRMA CONTRATO | H83: Link
B84: 1 | C84: Ministerio de Salud | D84: MSPS-CD-1539-2024 | E84: ASOCIACION POR LOS DERECHOS DE LAS COMUNIDADES NEGRAS DE LA ZONA SUR ORIENTAL | F84: 2024 | H84: https://community.secop.gov.co/Public/Tendering/OpportunityDetail/Index?noticeUID=CO1.NTC.6840450&isFromPublicArea=True&isModal=true&asPopupView=true
B87: ENCUENTRO NACIONAL LGTBI - SAN BASILIO DE PALENQUE | I87: VR. UNITARIO ACTUALIZADO
B88: DESCRIPCION | C88: # PARTICIPANTES | D88: VALOR UNITARIO | E88: VALOR TOTAL | F88: # DIAS | G88: IVA | H88: VALOR TOTAL
B89: HOSPEDAJE POR 4 DIAS (Habitacion con servicio de internet, con cama doble, individual (300.000) incluido desayuno. ) | C89: 30 | D89: 300000 | E89: =+D89*C89 -> 9000000 | F89: 4 | G89: - | H89: =+F89*E89 -> 36000000 | I89: =ROUND(D89*(1+$O$54)*(1+$Q$54),0) -> 327403
B92: IDENTIFICACION | C92: ENTIDAD | D92: PROCESO | E92: CONTRATISTA | F92: AÑO | G92: MES FIRMA CONTRATO | H92: LINK
B93: 1 | C93: MINISTERIO DE JUSTICIA | D93: MJD-LP-001-2025 | E93: CENTURY | F93: 2025 | H93: https://community.secop.gov.co/Public/Tendering/OpportunityDetail/Index?noticeUID=CO1.NTC.7932794&isFromPublicArea=True&isModal=true&asPopupView=true
C95: Refrigerios Básicos: Producto de panadería (pastel de pollo o pastel de carne o pastel gloria o dedito de queso) + Bebida en caja, empaque en bolsa de papel y servilletas. (Incluido transporte en perímetro urbano).(EL VALOR UNITARIO CORRESPONDE AL VALOR POR PERSONA). * No está permitido el uso de plástico para empaques, los desechables deben ser aptos por acciones amigables con el medio ambiente. | D95: 1 | E95: 26250 | F95: 19819
C96: Refrigerios Básicos con fruta: Producto de panadería (pastel de pollo o pastel de carne o pastel gloria o dedito de queso) + Bebida en caja+ Fruta (mandarina o manzana verde o pera verde), empaque en bolsa de papel y servilletas. (Incluido transporte en perímetro urbano) (EL VALOR UNITARIO CORRESPONDE AL VALOR POR PERSONA). * No está permitido el uso de plástico para empaques, los desechables deben ser aptos por acciones amigables con el medio ambiente. | D96: 1 | E96: 31365 | F96: 23681
C97: Refrigerios Especiales 1: Sánduche de pollo o rosbif en pan baguete de 15 cm , sin lechuga, con vegetales a elección o Wrap de Pollo o carne sin lechuga+ vegetales a elección + Bebida (jugo en botella de vidrio) + Fruta (mandarina o manzana verde o pera verde) + Chocolatina de 6 grs. con empaque en bolsa de papel y servilletas, (Incluido transporte en perímetro Urbano ). * (EL VALOR UNITARIO CORRESPONDE AL VALOR POR PERSONA). * No está permitido el uso de plástico para empaques, los desechables deben ser aptos por acciones amigables con el medio ambiente. | D97: 1 | E97: 42035 | F97: 31736
C98: Desayuno tipo Americano: Café y Té, Jugo de frutas (dos variedades) Pan, tostadas, mermelada, mantequilla, leche, yogurt (mínimo dos variedades) y variedad de cereales (mínimo dos tipos de cereal), jamón (bajo en grasa dos piezas), (Variedad de quesos: emmental, mozarela, cheddar, gouda, provolone, Edam, ((mínimo tres piezas, mínimo dos variedades)). menaje (cristalería, vajilla en cerámica o porcelana) debe incluir, menaje pesado para el servicio y transporte en perímetro urbano ida y regreso. | D98: 1 | E98: 57516 | F98: 43425
C99: Desayuno tipo Brunch: Variedad de Jugos (naranja, mandarina, lulo, maracuyá), canasta de panes y croissants, Tortilla de huevos (de 65 grs. a 100 grs. ,caliente), fruta picada (papaya, melón, fresas de exportación partidas en dos), Bebida Caliente (café con leche, café negro, Té, Aromática, chocolate con leche) queso en rodajas: variedad de quesos: emmental, mozarela, cheddar, gouda, provolone, Edam, ((mínimo tres piezas, mínimo dos variedades)), jamón bajo en grasa (dos piezas), menaje (cristalería y vajilla en cerámica o porcelana, cubertería), samovar Var para mantener la comida caliente (los que sean necesarios),debe incluir menaje pesado (mesas y mantelería para estación de servicio) y transporte en perímetro urbano ida y regreso. | D99: 1 | E99: 71922 | F99: 54301
C100: Almuerzo o cena básico: Entrada, Plato Fuerte, Postre (fruta o chocolatina de 6 grs.), menaje (cristalería y vajilla en cerámica o porcelana, cubertería), menaje pesado (mesas y mantelería para estación de servicio), samovar Var para mantener la comida caliente (los que sean necesarios). Debe incluir transporte en perímetro Urbano ida y regreso. | D100: 1 | E100: 80156 | F100: 60518
C101: Almuerzo o cena para eventos itinerantes: 1 jugo en cajita, 150grs de proteína (pollo, carne o pescado), 100grs de papa, 100grs arroz, 40grs de grano, 1 porción de fruta (papaya, banano, fresas partidas en dos), postre (chocolatina de 6 grs. o brownie), empaque (debe ser ecológico, no se permite acopar o plástico), servilletas, cubiertos desechables biodegradables. Los almuerzos deben ser entregados calientes y debe incluir el transporte en perímetro urbano ida y regreso. | D101: 1 | E101: 70229 | F101: 53023
C102: Almuerzo o cena tipo empresarial: Proteína en entrada, plato fuerte (menú a seleccionar), ensalada (se deben presentar mínimo dos propuestas para elección), jugo y postre. Menaje (cristalería y vajilla en cerámica o porcelana, cubertería), menaje pesado (mesas y mantelería para servicio), debe incluir samovar Var para mantener la comida caliente; (los que sean necesarios) y transporte en perímetro urbano ida y regreso. | D102: 1 | E102: 93939 | F102: 70924
C103: Estación de café para 100 pax con galletas, agua (botellón), aromática, tinto, menaje pesado (mesas y mantelería para estación de servicio), menaje para atender al público (vasos de vidrio para el agua, vajilla de porcelana o cerámica), mezcladores, azúcar, splenda e instacream, debe incluir personal de servicio (Mínimo 2 meseros) y transporte en perímetro urbano (ida y regreso). La estación de café debe estar muy bien presentada y el azúcar, aromáticas, splenda e instacream deben estar en recipientes que permitan que la estación se vea organizada. (EL VALOR UNITARIO CORRESPONDE A LA ESTACIÓN COMPLETA PARA LAS 100 PAX NO AL VALOR POR PERSONA ) *No está permitido el uso de plástico para empaques, los desechables deben ser aptos por acciones amigables con el medio ambiente. | D103: 1 | E103: 2221460 | F103: 1677202

Sheet 6. GRUPO FOLCLORICO_ARMONIZ -->

Sheet 6.1 Comparativo_Grupo_Armoniz
B2: COMPARATIVO ALIMENTACIÓN
B4: PROPUESTA PCA | F4: VALORES DE REFERENCIA
F5: FUENTE 1 | J5: FUENTE 2 | N5: PROMEDIO DE REFERENCIA | O5: VARIACIÓN
C6: Unidad de Medida | D6: Valor unitario | F6: Proceso | G6: Equivalencia | H6: Valor Unitario | I6: Variación | J6: Proceso | K6: Equivalencia | L6: Valor Unitario | M6: Variación
B7: Un (1), grupo folclórico local o de expresión cultural con el objetivo de brindar armonización y ambientación cultural durante el desarrollo del evento o actividad. Este servicio busca enriquecer la experiencia de los asistentes mediante la presentación de manifestaciones artísticas y culturales propias de la región o comunidad. | C7: GRUPO | D7: 4000000 | F7: ='6.2 Fuentes_Grupo_Folclor'!$D$39 -> MS-SA-MC-010-2024 | G7: ='6.2 Fuentes_Grupo_Folclor'!$G$48 -> Presentación musical Grupo 5 | H7: ='6.2 Fuentes_Grupo_Folclor'!$H$49 -> 5893262 | I7: =D7/H7-1 -> -0.32125875 | J7: ='6.2 Fuentes_Grupo_Folclor'!$D$57 -> CI 001-2024 copia | K7: ='6.2 Fuentes_Grupo_Folclor'!$F$59 -> Presentación artística y cultural para actividad de cohesión grupal | L7: ='6.2 Fuentes_Grupo_Folclor'!G61 -> 7857683 | M7: =D7/L7-1 -> -0.49094409 | N7: =ROUND(AVERAGE(H7,L7),0) -> 6875473 | O7: =D7/N7-1 -> -0.41822184

Sheet 6.2 Fuentes_Grupo_Folclor
B2: OTROS PROCESOS
B6: IDENTIFICACION | C6: ENTIDAD | D6: PROCESO | E6: CONTRATISTA | F6: AÑO | G6: MES FIRMA CONTRATO | H6: LINK
B7: 1 | C7: MINISTERIO DE JUSTICIA Y DEL DERECHO | D7: MJD-CD-892-2024 | E7: ASOCIACION PROYECTO CULTURAL AFRODESCENDIENTE | F7: 2024 | H7: https://community.secop.gov.co/Public/Tendering/OpportunityDetail/Index?noticeUID=CO1.NTC.7162524&isFromPublicArea=True&isModal=true&asPopupView=true
B10: DESAGREGACIÓN DE COSTOS UNITARIOS SESIÓN COMISIÓN SEXTA DEL ENCP | K10: VARIABLE UTILIZADA PARA ACTUALIZACION DE PRECIO | M10: VARIABLE UTILIZADA PARA ACTUALIZACION DE PRECIO | O10: VARIABLE UTILIZADA PARA ACTUALIZACION DE PRECIO
B11: ACTIVIDAD | C11: Costo Unitario | D11: No. | E11: Cantidad | F11: Costo Total | G11: ACTUALIZADO | K11: IPC Total 2023 | L11: 0.0928 | M11: IPC Total 2024 | N11: 0.052 | O11: IPC a Junio 2025 | P11: 0.0374
B12: Armonización Cultural Sesion Comision VI - ENCP y Subcomisión de Mujeres | C12: 3000000 | D12: 1 | E12: 3 | F12: 9000000
B13: Costo de armonización cultural propia con elementos, prácticas y bebidas ancestrales | C13: 3000000 | G13: =ROUND(C13*(1+N11)*(1+P11),0) -> 3274034
B16: IDENTIFICACION | C16: ENTIDAD | D16: PROCESO | E16: CONTRATISTA | F16: AÑO | G16: MES FIRMA CONTRATO | H16: LINK
B17: 2 | C17: MINISTERIO DE AGRICULTURA Y DESARROLLO RURAL | D17: MADR-CD-610-2023 | E17: ASOCIACION PROYECTO CULTURAL AFRODESCENDIENTE | F17: 2023 | H17: https://community.secop.gov.co/Public/Tendering/OpportunityDetail/Index?noticeUID=CO1.NTC.5139485&isFromPublicArea=True&isModal=true&asPopupView=true
B20: PRODUCTOS | C20: CONCEPTO | D20: VALOR CONCEPTO | E20: PRESUPUESTO | F20: ACTUALIZADO | I20: VARIABLE UTILIZADA PARA ACTUALIZACION DE PRECIO | K20: VARIABLE UTILIZADA PARA ACTUALIZACION DE PRECIO | M20: VARIABLE UTILIZADA PARA ACTUALIZACION DE PRECIO
B21: 1. Acta de la sesion de capacitacion y diseño y construccion de instrumentos para la recoleccion de insumos en territorio con participacion del equipo tecnico de la Comision V. 2, Instrumentos diseñados para la recoleccion de insumos en territorio mediante la realizacion de las asambleas territoriales. 3. Registro fotografico de la sesion. 4. Listado de asistencia. 5. Registro Filmico. | C21: Transporte Aereo ida y regreso (delegados) | D21: 88200000 | E21: 500000000 | I21: IPC Total 2023 | J21: 0.0928 | K21: IPC Total 2024 | L21: 0.052 | M21: IPC a Junio 2025 | N21: 0.0374
C22: Transporte Aereo ida y regreso (Equipo tecnico y logistico) | D22: 88000000
C23: Hospedaje, alimentacion y Transporte interno (Equipo Tecnico y Logistico) | D23: 68000000
C24: Alimentacion | D24: 37490000
C25: Meseros | D25: 3000000
C26: Hospedaje, alimentacion y Transporte interno (delegados) | D26: 98000000
C27: Multimodal (delegados) | D27: 66310000
C28: Locacion | D28: 15000000
C29: Ayudas audiovisuales | D29: 5000000
C30: papeleria | D30: 8000000
C31: publicidad | D31: 7000000
C32: Registro Fotografico y video | D32: 6000000
C33: Armonizacion | D33: 4000000 | F33: =ROUND(D33*(1+J21)*(1+L21)*(1+N21),0) -> 4770486
C34: Relator/Relatora | D34: 6000000
B38: IDENTIFICACION | C38: ENTIDAD | D38: PROCESO | E38: CONTRATISTA | F38: AÑO | G38: MES FIRMA CONTRATO | H38: LINK
B39: 3 | C39: MUNICIPIO DE SORA | D39: MS-SA-MC-010-2024 | E39: FUNDACION SOÑANDO POR NUESTRO MUNDO | F39: 2024 | H39: https://community.secop.gov.co/Public/Tendering/OpportunityDetail/Index?noticeUID=CO1.NTC.7053477&isFromPublicArea=True&isModal=true&asPopupView=true
H44: ACTUALIZADO
G48: Presentación musical Grupo 5
G49: 5400000 | H49: =ROUND(G49*(1+L21)*(1+N21),0) -> 5893262
B56: IDENTIFICACION | C56: ENTIDAD | D56: PROCESO | E56: CONTRATISTA | F56: AÑO | G56: MES FIRMA CONTRATO | H56: LINK
B57: 4 | C57: Instituto Municipal De Cultura Y Ciudadanía de Apartadó, Antioquia – IMCCA | D57: CI 001-2024 copia | E57: ASOCIACION DE MUNICIPIOS DEL URABA NORTE - ASOURANOR | F57: 2024 | H57: https://community.secop.gov.co/Public/Tendering/OpportunityDetail/Index?noticeUID=CO1.NTC.7051632&isFromPublicArea=True&isModal=true&asPopupView=true
F59: Presentación artística y cultural para actividad de cohesión grupal
G60: ACTUALIZADO
F61: 7200000 | G61: =ROUND(F61*(1+L21)*(1+N21),0) -> 7857683

Sheet 7. KIT_HERRAMIENTAS

Sheet 7.1 Comparativo_Kit_Herrami
B2: COMPARATIVO ALIMENTACIÓN
B4: PROPUESTA PCA | F4: VALORES DE REFERENCIA
F5: FUENTE 1 | J5: FUENTE 2 | N5: PROMEDIO DE REFERENCIA | O5: VARIACIÓN
C6: Unidad de Medida | D6: Valor unitario | F6: Proceso | G6: Equivalencia | H6: Valor Unitario | I6: Variación | J6: Proceso | K6: Equivalencia | L6: Valor Unitario | M6: Variación
